Workbook

Sheet CAMBIOS
A2: CiP 1.12 CAMBIOS RESPECTO A CiP 1.11
A4: Todos los anuncios
C5: Identificador de Versión UBL - Valor "CODICE 2.05"
C6: Identificador de Perfil - Valor "CiP 1.12"
C7: La descripción de condiciones especiales de ejecución tienen longitud 400
C8: Se hace obligatorio indicar los datos de financiación europea (si hay financiación, fuente de financiación, localizador)
C9: Se hace obligatorio indicar el número previsto de operadores en los establecimientos de acuerdo marco
A11: Anuncio previo, de licitación, Pliegos, Adjudicación, Formalización, Renuncia/Desistimiento, Desierto
C12: Se añade Regulación armonizada/supera el umbral comunitario
C13: Se añade Marco legal nacional
C14: Se hace obligatorio indicar diretiva de aplicación excepto en contratos menores
C15: Se hace obligatorio indicar el Valor Estimado del Contrato excepto en contratos menores
C16: Se hace obligatorio indicar el subtipo de criterio de adjudicación
C17: Se hace obligatorio indicar el tipo de criterio de adjudicación
C18: Subtipo de criterio de adjudicación - cambian las listas de códigos
C19: Se debe indicar el tipo y descripción de las condiciones especiales de ejecución
C20: Se hace obligatorio indicar como se debe ofertar a los lotes
C21: Se hace obligatorio indicar el sistema de contratación
A24: Anuncio de formalización
C25: Se añade el número de recursos que se han presentado sobre la licitación en su conjunto
A28: Anuncio de Adjudicación y Formalización
C29: Se hace obligatorio indicar el número de ofertas recibidas de PYMES excepto en contratos menores
C30: Se hace obligatorio indicar si el contrato ha sido adjudicado a una PYME excepto en contratos menores

Sheet CiP1.12
C4: Perfil CiP 1.12
C6: Recoge las validaciones, listas de códigos y listas de identificadores sobre los anuncios que se pueden publicar en el perfil del contratante en la Plataforma de Contratación del Sector Público No incluye las validaciones al enviar los anuncios a Diarios Oficiales ni de edición del EVL por medio del servicio SetContractFolder.
C11: CiP 1.10 v.1 | D11: 42283 | E11: Nuevas validaciones y códigos para la publicación de contratos menores, y modificaciones de contratos
C12: CiP 1.10 v.2 | D12: 42445 | E12: Cambios en validaciones, lugar de ejecución es recomendado, se elimna la lista de clasificaciones de empresas obsoleta
C13: CiP 1.10 v.3 | D13: 42493 | E13: Nuevas validaciones
C14: CiP 1.11 v.1 | D14: 42698 | E14: Nuevas validaciones y elementos de información derivados de la adaptación de la Plataforma a los nuevos formularios normalizados del DOUE según directivas 2014/24/UE; 2014/23/UE; 2014/25/UE y 2009/81/CE
C15: CiP 1.11 v.2 | D15: 42860 | E15: En contratos menores y negociados sin publicidad no se puede indicar la fecha de presentación de solicitudes de participación
C16: CiP 1.11 v.3 | D16: 42912 | E16: Es obligatorio indicar el tipo de procedimiento en los documentos ContractAwardNotice Corregida errata en lugar de ejecución (obligatorio en todos los anuncios) Tipo de tramitación es obligatorio si es el primer anuncio y recomendado en otro caso en los docuemntos ContactAwardNotice Se actualizan GCs
C17: CiP 1.11 V.4 | D17: 43368 | E17: Se incluye la descripción de la justificación del proceso para el ATPV en anuncio de adjudicación, formalización, renuncia, desistimiento y desierto. Se corrige errata en nombre de componentes CODICE en importes base con y sin impuestos Se incluyen los tipos de procedimiento Simplificado y Licitación con negociación
C18: CiP 1.11 V.5 | D18: 43438 | E18: Se incluye la información adicional de acuerdos marco (para licitaciones establecimiento de acuerdo marco) Se corrige elemento CODICE en dirección del adjudicatario en anuncios de adjudicación y formalización
C19: CiP 1.11 V.6 | D19: 43607 | E19: Se corrige errata: el Plazo de formalización es opcional en contratos menores
C20: CiP 1.11 V.7 | D20: 43844 | E20: Se añade el campo de los anuncios Compra pública Innovadora Se añade gc en subtipo de contrato para los tipo de contratos patrimoniales Se actualiza la información sobre cardinalidad y obligatoriedad de los lotes CPV principal en función de tipo de contrato Objeto de contrato 400 como máximo si se envia a DOUE
C21: CiP 1.12 V.1 | D21: 44075 | E21: Se añaden nuevos campos: Regulación armonizada/supera el umbral comunitario, Marco legal nacional, número de recursos presentados, como se debe ofertar a los lotes Se hacen obligatorios: directiva de aplicación, valor estimado del contrato, número de ofertas recibidas de PYMES, si adjudicado es una PYME, subtipos de criterios Se cambiar referencias a GCs Se definen datos obligatorios de criterios de adjudicación, condiciones de ejecución
C22: CiP 1.12 V.2 | D22: 44183 | E22: Se indica en CAMBIOS que la descripción de condiciones especiales de ejecución tienen longitud 400
C23: CiP 1.12 V.3 | D23: 44503 | E23: Se actualizan los campos de financiación europea Se indica la obligatoriedad de informar el número esperado de operadores en los acuerdos marco
C26: Obligatoriedad de elementos de información
C27: Anuncio Previo
C28: Anunco de Licitación
C29: Pliegos
C30: Anuncio de Adjudicación
C31: Anuncio de Formalización
C32: Anuncio de Desierto
C33: Anuncio de Renuncia o Desistimiento
C34: Anuncio de Modificación de Contrato
C36: Lista de códigos
C37: Listas de códigos (otro fichero)
C38: Listas de identificadores
C39: Listas de identificadores (otro fichero)

Sheet Anuncio Previo
A1: DATO | F1: Cardinalidad | G1: Abierto Restringido Negociado con Publicidad Licitación con Negociación Negociado Sin Publicidad Dialógo Competitivo Normas Internas Basado en Acuerdo Marco Simplificado | H1: Mapeo CODICE | I1: Tipo de dato
A2: Identificador de Versión UBL | F2: 1 | G2: Obligatorio | H2: cbc:UBLVersionID | I2: xsd:string. Valor "CODICE 2.05"
A3: Identificador de Personalización | F3: 1 | G3: Obligatorio | H3: cbc:CustomizationID | I3: xsd:string. Valor "2.1"
A4: Identificador de Perfil | F4: 1 | G4: Obligatorio | H4: cbc:ProfileID | I4: xsd:string. Valor "CiP 1.12"
A5: Identificador de copia | F5: 0..1 | G5: Opcional | H5: cbc:CopyIndicator | I5: xsd:boolean
A6: Indicador de anuncio | F6: 1 | G6: Obligatorio | H6: cbc:ID | I6: xsd:String(200)
A7: Identificador Universal Único | F7: 0..1 | G7: Opcional | H7: cbc:UUID | I7: xsd:String(100)
A8: Número de Expediente | F8: 1 | G8: Obligatorio | H8: cbc:ContractFolderID | I8: xsd:string(50)
A9: Fecha de Emisión | F9: 1 | G9: Obligatorio | H9: cbc:IssueDate | I9: xsd:date
A10: Hora de Emisión | F10: 1 | G10: Obligatorio | H10: cbc:IssueTime | I10: xsd:time
A11: Fecha Prevista de Licitación | F11: 0..1 | G11: Opcional | H11: cbc:PlannedDate | I11: xsd:date
A12: Proyecto de compra | F12: 1 | G12: Obligatorio | H12: cac:ProcurementProject | I12: xsd:complexType
B13: Objeto del Contrato | F13: 1 | G13: Obligatorio | H13: cac:ProcurementProject/cbc:Name | I13: xsd:string(1700), 400 si se envia a DOUE
B14: valor estimado del contrato | F14: 1 | G14: Obligatorio | H14: cac:ProcurementProject/cac:BudgetAmount/cbc:EstimatedOverallContractAmount | I14: xsd:decimal. Máximo 10 enteros y 2 decimales
B15: Presupuesto base con impuestos | F15: 1 | G15: Obligatorio | H15: cac:ProcurementProject/cac:BudgetAmount/cbc:TotalAmount | I15: xsd:decimal. Máximo 10 enteros y 2 decimales
B16: Presupuesto base sin impuestos | F16: 1 | G16: Obligatorio | H16: cac:ProcurementProject/cac:BudgetAmount/cbc:TaxExclusiveAmount | I16: xsd:decimal. Máximo 10 enteros y 2 decimales
B17: Clasificación CPV | F17: 1..n | G17: Obligatorio | H17: cac:ProcurementProject/cac:RequiredCommodityClassification/cbc:ItemClassificationCode | I17: Valor en codelist CPV CPV principal en funcion del tipo de contrato: - tipo de contrato “Suministros” códigos CPV que comienzan con 0 hasta los que empiezan por 44 más los que comienzan con 48. - tipo de contrato “Obras” se corresponde con los CPV que empiezan por 45. - tipo de contrato “Servicios” se corresponde con los CPV que empiezan por 49 hasta los que comienzan con 98.
B18: Tipo de Contrato | F18: 1 | G18: Obligatorio | H18: cac:ProcurementProject/cbc:TypeCode | I18: Valor en codelist ContractCode
B19: Subtipo de contrato | F19: 0..1 | G19: Obligatorio dependiendo del tipo de contrato | H19: cac:ProcurementProject/cbc:SubTypeCode | I19: Valor en codelist GoodsContractCode; ServiceContractCode; WorksContractCode; PublicPrivateCollaborationContractTypeCode PatrimonialContractCode según el tipo de contrato
B20: Plazo de ejecución | F20: 0..1 | G20: Opcional | H20: cac:ProcurementProject/cac:PlannedPeriod | I20: xsd:complexType
C21: Fecha de Inicio | F21: 0..1 | G21: Fecha de Inicio y (Fecha final o Duración) | H21: cac:ProcurementProject/cac:PlannedPeriod/cbc:StartDate | I21: xsd:date
C22: Fecha Final | F22: 0..1 | G22: Fecha de Inicio y Fecha final | H22: cac:ProcurementProject/cac:PlannedPeriod/cbc:EndDate | I22: xsd:date
C23: Duración | F23: 0..1 | G23: Fecha de Inicio y Duración | H23: cac:ProcurementProject/cac:PlannedPeriod/cbc:DurationMeasure | I23: xsd:decimal. Máximo 17 dígitos enteros. No se aceptan decimales
B24: Lugar de ejecución | F24: 0..1 | G24: Obligatorio | H24: cac:ProcurementProject/cac:RealizedLocation | I24: xsd:complexType
C25: Código de Subentidad Nacional | F25: 0..1 | G25: Obligatorio si es España | H25: cac:ProcurementProject/cac:RealizedLocation/cbc:CountrySubentityCode | I25: Valor en codelist NUTS
C26: Subentidad Territorial | F26: 0..1 | G26: Obligatorio si es España | H26: cac:ProcurementProject/cac:RealizedLocation/cbc:CountrySubentity | I26: xsd:String. Máximo 50 caracteres - Texto de Código de Subentidad Nacional en gc NUTs
C27: País | F27: 0..1 | G27: Obligatorio si no es España y recomendado si lo es. | H27: cac:ProcurementProject/cac:RealizedLocation/cac:Address/cac:Country/cbc:IdentificationCode | I27: Valor en codelist CountryIdentificationCode
C28: Calle | F28: 0..1 | G28: Opcional | H28: cac:ProcurementProject/cac:RealizedLocation/cac:Address/cbc:AddressLine | I28: xsd:string. Máximo 220 caracteres
C29: Código Postal | F29: 0..1 | G29: Opcional | H29: cac:ProcurementProject/cac:RealizedLocation/cac:Address/cbc:PostalZone | I29: xsd:string. Máximo 5 caracteres numéricos si el país es España, en otro caso 32 máximo caracteres.
C30: Población | F30: 0..1 | G30: Opcional | H30: cac:ProcurementProject/cac:RealizedLocation/cac:Address/cbc:CityName | I30: xsd:string. Máximo 90 caracteres
B31: Extensión de Contrato | F31: 0..1 | H31: cac:ProcurementProject/cac:ContractExtension | I31: xsd:complexType
C32: Opciones | F32: 0..1 | G32: Opcional | H32: cac:ProcurementProject/cac:ContractExtension/cbc:OptionsDescription | I32: xsd:string. Máximo 256 caracteres
C33: Periodo de validez de las opciones | F33: 0..1 | G33: Opcional | H33: cac:ProcurementProject/cac:ContractExtension/cac:OptionValidityPeriod/cbc:Description | I33: xsd:string. Máximo 256 caracteres
A34: Lotes | F34: 0..n | G34: Obligatorio si hay lotes | H34: cac:ProcurementProjectLot | I34: xsd:complexType
B35: Número de lote | F35: 1 | G35: Obligatorio | H35: cac:ProcurementProjectLot/cbc:ID | I35: Máximo 3 caracteres numéricos
B36: Objeto | F36: 1 | G36: Obligatorio | H36: cac:ProcurementProjectLot/cac:ProcurementProject/cbc:Name | I36: xsd:string. Máximo 1700 caracteres
B37: Importe sin impuestos | F37: 1 | G37: Obligatorio | H37: cac:ProcurementProjectLot/cac:ProcurementProject/cac:BudgetAmount/cbc:TotalAmount | I37: xsd:decimal. Máximo 10 enteros y 2 decimales
B38: Importe con impuestos | F38: 1 | G38: Obligatorio | H38: cac:ProcurementProjectLot/cac:ProcurementProject/cac:BudgetAmount/cbc:TaxExclusiveAmount | I38: xsd:decimal. Máximo 10 enteros y 2 decimales
B39: Clasificación CPV | F39: 1 | G39: Obligatorio | H39: cac:ProcurementProjectLot/cac:ProcurementProject/cac:RequiredCommodityClassification/cbc:ItemClassificationCode | I39: Valor en codelist CPV
B40: Lugar de ejecución | F40: 0..1 | G40: Obligatorio | H40: cac:ProcurementProjectLot/cac:ProcurementProject/cac:RealizedLocation | I40: xsd:complexType
C41: Código de Subentidad Nacional | F41: 0..1 | G41: Obligatorio si es España | H41: cac:ProcurementProjectLot/cac:ProcurementProject/cac:RealizedLocation/cbc:CountrySubentityCode | I41: Valor en codelist NUTS
C42: Subentidad Territorial | F42: 0..1 | G42: Obligatorio si es España | H42: cac:ProcurementProjectLot/cac:ProcurementProject/cac:RealizedLocation/cbc:CountrySubentity | I42: xsd:String. Máximo 50 caracteres - Texto de Código de Subentidad Nacional en gc NUTs
C43: País | F43: 0..1 | G43: Obligatorio si no es España y recomendado si no lo es. | H43: cac:ProcurementProjectLot/cac:ProcurementProject/cac:RealizedLocation/cac:Address/cac:Country/cbc:IdentificationCode | I43: Valor en codelist CountryIdentificationCode
C44: Calle | F44: 0..1 | G44: Opcional | H44: cac:ProcurementProjectLot/cac:ProcurementProject/cac:RealizedLocation/cac:Address/cbc:AddressLine | I44: xsd:string. Máximo 220 caracteres
C45: Código Postal | F45: 0..1 | G45: Opcional | H45: cac:ProcurementProjectLot/cac:ProcurementProject/cac:RealizedLocation/cac:Address/cbc:PostalZone | I45: xsd:string. Máximo 5 caracteres numéricos si el país es España, en otro caso 32 máximo caracteres.
C46: Población | F46: 0..1 | G46: Opcional | H46: cac:ProcurementProjectLot/cac:ProcurementProject/cac:RealizedLocation/cac:Address/cbc:CityName | I46: xsd:string. Máximo 90 caracteres
A47: Entidad Adjudicadora | F47: 1 | G47: Obligatorio | H47: cac:ContractingParty | I47: xsd:complexType
B48: Nombre | F48: 1 | G48: Obligatorio | H48: cac:ContractingParty/cac:Party/cac:PartyName/cbc:Name | I48: xsd:string. Máximo 300 caracteres
B49: ID (schemeName=NIF) | F49: 1 | G49: Obligatorio | H49: cac:ContractingParty/cac:Party/cac:PartyIdentification/cbc:ID | I49: xsd:string. Máximo 200 caracteres
B50: ID (schemeName=ID_PLATAFORMA) | F50: 1 | G50: Obligatorio | H50: cac:ContractingParty/cac:Party/cac:PartyIdentification/cbc:ID | I50: xsd:string. Máximo 200 caracteres
B51: Tipo de Administración | F51: 1 | G51: Obligatorio | H51: cac:ContractingParty/cbc:ContractingPartyTypeCode | I51: Valor en codelist ContractingAuthorityCode
B52: Tipo de Entidad Adjudicadora | F52: 0..1 | G52: Opcional | H52: cac:ContractingParty/cac:Party/cac:PartyIdentification/cbc:ID | I52: xsd:string. Máximo 200 caracteres
B53: Sitio web | F53: 0..1 | G53: Opcional | H53: cac:ContractingParty/cac:Party/cbc:WebsiteURI | I53: xsd:string. Máximo 256 caracteres y debe cumplir patrón URL
B54: Dirección postal | F54: 0..1 | G54: Opcional | H54: cac:ContractingParty/cac:Party/cac:PostalAddress | I54: xsd:complexType
C55: Calle | F55: 0..1 | G55: Opcional | H55: cac:ContractingParty/cac:Party/cac:PostalAddress/cbc:AddressLine | I55: xsd:string. Máximo 220 caracteres
C56: Código Postal | F56: 0..1 | G56: Opcional | H56: cac:ContractingParty/cac:Party/cac:PostalAddress/cbc:PostalZone | I56: xsd:string. Máximo 5 caracteres numéricos si el país es España, en otro caso 32 máximo caracteres.
C57: Población | F57: 0..1 | G57: Opcional | H57: cac:ContractingParty/cac:Party/cac:PostalAddress/cbc:CityName | I57: xsd:string. Máximo 90 caracteres
C58: País | F58: 0..1 | G58: Opcional | H58: cac:ContractingParty/cac:Party/cac:PostalAddress/cac:Country/cbc:IdentificationCode | I58: Valor en codelist CountryIdentificationCode
B59: Contacto | F59: 0..1 | G59: Opcional | H59: cac:ContractingParty/cac:Party/cac:Contact | I59: xsd:complexType
C60: Nombre para contacto | F60: 0..1 | G60: Opcional | H60: cac:ContractingParty/cac:Party/cac:Contact/cbc:Name | I60: xsd:string. Máximo 300 caracteres
C61: Teléfono | F61: 0..1 | G61: Opcional | H61: cac:ContractingParty/cac:Party/cac:Contact/cbc:Telephone | I61: xsd:string con formato: Prefijo internacional (Opcional si número nacional): signo "+" y máximo 3 dígitos seguido de espacio en blanco. Número: de 9 a 13 dígitos si número nacional y hasta 50 dígitos si es internacional.
C62: Fax | F62: 0..1 | G62: Opcional | H62: cac:ContractingParty/cac:party/cac:Contact/cbc:Telefax | I62: xsd:string con formato: Prefijo internacional (Opcional si número nacional): signo "+" y máximo 3 dígitos seguido de espacio en blanco. Número: de 9 a 13 dígitos si número nacional y hasta 50 dígitos si es internacional.
C63: Correo Electrónico | F63: 0..1 | G63: Opcional | H63: cac:ContractingParty/cac:Party/cac:Contact/cbc:ElectronicMail | I63: xsd:string. Se valida que sea una dirección de correo electrónico correcta
B64: Responsable | F64: 0..1 | G64: Opcional | H64: cac:ContractingParty/cac:Party/cac:Person | I64: xsd:complexType
C65: Cargo | F65: 0..1 | G65: Opcional | H65: cac:ContractingParty/cac:Party/cac:Person/cbc:JobTitle | I65: xsd:string. Máximo 250 caracteres
A66: Proceso de licitación | F66: 0..1 | G66: Recomendado. Por defecto tipo de procedimiento Abierto | H66: cac:TenderingProcess | I66: xsd:complexType
B67: Tipo de procedimiento | F67: 1 | G67: Obligatorio si se indica proceso de licitación | H67: cac:TenderingProcess/cbc:ProcedureCode | I67: Valor en codelist TenderingProcessCode
B68: Sistema de contratación | F68: 0..1 | G68: Obligatorio | H68: cac:TenderingProcess/cbc:ContractingSystemCode | I68: Valor en codelist ContractingSystemTypeCode
B69: Tipo Tramitación | F69: 0..1 | G69: Opcional | H69: cac:TenderingProcess/cbc:UrgencyCode | I69: Valor en codelist DiligenceTypeCode
B70: Tramitación Gasto | F70: 0..1 | G70: Opcional | H70: cac:TenderingProcess/cbc:ExpenseCode | I70: Valor en codelist ExpenseTypeCode
B71: Presentación de la oferta | F71: 0..1 | G71: Opcional | H71: cac:TenderingProcess/cbc:SubmissionMethodCode | I71: Valor en codelist TenderDeliveryCode
B72: Regulación armonizada/supera el umbral comunitario | F72: 0..1 | G72: Obligatorio | H72: cac:TenderingProcess/cbc:OverThresholdIndicator | I72: xsd:boolean
B73: Información Acuerdo Marco | F73: 0.1 | G73: Obligatorio si establecimiento de acuerdo marco | H73: cac:TenderingProcess/cac:FrameworkAgreement
C74: Número Previsto de Operadores | F74: 0.1 | G74: Obligatorio si establecimiento de acuerdo marco | H74: cac:TenderingProcess/cac:FrameworkAgreement/cbc:ExpectedOperatorQuantity | I74: Valor entero Númerico.
C75: Duración | F75: 0.1 | G75: Opcional | H75: cac:TenderingProcess/cac:FrameworkAgreement | I75: xsd:decimal. Máximo 17 dígitos enteros. No se aceptan decimales
C76: Justificación | F76: 0.1 | G76: Opcional | H76: cac:TenderingProcess/cac:FrameworkAgreement | I76: xsd:string. Máximo 256 caracteres
C77: Frecuencia | F77: 0.1 | G77: Opcional | H77: cac:TenderingProcess/cac:FrameworkAgreement | I77: xsd:string. Máximo 256 caracteres
C78: Importe Medio de Contratos Subsiguientes | F78: 0.1 | G78: Opcional | H78: cac:ProcurementProject/cac:BudgetAmount/cbc:AverageSubsequentContractAmount | I78: xsd:decimal. Máximo 10 enteros y 2 decimales
B79: Se debe ofertar a | F79: 0..1 | G79: Obligatorio si lotes | H79: cac:TenderingProcess/cbc:PartPresentationCode | I79: Lista gc TenderPresentationCode
B80: Número de lotes a los que puede ofertar | F80: 0..1 | G80: Recomendado si hay lotes | H80: cac:TenderingProcess/cbc:MaximumLotPresentationQuantity | I80: xsd:integer. Máximo 999
B81: Número máximo de lotes que pueden adjudicarse a un licitador | F81: 0..1 | G81: Recomendado si hay lotes | H81: cac:TenderingProcess/cbc:MaximumTendererAwardedLotsQuantity | I81: xsd:integer. Máximo 999
B82: El poder adjudicador se reserva el derecho de adjudicar contratos que combinen los lotes o grupos siguientes | F82: 0..1 | G82: Recomendado si hay lotes | H82: cac:TenderingProcess/cbc:LotsCombinationContractingauthorityRights | I82: xsd:string. Máximo 400 caracteres
B83: Plazo de Obtención de Pliegos | F83: 0..1 | G83: Opcional | H83: cac:TenderingProcess/cac:DocumentAvailabilityPeriod | I83: xsd:complexType
C84: Fecha Final | F84: 0..1 | G84: Obligatorio si se indica plazo de obtención de pliegos | H84: cac:TenderingProcess/cac:DocumentAvailabilityPeriod/cbc:EndDate | I84: xsd:date
C85: Hora Final | F85: 0..1 | G85: Obligatorio si se indica plazo de obtención de pliegos | H85: cac:TenderingProcess/cac:DocumentAvailabilityPeriod/cbc:EndTime | I85: xsd:time
B86: Plazo de Presentación de Oferta | F86: 0..1 | G86: Opcional | H86: cac:TenderingProcess/cac:TenderSubmissionDeadlinePeriod | I86: xsd:complexType
C87: Fecha | F87: 0..1 | G87: Obligatorio si no se indica Observaciones | H87: cac:TenderingProcess/cac:TenderSubmissionDeadlinePeriod/cbc:EndDate | I87: xsd:date
C88: Hora | F88: 0..1 | G88: Obligatorio si no se indica Observaciones | H88: cac:TenderingProcess/cac:TenderSubmissionDeadlinePeriod/cbc:EndTime | I88: xsd:time
C89: Observaciones | F89: 0..1 | G89: Obligatorio si no se indica Fecha y Hora | H89: cac:TenderingProcess/cac:TenderSubmissionDeadlinePeriod/cbc:Description | I89: xsd:string. Máximo 550 caracteres
B90: Plazo de Presentación de Solicitudes de Participación | F90: 0..1 | G90: Opcional | H90: cac:TenderingProcess/cac:ParticipationRequestReceptionPeriod | I90: xsd:complexType
C91: Fecha | F91: 0..1 | G91: Obligatorio si se indica plazo de presentación de solicitudes | H91: cac:TenderingProcess/cac:ParticipationRequestReceptionPeriod/cbc:EndDate | I91: xsd:date
C92: Hora | F92: 0..1 | G92: Obligatorio si se indica plazo de presentación de solicitudes | H92: cac:TenderingProcess/cac:ParticipationRequestReceptionPeriod/cbc:EndTime | I92: xsd:time
B93: Eventos | F93: 0..n | G93: Opcional | H93: cac:TenderingProcess/cac:OpenTenderEvent | I93: xsd:complexType
C94: Tipo de evento | F94: 1 | G94: Obligatorio si se indica evento | H94: cac:TenderingProcess/cac:OpenTenderEvent/cbc:TypeCode | I94: Valor en codelist EventTypeCode
C95: Identificador | F95: 0..1 | G95: Recomendado | H95: cac:TenderingProcess/cac:OpenTenderEvent/cbc:IdentificationID | I95: xsd:string. Máximo 200 caracteres
C96: Fecha | F96: 0..1 | G96: Obligatorio si no se indica Descripción | H96: cac:TenderingProcess/cac:OpenTenderEvent/cbc:OccurrenceDate | I96: xsd:date
C97: Hora | F97: 0..1 | G97: Obligatorio si no se indica Descripción | H97: cac:TenderingProcess/cac:OpenTenderEvent/cbc:OccurrenceTime | I97: xsd:time
C98: Descripción del evento | F98: 0..1 | G98: Obligatorio si no se indica Fecha y Hora | H98: cac:TenderingProcess/cac:OpenTenderEvent/cbc:Description | I98: xsd:string. Máximo 256 caracteres
C99: Lugar | F99: 1 | G99: Obligatorio si se indica evento | H99: cac:TenderingProcess/cac:OpenTenderEvent/cac:OccurrenceLocation/cbc:Description | I99: xsd:string. Máximo 200 caracteres
C100: Calle | F100: 1 | G100: Obligatorio si se indica evento | H100: cac:TenderingProcess/cac:OpenTenderEvent/cac:OccurrenceLocation/cac:Address/cbc:AddressLine | I100: xsd:string. Máximo 220 caracteres
...

Sheet Anuncio Licitación
A1: DATO | F1: Cardinalidad | G1: Abierto | H1: Abierto Simplificado | I1: Restringido | J1: Negociado con publicidad Licitación con negociación | K1: Negociado Sin Publicidad | L1: Contrato Menor | M1: Diálogo Competitivo | N1: Normas Internas | O1: Basado en Acuerdo Marco | P1: Mapeo CODICE | Q1: Tipo de dato
A2: Identificador de Versión UBL | F2: 1 | G2: Obligatorio | H2: Obligatorio | I2: Obligatorio | J2: Obligatorio | K2: Obligatorio | L2: Obligatorio | M2: Obligatorio | N2: Obligatorio | O2: Obligatorio | P2: cbc:UBLVersionID | Q2: =VLOOKUP(P2,'Anuncio Previo'!H:I,2,FALSE) -> xsd:string. Valor "CODICE 2.05"
A3: Identificador de Personalización | F3: 1 | G3: Obligatorio | H3: Obligatorio | I3: Obligatorio | J3: Obligatorio | K3: Obligatorio | L3: Obligatorio | M3: Obligatorio | N3: Obligatorio | O3: Obligatorio | P3: cbc:CustomizationID | Q3: =VLOOKUP(P3,'Anuncio Previo'!H:I,2,FALSE) -> xsd:string. Valor "2.1"
A4: Identificador de Perfil | F4: 1 | G4: Obligatorio | H4: Obligatorio | I4: Obligatorio | J4: Obligatorio | K4: Obligatorio | L4: Obligatorio | M4: Obligatorio | N4: Obligatorio | O4: Obligatorio | P4: cbc:ProfileID | Q4: =VLOOKUP(P4,'Anuncio Previo'!H:I,2,FALSE) -> xsd:string. Valor "CiP 1.12"
A5: Identificador de copia | F5: 0..1 | G5: Opcional | H5: Opcional | I5: Opcional | J5: Opcional | K5: Opcional | L5: Opcional | M5: Opcional | N5: Opcional | O5: Opcional | P5: cbc:CopyIndicator | Q5: =VLOOKUP(P5,'Anuncio Previo'!H:I,2,FALSE) -> xsd:boolean
A6: Indicador de anuncio | F6: 1 | G6: Obligatorio | H6: Obligatorio | I6: Obligatorio | J6: Obligatorio | K6: Obligatorio | L6: Obligatorio | M6: Obligatorio | N6: Obligatorio | O6: Obligatorio | P6: cbc:ID | Q6: =VLOOKUP(P6,'Anuncio Previo'!H:I,2,FALSE) -> xsd:String(200)
A7: Identificador Universal Único | F7: 0..1 | G7: Opcional | H7: Opcional | I7: Opcional | J7: Opcional | K7: Opcional | L7: Opcional | M7: Opcional | N7: Opcional | O7: Opcional | P7: cbc:UUID | Q7: =VLOOKUP(P7,'Anuncio Previo'!H:I,2,FALSE) -> xsd:String(100)
A8: Número de Expediente | F8: 1 | G8: Obligatorio | H8: Obligatorio | I8: Obligatorio | J8: Obligatorio | K8: Obligatorio | L8: Obligatorio | M8: Obligatorio | N8: Obligatorio | O8: Obligatorio | P8: cbc:ContractFolderID | Q8: =VLOOKUP(P8,'Anuncio Previo'!H:I,2,FALSE) -> xsd:string(50)
A9: Fecha de Emisión | F9: 1 | G9: Obligatorio | H9: Obligatorio | I9: Obligatorio | J9: Obligatorio | K9: Obligatorio | L9: Obligatorio | M9: Obligatorio | N9: Obligatorio | O9: Obligatorio | P9: cbc:IssueDate | Q9: =VLOOKUP(P9,'Anuncio Previo'!H:I,2,FALSE) -> xsd:date
A10: Hora de Emisión | F10: 1 | G10: Obligatorio | H10: Obligatorio | I10: Obligatorio | J10: Obligatorio | K10: Obligatorio | L10: Obligatorio | M10: Obligatorio | N10: Obligatorio | O10: Obligatorio | P10: cbc:IssueTime | Q10: =VLOOKUP(P10,'Anuncio Previo'!H:I,2,FALSE) -> xsd:time
A11: Proyecto de compra | F11: 1 | G11: Obligatorio | H11: Obligatorio | I11: Obligatorio | J11: Obligatorio | K11: Obligatorio | L11: Obligatorio | M11: Obligatorio | N11: Obligatorio | O11: Obligatorio | P11: cac:ProcurementProject | Q11: =VLOOKUP(P11,'Anuncio Previo'!H:I,2,FALSE) -> xsd:complexType
B12: Objeto del Contrato | F12: 1 | G12: Obligatorio | H12: Obligatorio | I12: Obligatorio | J12: Obligatorio | K12: Obligatorio | L12: Obligatorio | M12: Obligatorio | N12: Obligatorio | O12: Obligatorio | P12: cac:ProcurementProject/cbc:Name | Q12: =VLOOKUP(P12,'Anuncio Previo'!H:I,2,FALSE) -> xsd:string(1700), 400 si se envia a DOUE
B13: valor estimado del contrato | F13: 0..1 | G13: Obligatorio | H13: Obligatorio | I13: Obligatorio | J13: Obligatorio | K13: Obligatorio | L13: Opcional | M13: Obligatorio | N13: Obligatorio | O13: Obligatorio | P13: cac:ProcurementProject/cac:BudgetAmount/cbc:EstimatedOverallContractAmount | Q13: =VLOOKUP(P13,'Anuncio Previo'!H:I,2,FALSE) -> xsd:decimal. Máximo 10 enteros y 2 decimales
B14: Presupuesto base con impuestos | F14: 0..1 | G14: Obligatorio | H14: Obligatorio | I14: Obligatorio | J14: Obligatorio | K14: Obligatorio | L14: Obligatorio | M14: Obligatorio | N14: Obligatorio | O14: Obligatorio | P14: cac:ProcurementProject/cac:BudgetAmount/cbc:TotalAmount | Q14: =VLOOKUP(P14,'Anuncio Previo'!H:I,2,FALSE) -> xsd:decimal. Máximo 10 enteros y 2 decimales
B15: Presupuesto base sin impuestos | F15: 0..1 | G15: Obligatorio | H15: Obligatorio | I15: Obligatorio | J15: Obligatorio | K15: Obligatorio | L15: Obligatorio | M15: Obligatorio | N15: Obligatorio | O15: Obligatorio | P15: cac:ProcurementProject/cac:BudgetAmount/cbc:TaxExclusiveAmount | Q15: =VLOOKUP(P15,'Anuncio Previo'!H:I,2,FALSE) -> xsd:decimal. Máximo 10 enteros y 2 decimales
B16: Clasificación CPV | F16: 0..n | G16: Obligatorio | H16: Obligatorio | I16: Obligatorio | J16: Obligatorio | K16: Obligatorio | L16: Opcional | M16: Obligatorio | N16: Obligatorio | O16: Obligatorio | P16: cac:ProcurementProject/cac:RequiredCommodityClassification/cbc:ItemClassificationCode | Q16: =VLOOKUP(P16,'Anuncio Previo'!H:I,2,FALSE) -> Valor en codelist CPV CPV principal en funcion del tipo de contrato: - tipo de contrato “Suministros” códigos CPV que comienzan con 0 hasta los que empiezan por 44 más los que comienzan con 48. - tipo de contrato “Obras” se corresponde con los CPV que empiezan por 45. - tipo de contrato “Servicios” se corresponde con los CPV que empiezan por 49 hasta los que comienzan con 98.
B17: Tipo de Contrato | F17: 1 | G17: Obligatorio | H17: Obligatorio | I17: Obligatorio | J17: Obligatorio | K17: Obligatorio | L17: Obligatorio | M17: Obligatorio | N17: Obligatorio | O17: Obligatorio | P17: cac:ProcurementProject/cbc:TypeCode | Q17: =VLOOKUP(P17,'Anuncio Previo'!H:I,2,FALSE) -> Valor en codelist ContractCode
B18: Subtipo de contrato | F18: 0..1 | G18: Obligatorio dependiendo del tipo de contrato | H18: Obligatorio dependiendo del tipo de contrato | I18: Obligatorio dependiendo del tipo de contrato | J18: Obligatorio dependiendo del tipo de contrato | K18: Obligatorio dependiendo del tipo de contrato | L18: Obligatorio dependiendo del tipo de contrato | M18: Obligatorio dependiendo del tipo de contrato | N18: Obligatorio dependiendo del tipo de contrato | O18: Obligatorio dependiendo del tipo de contrato | P18: cac:ProcurementProject/cbc:SubTypeCode | Q18: =VLOOKUP(P18,'Anuncio Previo'!H:I,2,FALSE) -> Valor en codelist GoodsContractCode; ServiceContractCode; WorksContractCode; PublicPrivateCollaborationContractTypeCode PatrimonialContractCode según el tipo de contrato
B19: Plazo de ejecución | F19: 0..1 | G19: Obligatorio | H19: Obligatorio | I19: Obligatorio | J19: Obligatorio | K19: Obligatorio | L19: Obligatorio | M19: Obligatorio | N19: Obligatorio | O19: Obligatorio | P19: cac:ProcurementProject/cac:PlannedPeriod | Q19: =VLOOKUP(P19,'Anuncio Previo'!H:I,2,FALSE) -> xsd:complexType
C20: Fecha de Inicio | F20: 0..1 | G20: Fecha de Inicio y (Fecha final o Duración) | H20: Fecha de Inicio y (Fecha final o Duración) | I20: Fecha de Inicio y (Fecha final o Duración) | J20: Fecha de Inicio y (Fecha final o Duración) | K20: Fecha de Inicio y (Fecha final o Duración) | L20: Fecha de Inicio y (Fecha final o Duración) | M20: Fecha de Inicio y (Fecha final o Duración) | N20: Fecha de Inicio y (Fecha final o Duración) | O20: Fecha de Inicio y (Fecha final o Duración) | P20: cac:ProcurementProject/cac:PlannedPeriod/cbc:StartDate | Q20: =VLOOKUP(P20,'Anuncio Previo'!H:I,2,FALSE) -> xsd:date
C21: Fecha Final | F21: 0..1 | G21: Fecha de Inicio y Fecha final | H21: Fecha de Inicio y Fecha final | I21: Fecha de Inicio y Fecha final | J21: Fecha de Inicio y Fecha final | K21: Fecha de Inicio y Fecha final | L21: Fecha de Inicio y Fecha final | M21: Fecha de Inicio y Fecha final | N21: Fecha de Inicio y Fecha final | O21: Fecha de Inicio y Fecha final | P21: cac:ProcurementProject/cac:PlannedPeriod/cbc:EndDate | Q21: =VLOOKUP(P21,'Anuncio Previo'!H:I,2,FALSE) -> xsd:date
C22: Duración | F22: 0..1 | G22: Fecha de Inicio y Duración | H22: Fecha de Inicio y Duración | I22: Fecha de Inicio y Duración | J22: Fecha de Inicio y Duración | K22: Fecha de Inicio y Duración | L22: Fecha de Inicio y Duración | M22: Fecha de Inicio y Duración | N22: Fecha de Inicio y Duración | O22: Fecha de Inicio y Duración | P22: cac:ProcurementProject/cac:PlannedPeriod/cbc:DurationMeasure | Q22: =VLOOKUP(P22,'Anuncio Previo'!H:I,2,FALSE) -> xsd:decimal. Máximo 17 dígitos enteros. No se aceptan decimales
B23: Lugar de ejecución | F23: 0..1 | G23: Obligatorio | H23: Obligatorio | I23: Obligatorio | J23: Obligatorio | K23: Obligatorio | L23: Obligatorio | M23: Obligatorio | N23: Obligatorio | O23: Obligatorio | P23: cac:ProcurementProject/cac:RealizedLocation | Q23: =VLOOKUP(P23,'Anuncio Previo'!H:I,2,FALSE) -> xsd:complexType
C24: Código de Subentidad Nacional | F24: 0..1 | G24: Obligatorio si es España | H24: Obligatorio si es España | I24: Obligatorio si es España | J24: Obligatorio si es España | K24: Obligatorio si es España | L24: Obligatorio si es España | M24: Obligatorio si es España | N24: Obligatorio si es España | O24: Obligatorio si es España | P24: cac:ProcurementProject/cac:RealizedLocation/cbc:CountrySubentityCode | Q24: =VLOOKUP(P24,'Anuncio Previo'!H:I,2,FALSE) -> Valor en codelist NUTS
C25: Subentidad Territorial | F25: 0..1 | G25: Obligatorio si es España | H25: Obligatorio si es España | I25: Obligatorio si es España | J25: Obligatorio si es España | K25: Obligatorio si es España | L25: Obligatorio si es España | M25: Obligatorio si es España | N25: Obligatorio si es España | O25: Obligatorio si es España | P25: cac:ProcurementProject/cac:RealizedLocation/cbc:CountrySubentity | Q25: =VLOOKUP(P25,'Anuncio Previo'!H:I,2,FALSE) -> xsd:String. Máximo 50 caracteres - Texto de Código de Subentidad Nacional en gc NUTs
C26: País | F26: 0..1 | G26: Obligatorio si no es España y recomendado si lo es. | H26: Obligatorio si no es España y recomendado si lo es. | I26: Obligatorio si no es España y recomendado si lo es. | J26: Obligatorio si no es España y recomendado si lo es. | K26: Obligatorio si no es España y recomendado si lo es. | L26: Obligatorio si no es España y recomendado si lo es. | M26: Obligatorio si no es España y recomendado si lo es. | N26: Obligatorio si no es España y recomendado si lo es. | O26: Obligatorio si no es España y recomendado si lo es. | P26: cac:ProcurementProject/cac:RealizedLocation/cac:Address/cac:Country/cbc:IdentificationCode | Q26: =VLOOKUP(P26,'Anuncio Previo'!H:I,2,FALSE) -> Valor en codelist CountryIdentificationCode
C27: Calle | F27: 0..1 | G27: Opcional | H27: Opcional | I27: Opcional | J27: Opcional | K27: Opcional | L27: Opcional | M27: Opcional | N27: Opcional | O27: Opcional | P27: cac:ProcurementProject/cac:RealizedLocation/cac:Address/cbc:AddressLine | Q27: =VLOOKUP(P27,'Anuncio Previo'!H:I,2,FALSE) -> xsd:string. Máximo 220 caracteres
C28: Código Postal | F28: 0..1 | G28: Opcional | H28: Opcional | I28: Opcional | J28: Opcional | K28: Opcional | L28: Opcional | M28: Opcional | N28: Opcional | O28: Opcional | P28: cac:ProcurementProject/cac:RealizedLocation/cac:Address/cbc:PostalZone | Q28: =VLOOKUP(P28,'Anuncio Previo'!H:I,2,FALSE) -> xsd:string. Máximo 5 caracteres numéricos si el país es España, en otro caso 32 máximo caracteres.
C29: Población | F29: 0..1 | G29: Opcional | H29: Opcional | I29: Opcional | J29: Opcional | K29: Opcional | L29: Opcional | M29: Opcional | N29: Opcional | P29: cac:ProcurementProject/cac:RealizedLocation/cac:Address/cbc:CityName | Q29: =VLOOKUP(P29,'Anuncio Previo'!H:I,2,FALSE) -> xsd:string. Máximo 90 caracteres
B30: Extensión de Contrato | F30: 0..1 | G30: Opcional | H30: Opcional | I30: Opcional | J30: Opcional | K30: Opcional | L30: Opcional | M30: Opcional | N30: Opcional | O30: Opcional | P30: cac:ProcurementProject/cac:ContractExtension | Q30: =VLOOKUP(P30,'Anuncio Previo'!H:I,2,FALSE) -> xsd:complexType
C31: Opciones | F31: 0..1 | G31: Opcional | H31: Opcional | I31: Opcional | J31: Opcional | K31: Opcional | L31: Opcional | M31: Opcional | N31: Opcional | P31: cac:ProcurementProject/cac:ContractExtension/cbc:OptionsDescription | Q31: =VLOOKUP(P31,'Anuncio Previo'!H:I,2,FALSE) -> xsd:string. Máximo 256 caracteres
C32: Periodo de validez de las opciones | F32: 0..1 | G32: Opcional | H32: Opcional | I32: Opcional | J32: Opcional | K32: Opcional | L32: Opcional | M32: Opcional | N32: Opcional | P32: cac:ProcurementProject/cac:ContractExtension/cac:OptionValidityPeriod/cbc:Description | Q32: =VLOOKUP(P32,'Anuncio Previo'!H:I,2,FALSE) -> xsd:string. Máximo 256 caracteres
A33: Lotes | F33: 0..n | G33: Obligatorio si hay lotes | H33: Obligatorio si hay lotes | I33: Obligatorio si hay lotes | J33: Obligatorio si hay lotes | K33: Obligatorio si hay lotes | L33: Obligatorio si hay lotes | M33: Obligatorio si hay lotes | N33: Obligatorio si hay lotes | O33: Obligatorio si hay lotes | P33: cac:ProcurementProjectLot | Q33: =VLOOKUP(P33,'Anuncio Previo'!H:I,2,FALSE) -> xsd:complexType
B34: Número de lote | F34: 1 | G34: Obligatorio | H34: Obligatorio | I34: Obligatorio | J34: Obligatorio | K34: Obligatorio | L34: Obligatorio | M34: Obligatorio | N34: Obligatorio | O34: Obligatorio | P34: cac:ProcurementProjectLot/cbc:ID | Q34: =VLOOKUP(P34,'Anuncio Previo'!H:I,2,FALSE) -> Máximo 3 caracteres numéricos
B35: Objeto | F35: 1 | G35: Obligatorio | H35: Obligatorio | I35: Obligatorio | J35: Obligatorio | K35: Obligatorio | L35: Obligatorio | M35: Obligatorio | N35: Obligatorio | O35: Obligatorio | P35: cac:ProcurementProjectLot/cac:ProcurementProject/cbc:Name | Q35: =VLOOKUP(P35,'Anuncio Previo'!H:I,2,FALSE) -> xsd:string. Máximo 1700 caracteres
B36: Importe sin impuestos | F36: 1 | G36: Obligatorio | H36: Obligatorio | I36: Obligatorio | J36: Obligatorio | K36: Obligatorio | L36: Obligatorio | M36: Obligatorio | N36: Obligatorio | O36: Obligatorio | P36: cac:ProcurementProjectLot/cac:ProcurementProject/cac:BudgetAmount/cbc:TotalAmount | Q36: =VLOOKUP(P36,'Anuncio Previo'!H:I,2,FALSE) -> xsd:decimal. Máximo 10 enteros y 2 decimales
B37: Importe con impuestos | F37: 1 | G37: Obligatorio | H37: Obligatorio | I37: Obligatorio | J37: Obligatorio | K37: Obligatorio | L37: Obligatorio | M37: Obligatorio | N37: Obligatorio | O37: Obligatorio | P37: cac:ProcurementProjectLot/cac:ProcurementProject/cac:BudgetAmount/cbc:TaxExclusiveAmount | Q37: =VLOOKUP(P37,'Anuncio Previo'!H:I,2,FALSE) -> xsd:decimal. Máximo 10 enteros y 2 decimales
B38: Clasificación CPV | F38: 0..n | G38: Obligatorio | H38: Obligatorio | I38: Obligatorio | J38: Obligatorio | K38: Obligatorio | L38: Opcional | M38: Obligatorio | N38: Obligatorio | O38: Obligatorio | P38: cac:ProcurementProjectLot/cac:ProcurementProject/cac:RequiredCommodityClassification/cbc:ItemClassificationCode | Q38: =VLOOKUP(P38,'Anuncio Previo'!H:I,2,FALSE) -> Valor en codelist CPV
B39: Lugar de ejecución | F39: 0..1 | G39: Obligatorio | H39: Obligatorio | I39: Obligatorio | J39: Obligatorio | K39: Obligatorio | L39: Obligatorio | M39: Obligatorio | N39: Obligatorio | O39: Obligatorio | P39: cac:ProcurementProjectLot/cac:ProcurementProject/cac:RealizedLocation | Q39: xsd:complexType
C40: Código de Subentidad Nacional | F40: 0..1 | G40: Obligatorio si es España | H40: Obligatorio si es España | I40: Obligatorio si es España | J40: Obligatorio si es España | K40: Obligatorio si es España | L40: Obligatorio si es España | M40: Obligatorio si es España | N40: Obligatorio si es España | O40: Obligatorio si es España | P40: cac:ProcurementProjectLot/cac:ProcurementProject/cac:RealizedLocation/cbc:CountrySubentityCode | Q40: Valor en http://contrataciondelestado.es/codice/cl/2.0/NUTS-2009.gc
C41: Subentidad Territorial | F41: 0..1 | G41: Obligatorio si es España | H41: Obligatorio si es España | I41: Obligatorio si es España | J41: Obligatorio si es España | K41: Obligatorio si es España | L41: Obligatorio si es España | M41: Obligatorio si es España | N41: Obligatorio si es España | O41: Obligatorio si es España | P41: cac:ProcurementProjectLot/cac:ProcurementProject/cac:RealizedLocation/cbc:CountrySubentity | Q41: xsd:String. Máximo 50 caracteres
C42: País | F42: 0..1 | G42: Obligatorio si no es España y recomendado si no lo es. | H42: Obligatorio si no es España y recomendado si no lo es. | I42: Obligatorio si no es España y recomendado si no lo es. | J42: Obligatorio si no es España y recomendado si no lo es. | K42: Obligatorio si no es España y recomendado si no lo es. | L42: Obligatorio si no es España y recomendado si no lo es. | M42: Obligatorio si no es España y recomendado si no lo es. | N42: Obligatorio si no es España y recomendado si no lo es. | O42: Obligatorio si no es España y recomendado si no lo es. | P42: cac:ProcurementProjectLot/cac:ProcurementProject/cac:RealizedLocation/cac:Address/cac:Country/cbc:IdentificationCode | Q42: Valor en codelist http://docs.oasis-open.org/ubl/os-UBL-2.0/cl/gc/default/CountryIdentificationCode-2.0.gc
C43: Calle | F43: 0..1 | G43: Opcional | H43: Opcional | I43: Opcional | J43: Opcional | K43: Opcional | L43: Opcional | M43: Opcional | N43: Opcional | O43: Opcional | P43: cac:ProcurementProjectLot/cac:ProcurementProject/cac:RealizedLocation/cac:Address/cbc:AddressLine | Q43: xsd:string. Máximo 220 caracteres
C44: Código Postal | F44: 0..1 | G44: Opcional | H44: Opcional | I44: Opcional | J44: Opcional | K44: Opcional | L44: Opcional | M44: Opcional | N44: Opcional | O44: Opcional | P44: cac:ProcurementProjectLot/cac:ProcurementProject/cac:RealizedLocation/cac:Address/cbc:PostalZone | Q44: xsd:string. Máximo 5 caracteres numéricos si el país es España, en otro caso 32 máximo caracteres.
C45: Población | F45: 0..1 | G45: Opcional | H45: Opcional | I45: Opcional | J45: Opcional | K45: Opcional | L45: Opcional | M45: Opcional | N45: Opcional | O45: Opcional | P45: cac:ProcurementProjectLot/cac:ProcurementProject/cac:RealizedLocation/cac:Address/cbc:CityName | Q45: xsd:string. Máximo 90 caracteres
A46: Entidad Adjudicadora | F46: 1 | G46: Obligatorio | H46: Obligatorio | I46: Obligatorio | J46: Obligatorio | K46: Obligatorio | L46: Obligatorio | M46: Obligatorio | N46: Obligatorio | P46: cac:ContractingParty | Q46: =VLOOKUP(P46,'Anuncio Previo'!H:I,2,FALSE) -> xsd:complexType
B47: Nombre | F47: 1 | G47: Obligatorio | H47: Obligatorio | I47: Obligatorio | J47: Obligatorio | K47: Obligatorio | L47: Obligatorio | M47: Obligatorio | N47: Obligatorio | P47: cac:ContractingParty/cac:Party/cac:PartyName/cbc:Name | Q47: =VLOOKUP(P47,'Anuncio Previo'!H:I,2,FALSE) -> xsd:string. Máximo 300 caracteres
B48: ID (schemeName=NIF) | F48: 1 | G48: Obligatorio | H48: Obligatorio | I48: Obligatorio | J48: Obligatorio | K48: Obligatorio | L48: Obligatorio | M48: Obligatorio | N48: Obligatorio | O48: Obligatorio | P48: cac:ContractingParty/cac:Party/cac:PartyIdentification/cbc:ID | Q48: =VLOOKUP(P48,'Anuncio Previo'!H:I,2,FALSE) -> xsd:string. Máximo 200 caracteres
B49: ID (schemeName=ID_PLATAFORMA) | F49: 1 | G49: Obligatorio | H49: Obligatorio | I49: Obligatorio | J49: Obligatorio | K49: Obligatorio | L49: Obligatorio | M49: Obligatorio | N49: Obligatorio | O49: Obligatorio | P49: cac:ContractingParty/cac:Party/cac:PartyIdentification/cbc:ID | Q49: =VLOOKUP(P49,'Anuncio Previo'!H:I,2,FALSE) -> xsd:string. Máximo 200 caracteres
B50: Tipo de Administración | F50: 1 | G50: Obligatorio | H50: Obligatorio | I50: Obligatorio | J50: Obligatorio | K50: Obligatorio | L50: Obligatorio | M50: Obligatorio | N50: Obligatorio | O50: Obligatorio | P50: cac:ContractingParty/cbc:ContractingPartyTypeCode | Q50: =VLOOKUP(P50,'Anuncio Previo'!H:I,2,FALSE) -> Valor en codelist ContractingAuthorityCode
B51: Tipo de Entidad Adjudicadora | F51: 0..1 | G51: Opcional | H51: Opcional | I51: Opcional | J51: Opcional | K51: Opcional | L51: Opcional | M51: Opcional | N51: Opcional | O51: Opcional | P51: cac:ContractingParty/cac:Party/cac:PartyIdentification/cbc:ID | Q51: =VLOOKUP(P51,'Anuncio Previo'!H:I,2,FALSE) -> xsd:string. Máximo 200 caracteres
B52: Sitio web | F52: 0..1 | G52: Opcional | H52: Opcional | I52: Opcional | J52: Opcional | K52: Opcional | L52: Opcional | M52: Opcional | N52: Opcional | O52: Opcional | P52: cac:ContractingParty/cac:Party/cbc:WebsiteURI | Q52: =VLOOKUP(P52,'Anuncio Previo'!H:I,2,FALSE) -> xsd:string. Máximo 256 caracteres y debe cumplir patrón URL
B53: Dirección postal | F53: 0..1 | G53: Opcional | H53: Opcional | I53: Opcional | J53: Opcional | K53: Opcional | L53: Opcional | M53: Opcional | N53: Opcional | O53: Opcional | P53: cac:ContractingParty/cac:Party/cac:PostalAddress | Q53: =VLOOKUP(P53,'Anuncio Previo'!H:I,2,FALSE) -> xsd:complexType
C54: Calle | F54: 0..1 | G54: Opcional | H54: Opcional | I54: Opcional | J54: Opcional | K54: Opcional | L54: Opcional | M54: Opcional | N54: Opcional | O54: Opcional | P54: cac:ContractingParty/cac:Party/cac:PostalAddress/cbc:AddressLine | Q54: =VLOOKUP(P54,'Anuncio Previo'!H:I,2,FALSE) -> xsd:string. Máximo 220 caracteres
C55: Código Postal | F55: 0..1 | G55: Opcional | H55: Opcional | I55: Opcional | J55: Opcional | K55: Opcional | L55: Opcional | M55: Opcional | N55: Opcional | O55: Opcional | P55: cac:ContractingParty/cac:Party/cac:PostalAddress/cbc:PostalZone | Q55: =VLOOKUP(P55,'Anuncio Previo'!H:I,2,FALSE) -> xsd:string. Máximo 5 caracteres numéricos si el país es España, en otro caso 32 máximo caracteres.
C56: Población | F56: 0..1 | G56: Opcional | H56: Opcional | I56: Opcional | J56: Opcional | K56: Opcional | L56: Opcional | M56: Opcional | N56: Opcional | O56: Opcional | P56: cac:ContractingParty/cac:Party/cac:PostalAddress/cbc:CityName | Q56: =VLOOKUP(P56,'Anuncio Previo'!H:I,2,FALSE) -> xsd:string. Máximo 90 caracteres
C57: País | F57: 0..1 | G57: Opcional | H57: Opcional | I57: Opcional | J57: Opcional | K57: Opcional | L57: Opcional | M57: Opcional | N57: Opcional | O57: Opcional | P57: cac:ContractingParty/cac:Party/cac:PostalAddress/cac:Country/cbc:IdentificationCode | Q57: =VLOOKUP(P57,'Anuncio Previo'!H:I,2,FALSE) -> Valor en codelist CountryIdentificationCode
B58: Contacto | F58: 0..1 | G58: Opcional | H58: Opcional | I58: Opcional | J58: Opcional | K58: Opcional | L58: Opcional | M58: Opcional | N58: Opcional | O58: Opcional | P58: cac:ContractingParty/cac:Party/cac:Contact | Q58: =VLOOKUP(P58,'Anuncio Previo'!H:I,2,FALSE) -> xsd:complexType
C59: Nombre para contacto | F59: 0..1 | G59: Opcional | H59: Opcional | I59: Opcional | J59: Opcional | K59: Opcional | L59: Opcional | M59: Opcional | N59: Opcional | O59: Opcional | P59: cac:ContractingParty/cac:Party/cac:Contact/cbc:Name | Q59: =VLOOKUP(P59,'Anuncio Previo'!H:I,2,FALSE) -> xsd:string. Máximo 300 caracteres
C60: Teléfono | F60: 0..1 | G60: Opcional | H60: Opcional | I60: Opcional | J60: Opcional | K60: Opcional | L60: Opcional | M60: Opcional | N60: Opcional | O60: Opcional | P60: cac:ContractingParty/cac:Party/cac:Contact/cbc:Telephone | Q60: =VLOOKUP(P60,'Anuncio Previo'!H:I,2,FALSE) -> xsd:string con formato: Prefijo internacional (Opcional si número nacional): signo "+" y máximo 3 dígitos seguido de espacio en blanco. Número: de 9 a 13 dígitos si número nacional y hasta 50 dígitos si es internacional.
C61: Fax | F61: 0..1 | G61: Opcional | H61: Opcional | I61: Opcional | J61: Opcional | K61: Opcional | L61: Opcional | M61: Opcional | N61: Opcional | O61: Opcional | P61: cac:ContractingParty/cac:party/cac:Contact/cbc:Telefax | Q61: =VLOOKUP(P61,'Anuncio Previo'!H:I,2,FALSE) -> xsd:string con formato: Prefijo internacional (Opcional si número nacional): signo "+" y máximo 3 dígitos seguido de espacio en blanco. Número: de 9 a 13 dígitos si número nacional y hasta 50 dígitos si es internacional.
C62: Correo Electrónico | F62: 0..1 | G62: Opcional | H62: Opcional | I62: Opcional | J62: Opcional | K62: Opcional | L62: Opcional | M62: Opcional | N62: Opcional | O62: Opcional | P62: cac:ContractingParty/cac:Party/cac:Contact/cbc:ElectronicMail | Q62: =VLOOKUP(P62,'Anuncio Previo'!H:I,2,FALSE) -> xsd:string. Se valida que sea una dirección de correo electrónico correcta
B63: Responsable | F63: 0..1 | G63: Opcional | H63: Opcional | I63: Opcional | J63: Opcional | K63: Opcional | L63: Opcional | M63: Opcional | N63: Opcional | O63: Opcional | P63: cac:ContractingParty/cac:Party/cac:Person | Q63: =VLOOKUP(P63,'Anuncio Previo'!H:I,2,FALSE) -> xsd:complexType
C64: Cargo | F64: 0..1 | G64: Opcional | H64: Opcional | I64: Opcional | J64: Opcional | K64: Opcional | L64: Opcional | M64: Opcional | N64: Opcional | O64: Opcional | P64: cac:ContractingParty/cac:Party/cac:Person/cbc:JobTitle | Q64: =VLOOKUP(P64,'Anuncio Previo'!H:I,2,FALSE) -> xsd:string. Máximo 250 caracteres
A65: Proceso de licitación | F65: 1 | G65: Obligatorio | H65: Obligatorio | I65: Obligatorio | J65: Obligatorio | K65: Obligatorio | L65: Obligatorio | M65: Obligatorio | N65: Obligatorio | O65: Obligatorio | P65: cac:TenderingProcess | Q65: =VLOOKUP(P65,'Anuncio Previo'!H:I,2,FALSE) -> xsd:complexType
B66: Tipo de procedimiento | F66: 1 | G66: Obligatorio | H66: Obligatorio | I66: Obligatorio | J66: Obligatorio | K66: Obligatorio | L66: Obligatorio | M66: Obligatorio | N66: Obligatorio | O66: Obligatorio | P66: cac:TenderingProcess/cbc:ProcedureCode | Q66: =VLOOKUP(P66,'Anuncio Previo'!H:I,2,FALSE) -> Valor en codelist TenderingProcessCode
B67: Sistema de contratación | F67: 0..1 | G67: Obligatorio | H67: Obligatorio | I67: Obligatorio | J67: Obligatorio | K67: Obligatorio | L67: Obligatorio | M67: Obligatorio | N67: Obligatorio | O67: Obligatorio (Basado en acuerdo Marco) | P67: cac:TenderingProcess/cbc:ContractingSystemCode | Q67: =VLOOKUP(P67,'Anuncio Previo'!H:I,2,FALSE) -> Valor en codelist ContractingSystemTypeCode
B68: Tipo Tramitación | F68: 1 | G68: Obligatorio | H68: Obligatorio | I68: Obligatorio | J68: Obligatorio | K68: Obligatorio | L68: Opcional | M68: Obligatorio | N68: Obligatorio | O68: Obligatorio | P68: cac:TenderingProcess/cbc:UrgencyCode | Q68: =VLOOKUP(P68,'Anuncio Previo'!H:I,2,FALSE) -> Valor en codelist DiligenceTypeCode
B69: Justificación del procedimiento acelerado | F69: 0..1 | G69: Recomendado si tipo de tramitación es Emergencia o Urgencia | H69: Recomendado si tipo de tramitación es Emergencia o Urgencia | I69: Recomendado si tipo de tramitación es Emergencia o Urgencia | J69: Recomendado si tipo de tramitación es Emergencia o Urgencia | K69: Recomendado si tipo de tramitación es Emergencia o Urgencia | L69: Recomendado si tipo de tramitación es Emergencia o Urgencia | M69: Recomendado si tipo de tramitación es Emergencia o Urgencia | N69: Recomendado si tipo de tramitación es Emergencia o Urgencia | O69: Recomendado si tipo de tramitación es Emergencia o Urgencia | P69: cac:TenderingProcess/cbc:AcceleratedProcedureJustification | Q69: xsd:string. Máximo 4.000 caracteres
B70: Tramitación Gasto | F70: 0..1 | G70: Recomendado | H70: Recomendado | I70: Recomendado | J70: Recomendado | K70: Recomendado | L70: Opcional | M70: Recomendado | N70: Recomendado | O70: Recomendado | P70: cac:TenderingProcess/cbc:ExpenseCode | Q70: =VLOOKUP(P70,'Anuncio Previo'!H:I,2,FALSE) -> Valor en codelist ExpenseTypeCode
B71: Presentación de la oferta | F71: 1 | G71: Obligatorio | H71: Obligatorio | I71: Obligatorio | J71: Obligatorio | K71: Obligatorio | L71: Opcional | M71: Obligatorio | N71: Obligatorio | O71: Obligatorio | P71: cac:TenderingProcess/cbc:SubmissionMethodCode | Q71: =VLOOKUP(P71,'Anuncio Previo'!H:I,2,FALSE) -> Valor en codelist TenderDeliveryCode
B72: Regulación armonizada/supera el umbral comunitario | F72: 0..1 | G72: Obligatorio | H72: Obligatorio | I72: Obligatorio | J72: Obligatorio | K72: Obligatorio | L72: Opcional | M72: Obligatorio | N72: Obligatorio | O72: Obligatorio | P72: cac:TenderingProcess/cbc:OverThresholdIndicator | Q72: =VLOOKUP(P72,'Anuncio Previo'!H:I,2,FALSE) -> xsd:boolean
B73: Información Acuerdo Marco | F73: 0.1 | G73: Obligatorio si establecimiento de acuerdo marco | H73: Obligatorio si establecimiento de acuerdo marco | I73: Obligatorio si establecimiento de acuerdo marco | J73: Obligatorio si establecimiento de acuerdo marco | K73: Obligatorio si establecimiento de acuerdo marco | L73: Obligatorio si establecimiento de acuerdo marco | M73: Obligatorio si establecimiento de acuerdo marco | N73: Obligatorio si establecimiento de acuerdo marco | O73: Obligatorio si establecimiento de acuerdo marco | P73: cac:TenderingProcess/cac:FrameworkAgreement | Q73: =VLOOKUP(P73,'Anuncio Previo'!H:I,2,FALSE) -> 0
C74: Número Previsto de Operadores | F74: 0.1 | G74: Obligatorio si establecimiento de acuerdo marco | H74: Obligatorio si establecimiento de acuerdo marco | I74: Obligatorio si establecimiento de acuerdo marco | J74: Obligatorio si establecimiento de acuerdo marco | K74: Obligatorio si establecimiento de acuerdo marco | L74: Obligatorio si establecimiento de acuerdo marco | M74: Obligatorio si establecimiento de acuerdo marco | N74: Obligatorio si establecimiento de acuerdo marco | O74: Obligatorio si establecimiento de acuerdo marco | P74: cac:TenderingProcess/cac:FrameworkAgreement/cbc:ExpectedOperatorQuantity | Q74: =VLOOKUP(P74,'Anuncio Previo'!H:I,2,FALSE) -> Valor entero Númerico.
C75: Duración | F75: 0.1 | G75: Opcional | H75: Opcional | I75: Opcional | J75: Opcional | K75: Opcional | L75: Opcional | M75: Opcional | N75: Opcional | O75: Opcional | P75: cac:TenderingProcess/cac:FrameworkAgreement | Q75: =VLOOKUP(P75,'Anuncio Previo'!H:I,2,FALSE) -> 0
C76: Justificación | F76: 0.1 | G76: Opcional | H76: Opcional | I76: Opcional | J76: Opcional | K76: Opcional | L76: Opcional | M76: Opcional | N76: Opcional | O76: Opcional | P76: cac:TenderingProcess/cac:FrameworkAgreement | Q76: =VLOOKUP(P76,'Anuncio Previo'!H:I,2,FALSE) -> 0
C77: Frecuencia | F77: 0.1 | G77: Opcional | H77: Opcional | I77: Opcional | J77: Opcional | K77: Opcional | L77: Opcional | M77: Opcional | N77: Opcional | O77: Opcional | P77: cac:TenderingProcess/cac:FrameworkAgreement | Q77: =VLOOKUP(P77,'Anuncio Previo'!H:I,2,FALSE) -> 0
C78: Importe Medio de Contratos Subsiguientes | F78: 0.1 | G78: Opcional | H78: Opcional | I78: Opcional | J78: Opcional | K78: Opcional | L78: Opcional | M78: Opcional | N78: Opcional | O78: Opcional | P78: cac:ProcurementProject/cac:BudgetAmount/cbc:AverageSubsequentContractAmount | Q78: =VLOOKUP(P78,'Anuncio Previo'!H:I,2,FALSE) -> xsd:decimal. Máximo 10 enteros y 2 decimales
B79: Se debe ofertar a | F79: 0..1 | G79: Obligatorio si lotes | H79: Obligatorio si lotes | I79: Obligatorio si lotes | J79: Obligatorio si lotes | K79: Obligatorio si lotes | L79: N/A | M79: Obligatorio si lotes | N79: Obligatorio si lotes | O79: N/A | P79: cac:TenderingProcess/cbc:PartPresentationCode | Q79: =VLOOKUP(P79,'Anuncio Previo'!H:I,2,FALSE) -> Lista gc TenderPresentationCode
B80: Número de lotes a los que puede ofertar | F80: 0..1 | G80: Recomendado si hay lotes | H80: Recomendado si hay lotes | I80: Recomendado si hay lotes | J80: Recomendado si hay lotes | K80: Recomendado si hay lotes | L80: N/A | M80: Recomendado si hay lotes | N80: Recomendado si hay lotes | O80: N/A | P80: cac:TenderingProcess/cbc:MaximumLotPresentationQuantity | Q80: =VLOOKUP(P80,'Anuncio Previo'!H:I,2,FALSE) -> xsd:integer. Máximo 999
B81: Número máximo de lotes que pueden adjudicarse a un licitador | F81: 0..1 | G81: Recomendado si hay lotes | H81: Recomendado si hay lotes | I81: Recomendado si hay lotes | J81: Recomendado si hay lotes | K81: Recomendado si hay lotes | L81: N/A | M81: Recomendado si hay lotes | N81: Recomendado si hay lotes | O81: N/A | P81: cac:TenderingProcess/cbc:MaximumTendererAwardedLotsQuantity | Q81: =VLOOKUP(P81,'Anuncio Previo'!H:I,2,FALSE) -> xsd:integer. Máximo 999
B82: El poder adjudicador se reserva el derecho de adjudicar contratos que combinen los lotes o grupos siguientes | F82: 0..1 | G82: Recomendado si hay lotes | H82: Recomendado si hay lotes | I82: Recomendado si hay lotes | J82: Recomendado si hay lotes | K82: Recomendado si hay lotes | L82: N/A | M82: Recomendado si hay lotes | N82: Recomendado si hay lotes | O82: N/A | P82: cac:TenderingProcess/cbc:LotsCombinationContractingauthorityRights | Q82: =VLOOKUP(P82,'Anuncio Previo'!H:I,2,FALSE) -> xsd:string. Máximo 400 caracteres
B83: Plazo de Obtención de Pliegos | F83: 0..1 | G83: Opcional | H83: Opcional | I83: Opcional | J83: Opcional | K83: Opcional | L83: Opcional | M83: Opcional | N83: Opcional | O83: Opcional | P83: cac:TenderingProcess/cac:DocumentAvailabilityPeriod | Q83: =VLOOKUP(P83,'Anuncio Previo'!H:I,2,FALSE) -> xsd:complexType
C84: Fecha | F84: 0..1 | G84: Obligatorio si se indica plazo de obtención de pliegos | H84: Obligatorio si se indica plazo de obtención de pliegos | I84: Obligatorio si se indica plazo de obtención de pliegos | J84: Obligatorio si se indica plazo de obtención de pliegos | K84: Obligatorio si se indica plazo de obtención de pliegos | L84: Obligatorio si se indica plazo de obtención de pliegos | M84: Obligatorio si se indica plazo de obtención de pliegos | N84: Obligatorio si se indica plazo de obtención de pliegos | O84: Obligatorio si se indica plazo de obtención de pliegos | P84: cac:TenderingProcess/cac:DocumentAvailabilityPeriod/cbc:EndDate | Q84: =VLOOKUP(P84,'Anuncio Previo'!H:I,2,FALSE) -> xsd:date
C85: Hora | F85: 0..1 | G85: Obligatorio si se indica plazo de obtención de pliegos | H85: Obligatorio si se indica plazo de obtención de pliegos | I85: Obligatorio si se indica plazo de obtención de pliegos | J85: Obligatorio si se indica plazo de obtención de pliegos | K85: Obligatorio si se indica plazo de obtención de pliegos | L85: Obligatorio si se indica plazo de obtención de pliegos | M85: Obligatorio si se indica plazo de obtención de pliegos | N85: Obligatorio si se indica plazo de obtención de pliegos | O85: Obligatorio si se indica plazo de obtención de pliegos | P85: cac:TenderingProcess/cac:DocumentAvailabilityPeriod/cbc:EndTime | Q85: =VLOOKUP(P85,'Anuncio Previo'!H:I,2,FALSE) -> xsd:time
B86: Plazo de Presentación de Oferta | F86: 0..1 | G86: Obligatorio | H86: Obligatorio | I86: Opcional | J86: Opcional | K86: Obligatorio | L86: Obligatorio | M86: Opcional | N86: Opcional | O86: Opcional | P86: cac:TenderingProcess/cac:TenderSubmissionDeadlinePeriod | Q86: =VLOOKUP(P86,'Anuncio Previo'!H:I,2,FALSE) -> xsd:complexType
C87: Fecha | F87: 0..1 | G87: Obligatorio si no se indica Observaciones | H87: Obligatorio si no se indica Observaciones | I87: Obligatorio si no se indica Observaciones | J87: Obligatorio si no se indica Observaciones | K87: Obligatorio si no se indica Observaciones | L87: Obligatorio si no se indica Observaciones | M87: Obligatorio si no se indica Observaciones | N87: Obligatorio si no se indica Observaciones | O87: Obligatorio si no se indica Observaciones | P87: cac:TenderingProcess/cac:TenderSubmissionDeadlinePeriod/cbc:EndDate | Q87: =VLOOKUP(P87,'Anuncio Previo'!H:I,2,FALSE) -> xsd:date
C88: Hora | F88: 0..1 | G88: Obligatorio si no se indica Observaciones | H88: Obligatorio si no se indica Observaciones | I88: Obligatorio si no se indica Observaciones | J88: Obligatorio si no se indica Observaciones | K88: Obligatorio si no se indica Observaciones | L88: Obligatorio si no se indica Observaciones | M88: Obligatorio si no se indica Observaciones | N88: Obligatorio si no se indica Observaciones | O88: Obligatorio si no se indica Observaciones | P88: cac:TenderingProcess/cac:TenderSubmissionDeadlinePeriod/cbc:EndTime | Q88: =VLOOKUP(P88,'Anuncio Previo'!H:I,2,FALSE) -> xsd:time
C89: Observaciones | F89: 0..1 | G89: Obligatorio si no se indica Fecha y Hora | H89: Obligatorio si no se indica Fecha y Hora | I89: Obligatorio si no se indica Fecha y Hora | J89: Obligatorio si no se indica Fecha y Hora | K89: Obligatorio si no se indica Fecha y Hora | L89: Obligatorio si no se indica Fecha y Hora | M89: Obligatorio si no se indica Fecha y Hora | N89: Obligatorio si no se indica Fecha y Hora | O89: Obligatorio si no se indica Fecha y Hora | P89: cac:TenderingProcess/cac:TenderSubmissionDeadlinePeriod/cbc:Description | Q89: =VLOOKUP(P89,'Anuncio Previo'!H:I,2,FALSE) -> xsd:string. Máximo 550 caracteres
B90: Plazo de Presentación de Solicitudes de Participación | F90: 0..1 | G90: N.A. | H90: N.A. | I90: Obligatorio | J90: Obligatorio | K90: N/A | L90: N/A | M90: Obligatorio | N90: Opcional | O90: Opcional | P90: cac:TenderingProcess/cac:ParticipationRequestReceptionPeriod | Q90: =VLOOKUP(P90,'Anuncio Previo'!H:I,2,FALSE) -> xsd:complexType
C91: Fecha | F91: ??? | G91: N.A. | H91: N.A. | I91: Obligatorio | J91: Obligatorio | K91: N/A | L91: N/A | M91: Obligatorio | N91: Obligatorio si se indica plazo de presentación de solicitudes | O91: Obligatorio si se indica plazo de presentación de solicitudes | P91: cac:TenderingProcess/cac:ParticipationRequestReceptionPeriod/cbc:EndDate | Q91: =VLOOKUP(P91,'Anuncio Previo'!H:I,2,FALSE) -> xsd:date
C92: Hora | F92: ??? | G92: N.A. | H92: N.A. | I92: Obligatorio | J92: Obligatorio | K92: N/A | L92: N/A | M92: Obligatorio | N92: Obligatorio si se indica plazo de presentación de solicitudes | O92: Obligatorio si se indica plazo de presentación de solicitudes | P92: cac:TenderingProcess/cac:ParticipationRequestReceptionPeriod/cbc:EndTime | Q92: =VLOOKUP(P92,'Anuncio Previo'!H:I,2,FALSE) -> xsd:time
B93: Fecha prevista de envío de invitaciones | F93: 0..1 | G93: N.A. | H93: N.A. | I93: Opcional | J93: Opcional | K93: Opcional | L93: Opcional | M93: Opcional | N93: Opcional | O93: Opcional | P93: cac:TenderingProcess/cac:InvitationSubmissionPeriod | Q93: xsd:complexType
C94: Fecha | F94: ??? | G94: N.A. | H94: N.A. | I94: Opcional | J94: Opcional | K94: Opcional | L94: Opcional | M94: Opcional | N94: Opcional | O94: Opcional | P94: cac:TenderingProcess/cac:InvitationSubmissionPeriod/cbc:EndDate | Q94: xsd:date
C95: Hora | F95: ??? | G95: N.A. | H95: N.A. | I95: Opcional | J95: Opcional | K95: Opcional | L95: Opcional | M95: Opcional | N95: Opcional | O95: Opcional | P95: cac:TenderingProcess/cac:InvitationSubmissionPeriod/cbc:EndTime | Q95: xsd:time
B96: Eventos | F96: 0..n | G96: Recomendado | H96: Recomendado | I96: Opcional | J96: Opcional | K96: Opcional | L96: Opcional | M96: Opcional | N96: Opcional | O96: Opcional | P96: cac:TenderingProcess/cac:OpenTenderEvent | Q96: =VLOOKUP(P96,'Anuncio Previo'!H:I,2,FALSE) -> xsd:complexType
C97: Tipo de evento | F97: 1 | G97: Obligatorio si se indica evento | H97: Obligatorio si se indica evento | I97: Obligatorio si se indica evento | J97: Obligatorio si se indica evento | K97: Obligatorio si se indica evento | L97: Obligatorio si se indica evento | M97: Obligatorio si se indica evento | N97: Obligatorio si se indica evento | O97: Obligatorio si se indica evento | P97: cac:TenderingProcess/cac:OpenTenderEvent/cbc:TypeCode | Q97: =VLOOKUP(P97,'Anuncio Previo'!H:I,2,FALSE) -> Valor en codelist EventTypeCode
C98: Identificador | F98: 0..1 | G98: Recomendado | H98: Recomendado | I98: Recomendado | J98: Recomendado | K98: Recomendado | L98: Recomendado | M98: Recomendado | N98: Recomendado | O98: Recomendado | P98: cac:TenderingProcess/cac:OpenTenderEvent/cbc:IdentificationID | Q98: =VLOOKUP(P98,'Anuncio Previo'!H:I,2,FALSE) -> xsd:string. Máximo 200 caracteres
C99: Fecha | F99: 0..1 | G99: Obligatorio si no se indica Descripción | H99: Obligatorio si no se indica Descripción | I99: Obligatorio si no se indica Descripción | J99: Obligatorio si no se indica Descripción | K99: Obligatorio si no se indica Descripción | L99: Obligatorio si no se indica Descripción | M99: Obligatorio si no se indica Descripción | N99: Obligatorio si no se indica Descripción | O99: Obligatorio si no se indica Descripción | P99: cac:TenderingProcess/cac:OpenTenderEvent/cbc:OccurrenceDate | Q99: =VLOOKUP(P99,'Anuncio Previo'!H:I,2,FALSE) -> xsd:date
C100: Hora | F100: 0..1 | G100: Obligatorio si no se indica Descripción | H100: Obligatorio si no se indica Descripción | I100: Obligatorio si no se indica Descripción | J100: Obligatorio si no se indica Descripción | K100: Obligatorio si no se indica Descripción | L100: Obligatorio si no se indica Descripción | M100: Obligatorio si no se indica Descripción | N100: Obligatorio si no se indica Descripción | O100: Obligatorio si no se indica Descripción | P100: cac:TenderingProcess/cac:OpenTenderEvent/cbc:OccurrenceTime | Q100: =VLOOKUP(P100,'Anuncio Previo'!H:I,2,FALSE) -> xsd:time
...

Sheet Pliegos
A1: DATO | F1: Cardinalidad | G1: Abierto | H1: Abierto Simplificado | I1: Restringido | J1: Negociado con publicidad Licitación con negociación | K1: Negociado Sin Publicidad | L1: Contrato Menor | M1: Diálogo Competitivo | N1: Normas Internas | O1: Basado en Acuerdo Marco | P1: Mapeo CODICE | Q1: Tipo de dato
A2: Identificador de Versión UBL | F2: 1 | G2: Obligatorio | H2: Obligatorio | I2: Obligatorio | J2: Obligatorio | K2: Obligatorio | L2: Obligatorio | M2: Obligatorio | N2: Obligatorio | O2: Obligatorio | P2: cbc:UBLVersionID | Q2: =VLOOKUP(P2,'Anuncio Previo'!H:I,2,FALSE) -> xsd:string. Valor "CODICE 2.05"
A3: Identificador de Personalización | F3: 1 | G3: Obligatorio | H3: Obligatorio | I3: Obligatorio | J3: Obligatorio | K3: Obligatorio | L3: Obligatorio | M3: Obligatorio | N3: Obligatorio | O3: Obligatorio | P3: cbc:CustomizationID | Q3: =VLOOKUP(P3,'Anuncio Previo'!H:I,2,FALSE) -> xsd:string. Valor "2.1"
A4: Identificador de Perfil | F4: 1 | G4: Obligatorio | H4: Obligatorio | I4: Obligatorio | J4: Obligatorio | K4: Obligatorio | L4: Obligatorio | M4: Obligatorio | N4: Obligatorio | O4: Obligatorio | P4: cbc:ProfileID | Q4: =VLOOKUP(P4,'Anuncio Previo'!H:I,2,FALSE) -> xsd:string. Valor "CiP 1.12"
A5: Identificador de copia | F5: 0..1 | G5: Opcional | H5: Opcional | I5: Opcional | J5: Opcional | K5: Opcional | L5: Opcional | M5: Opcional | N5: Opcional | O5: Opcional | P5: cbc:CopyIndicator | Q5: =VLOOKUP(P5,'Anuncio Previo'!H:I,2,FALSE) -> xsd:boolean
A6: Indicador de anuncio | F6: 1 | G6: Obligatorio | H6: Obligatorio | I6: Obligatorio | J6: Obligatorio | K6: Obligatorio | L6: Obligatorio | M6: Obligatorio | N6: Obligatorio | O6: Obligatorio | P6: cbc:ID | Q6: =VLOOKUP(P6,'Anuncio Previo'!H:I,2,FALSE) -> xsd:String(200)
A7: Identificador Universal Único | F7: 0..1 | G7: Opcional | H7: Opcional | I7: Opcional | J7: Opcional | K7: Opcional | L7: Opcional | M7: Opcional | N7: Opcional | O7: Opcional | P7: cbc:UUID | Q7: =VLOOKUP(P7,'Anuncio Previo'!H:I,2,FALSE) -> xsd:String(100)
A8: Número de Expediente | F8: 1 | G8: Obligatorio | H8: Obligatorio | I8: Obligatorio | J8: Obligatorio | K8: Obligatorio | L8: Obligatorio | M8: Obligatorio | N8: Obligatorio | O8: Obligatorio | P8: cbc:ContractFolderID | Q8: =VLOOKUP(P8,'Anuncio Previo'!H:I,2,FALSE) -> xsd:string(50)
A9: Fecha de Emisión | F9: 1 | G9: Obligatorio | H9: Obligatorio | I9: Obligatorio | J9: Obligatorio | K9: Obligatorio | L9: Obligatorio | M9: Obligatorio | N9: Obligatorio | O9: Obligatorio | P9: cbc:IssueDate | Q9: =VLOOKUP(P9,'Anuncio Previo'!H:I,2,FALSE) -> xsd:date
A10: Hora de Emisión | F10: 1 | G10: Obligatorio | H10: Obligatorio | I10: Obligatorio | J10: Obligatorio | K10: Obligatorio | L10: Obligatorio | M10: Obligatorio | N10: Obligatorio | O10: Obligatorio | P10: cbc:IssueTime | Q10: =VLOOKUP(P10,'Anuncio Previo'!H:I,2,FALSE) -> xsd:time
A11: PPT | F11: 1 | G11: Obligatorio | H11: Obligatorio | I11: Obligatorio | J11: Obligatorio | K11: Obligatorio | L11: Obligatorio | M11: Obligatorio | N11: Obligatorio | O11: Obligatorio | P11: cac:LegalDocumentReference | Q11: xsd:complexType
A12: PCAP | F12: 1 | G12: Obligatorio | H12: Obligatorio | I12: Obligatorio | J12: Obligatorio | K12: Obligatorio | L12: Obligatorio | M12: Obligatorio | N12: Obligatorio | O12: Obligatorio | P12: cac:TechnicalDocumentReference | Q12: xsd:complexType
A13: Anexo | F13: 0..n | G13: Opcional | H13: Opcional | I13: Opcional | J13: Opcional | K13: Opcional | L13: Opcional | M13: Opcional | N13: Opcional | O13: Opcional | P13: cac:AdditionalDocumentReference | Q13: xsd:complexType
A14: Proyecto de compra | F14: 1 | G14: Obligatorio | H14: Obligatorio | I14: Obligatorio | J14: Obligatorio | K14: Obligatorio | L14: Obligatorio | M14: Obligatorio | N14: Obligatorio | O14: Obligatorio | P14: cac:ProcurementProject | Q14: =VLOOKUP(P14,'Anuncio Previo'!H:I,2,FALSE) -> xsd:complexType
B15: Objeto del Contrato | F15: 1 | G15: Obligatorio | H15: Obligatorio | I15: Obligatorio | J15: Obligatorio | K15: Obligatorio | L15: Obligatorio | M15: Obligatorio | N15: Obligatorio | O15: Obligatorio | P15: cac:ProcurementProject/cbc:Name | Q15: =VLOOKUP(P15,'Anuncio Previo'!H:I,2,FALSE) -> xsd:string(1700), 400 si se envia a DOUE
B16: valor estimado del contrato | F16: 0..1 | G16: Obligatorio | H16: Obligatorio | I16: Obligatorio | J16: Obligatorio | K16: Obligatorio | L16: Opcional | M16: Obligatorio | N16: Obligatorio | O16: Obligatorio | P16: cac:ProcurementProject/cac:BudgetAmount/cbc:EstimatedOverallContractAmount | Q16: =VLOOKUP(P16,'Anuncio Previo'!H:I,2,FALSE) -> xsd:decimal. Máximo 10 enteros y 2 decimales
B17: Presupuesto base con impuestos | F17: 0..1 | G17: Obligatorio | H17: Obligatorio | I17: Obligatorio | J17: Obligatorio | K17: Obligatorio | L17: Obligatorio | M17: Obligatorio | N17: Obligatorio | O17: Obligatorio | P17: cac:ProcurementProject/cac:BudgetAmount/cbc:TotalAmount | Q17: =VLOOKUP(P17,'Anuncio Previo'!H:I,2,FALSE) -> xsd:decimal. Máximo 10 enteros y 2 decimales
B18: Presupuesto base sin impuestos | F18: 0..1 | G18: Obligatorio | H18: Obligatorio | I18: Obligatorio | J18: Obligatorio | K18: Obligatorio | L18: Obligatorio | M18: Obligatorio | N18: Obligatorio | O18: Obligatorio | P18: cac:ProcurementProject/cac:BudgetAmount/cbc:TaxExclusiveAmount | Q18: =VLOOKUP(P18,'Anuncio Previo'!H:I,2,FALSE) -> xsd:decimal. Máximo 10 enteros y 2 decimales
B19: Clasificación CPV | F19: 0..n | G19: Obligatorio | H19: Obligatorio | I19: Obligatorio | J19: Obligatorio | K19: Obligatorio | L19: Opcional | M19: Obligatorio | N19: Obligatorio | O19: Obligatorio | P19: cac:ProcurementProject/cac:RequiredCommodityClassification/cbc:ItemClassificationCode | Q19: =VLOOKUP(P19,'Anuncio Previo'!H:I,2,FALSE) -> Valor en codelist CPV CPV principal en funcion del tipo de contrato: - tipo de contrato “Suministros” códigos CPV que comienzan con 0 hasta los que empiezan por 44 más los que comienzan con 48. - tipo de contrato “Obras” se corresponde con los CPV que empiezan por 45. - tipo de contrato “Servicios” se corresponde con los CPV que empiezan por 49 hasta los que comienzan con 98.
B20: Tipo de Contrato | F20: 1 | G20: Obligatorio | H20: Obligatorio | I20: Obligatorio | J20: Obligatorio | K20: Obligatorio | L20: Obligatorio | M20: Obligatorio | N20: Obligatorio | O20: Obligatorio | P20: cac:ProcurementProject/cbc:TypeCode | Q20: =VLOOKUP(P20,'Anuncio Previo'!H:I,2,FALSE) -> Valor en codelist ContractCode
B21: Subtipo de contrato | F21: 0..1 | G21: Obligatorio dependiendo del tipo de contrato | H21: Obligatorio dependiendo del tipo de contrato | I21: Obligatorio dependiendo del tipo de contrato | J21: Obligatorio dependiendo del tipo de contrato | K21: Obligatorio dependiendo del tipo de contrato | L21: Obligatorio dependiendo del tipo de contrato | M21: Obligatorio dependiendo del tipo de contrato | N21: Obligatorio dependiendo del tipo de contrato | O21: Obligatorio dependiendo del tipo de contrato | P21: cac:ProcurementProject/cbc:SubTypeCode | Q21: =VLOOKUP(P21,'Anuncio Previo'!H:I,2,FALSE) -> Valor en codelist GoodsContractCode; ServiceContractCode; WorksContractCode; PublicPrivateCollaborationContractTypeCode PatrimonialContractCode según el tipo de contrato
B22: Plazo de ejecución | F22: 0..1 | G22: Obligatorio | H22: Obligatorio | I22: Obligatorio | J22: Obligatorio | K22: Obligatorio | L22: Obligatorio | M22: Obligatorio | N22: Obligatorio | O22: Obligatorio | P22: cac:ProcurementProject/cac:PlannedPeriod | Q22: =VLOOKUP(P22,'Anuncio Previo'!H:I,2,FALSE) -> xsd:complexType
C23: Fecha de Inicio | F23: 0..1 | G23: Fecha de Inicio y (Fecha final o Duración) | H23: Fecha de Inicio y (Fecha final o Duración) | I23: Fecha de Inicio y (Fecha final o Duración) | J23: Fecha de Inicio y (Fecha final o Duración) | K23: Fecha de Inicio y (Fecha final o Duración) | L23: Fecha de Inicio y (Fecha final o Duración) | M23: Fecha de Inicio y (Fecha final o Duración) | N23: Fecha de Inicio y (Fecha final o Duración) | O23: Fecha de Inicio y (Fecha final o Duración) | P23: cac:ProcurementProject/cac:PlannedPeriod/cbc:StartDate | Q23: =VLOOKUP(P23,'Anuncio Previo'!H:I,2,FALSE) -> xsd:date
C24: Fecha Final | F24: 0..1 | G24: Fecha de Inicio y Fecha final | H24: Fecha de Inicio y Fecha final | I24: Fecha de Inicio y Fecha final | J24: Fecha de Inicio y Fecha final | K24: Fecha de Inicio y Fecha final | L24: Fecha de Inicio y Fecha final | M24: Fecha de Inicio y Fecha final | N24: Fecha de Inicio y Fecha final | O24: Fecha de Inicio y Fecha final | P24: cac:ProcurementProject/cac:PlannedPeriod/cbc:EndDate | Q24: =VLOOKUP(P24,'Anuncio Previo'!H:I,2,FALSE) -> xsd:date
C25: Duración | F25: 0..1 | G25: Fecha de Inicio y Duración | H25: Fecha de Inicio y Duración | I25: Fecha de Inicio y Duración | J25: Fecha de Inicio y Duración | K25: Fecha de Inicio y Duración | L25: Fecha de Inicio y Duración | M25: Fecha de Inicio y Duración | N25: Fecha de Inicio y Duración | O25: Fecha de Inicio y Duración | P25: cac:ProcurementProject/cac:PlannedPeriod/cbc:DurationMeasure | Q25: =VLOOKUP(P25,'Anuncio Previo'!H:I,2,FALSE) -> xsd:decimal. Máximo 17 dígitos enteros. No se aceptan decimales
B26: Lugar de ejecución | F26: 0..1 | G26: Obligatorio | H26: Obligatorio | I26: Obligatorio | J26: Obligatorio | K26: Obligatorio | L26: Obligatorio | M26: Obligatorio | N26: Obligatorio | O26: Obligatorio | P26: cac:ProcurementProject/cac:RealizedLocation | Q26: =VLOOKUP(P26,'Anuncio Previo'!H:I,2,FALSE) -> xsd:complexType
C27: Código de Subentidad Nacional | F27: 0..1 | G27: Obligatorio si es España | H27: Obligatorio si es España | I27: Obligatorio si es España | J27: Obligatorio si es España | K27: Obligatorio si es España | L27: Obligatorio si es España | M27: Obligatorio si es España | N27: Obligatorio si es España | O27: Obligatorio si es España | P27: cac:ProcurementProject/cac:RealizedLocation/cbc:CountrySubentityCode | Q27: =VLOOKUP(P27,'Anuncio Previo'!H:I,2,FALSE) -> Valor en codelist NUTS
C28: Subentidad Territorial | F28: 0..1 | G28: Obligatorio si es España | H28: Obligatorio si es España | I28: Obligatorio si es España | J28: Obligatorio si es España | K28: Obligatorio si es España | L28: Obligatorio si es España | M28: Obligatorio si es España | N28: Obligatorio si es España | O28: Obligatorio si es España | P28: cac:ProcurementProject/cac:RealizedLocation/cbc:CountrySubentity | Q28: =VLOOKUP(P28,'Anuncio Previo'!H:I,2,FALSE) -> xsd:String. Máximo 50 caracteres - Texto de Código de Subentidad Nacional en gc NUTs
C29: País | F29: 0..1 | G29: Obligatorio si no es España y recomendado si lo es. | H29: Obligatorio si no es España y recomendado si lo es. | I29: Obligatorio si no es España y recomendado si lo es. | J29: Obligatorio si no es España y recomendado si lo es. | K29: Obligatorio si no es España y recomendado si lo es. | L29: Obligatorio si no es España y recomendado si lo es. | M29: Obligatorio si no es España y recomendado si lo es. | N29: Obligatorio si no es España y recomendado si lo es. | O29: Obligatorio si no es España y recomendado si lo es. | P29: cac:ProcurementProject/cac:RealizedLocation/cac:Address/cac:Country/cbc:IdentificationCode | Q29: =VLOOKUP(P29,'Anuncio Previo'!H:I,2,FALSE) -> Valor en codelist CountryIdentificationCode
C30: Calle | F30: 0..1 | G30: Opcional | H30: Opcional | I30: Opcional | J30: Opcional | K30: Opcional | L30: Opcional | M30: Opcional | N30: Opcional | O30: Opcional | P30: cac:ProcurementProject/cac:RealizedLocation/cac:Address/cbc:AddressLine | Q30: =VLOOKUP(P30,'Anuncio Previo'!H:I,2,FALSE) -> xsd:string. Máximo 220 caracteres
C31: Código Postal | F31: 0..1 | G31: Opcional | H31: Opcional | I31: Opcional | J31: Opcional | K31: Opcional | L31: Opcional | M31: Opcional | N31: Opcional | O31: Opcional | P31: cac:ProcurementProject/cac:RealizedLocation/cac:Address/cbc:PostalZone | Q31: =VLOOKUP(P31,'Anuncio Previo'!H:I,2,FALSE) -> xsd:string. Máximo 5 caracteres numéricos si el país es España, en otro caso 32 máximo caracteres.
C32: Población | F32: 0..1 | G32: Opcional | H32: Opcional | I32: Opcional | J32: Opcional | K32: Opcional | L32: Opcional | M32: Opcional | N32: Opcional | O32: Opcional | P32: cac:ProcurementProject/cac:RealizedLocation/cac:Address/cbc:CityName | Q32: =VLOOKUP(P32,'Anuncio Previo'!H:I,2,FALSE) -> xsd:string. Máximo 90 caracteres
B33: Extensión de Contrato | F33: 0..1 | G33: Opcional | H33: Opcional | I33: Opcional | J33: Opcional | K33: Opcional | L33: Opcional | M33: Opcional | N33: Opcional | O33: Opcional | P33: cac:ProcurementProject/cac:ContractExtension | Q33: =VLOOKUP(P33,'Anuncio Previo'!H:I,2,FALSE) -> xsd:complexType
C34: Opciones | F34: 0..1 | G34: Opcional | H34: Opcional | I34: Opcional | J34: Opcional | K34: Opcional | L34: Opcional | M34: Opcional | N34: Opcional | O34: Opcional | P34: cac:ProcurementProject/cac:ContractExtension/cbc:OptionsDescription | Q34: =VLOOKUP(P34,'Anuncio Previo'!H:I,2,FALSE) -> xsd:string. Máximo 256 caracteres
C35: Periodo de validez de las opciones | F35: 0..1 | G35: Opcional | H35: Opcional | I35: Opcional | J35: Opcional | K35: Opcional | L35: Opcional | M35: Opcional | N35: Opcional | O35: Opcional | P35: cac:ProcurementProject/cac:ContractExtension/cac:OptionValidityPeriod/cbc:Description | Q35: =VLOOKUP(P35,'Anuncio Previo'!H:I,2,FALSE) -> xsd:string. Máximo 256 caracteres
A36: Lotes | F36: 0..n | G36: Obligatorio si hay lotes | H36: Obligatorio si hay lotes | I36: Obligatorio si hay lotes | J36: Obligatorio si hay lotes | K36: Obligatorio si hay lotes | L36: Obligatorio si hay lotes | M36: Obligatorio si hay lotes | N36: Obligatorio si hay lotes | O36: Obligatorio si hay lotes | P36: cac:ProcurementProjectLot | Q36: =VLOOKUP(P36,'Anuncio Previo'!H:I,2,FALSE) -> xsd:complexType
B37: Número de lote | F37: 1 | G37: Obligatorio | H37: Obligatorio | I37: Obligatorio | J37: Obligatorio | K37: Obligatorio | L37: Obligatorio | M37: Obligatorio | N37: Obligatorio | O37: Obligatorio | P37: cac:ProcurementProjectLot/cbc:ID | Q37: =VLOOKUP(P37,'Anuncio Previo'!H:I,2,FALSE) -> Máximo 3 caracteres numéricos
B38: Objeto | F38: 1 | G38: Obligatorio | H38: Obligatorio | I38: Obligatorio | J38: Obligatorio | K38: Obligatorio | L38: Obligatorio | M38: Obligatorio | N38: Obligatorio | O38: Obligatorio | P38: cac:ProcurementProjectLot/cac:ProcurementProject/cbc:Name | Q38: =VLOOKUP(P38,'Anuncio Previo'!H:I,2,FALSE) -> xsd:string. Máximo 1700 caracteres
B39: Importe sin impuestos | F39: 1 | G39: Obligatorio | H39: Obligatorio | I39: Obligatorio | J39: Obligatorio | K39: Obligatorio | L39: Obligatorio | M39: Obligatorio | N39: Obligatorio | O39: Obligatorio | P39: cac:ProcurementProjectLot/cac:ProcurementProject/cac:BudgetAmount/cbc:TotalAmount | Q39: =VLOOKUP(P39,'Anuncio Previo'!H:I,2,FALSE) -> xsd:decimal. Máximo 10 enteros y 2 decimales
B40: Importe con impuestos | F40: 1 | G40: Obligatorio | H40: Obligatorio | I40: Obligatorio | J40: Obligatorio | K40: Obligatorio | L40: Obligatorio | M40: Obligatorio | N40: Obligatorio | O40: Obligatorio | P40: cac:ProcurementProjectLot/cac:ProcurementProject/cac:BudgetAmount/cbc:TaxExclusiveAmount | Q40: =VLOOKUP(P40,'Anuncio Previo'!H:I,2,FALSE) -> xsd:decimal. Máximo 10 enteros y 2 decimales
B41: Clasificación CPV | F41: 0..n | G41: Obligatorio | H41: Obligatorio | I41: Obligatorio | J41: Obligatorio | K41: Obligatorio | L41: Opcional | M41: Obligatorio | N41: Obligatorio | O41: Obligatorio | P41: cac:ProcurementProjectLot/cac:ProcurementProject/cac:RequiredCommodityClassification/cbc:ItemClassificationCode | Q41: =VLOOKUP(P41,'Anuncio Previo'!H:I,2,FALSE) -> Valor en codelist CPV
B42: Lugar de ejecución | F42: 0..1 | G42: Obligatorio | H42: Obligatorio | I42: Obligatorio | J42: Obligatorio | K42: Obligatorio | L42: Obligatorio | M42: Obligatorio | N42: Obligatorio | O42: Obligatorio | P42: cac:ProcurementProjectLot/cac:ProcurementProject/cac:RealizedLocation | Q42: xsd:complexType
C43: Código de Subentidad Nacional | F43: 0..1 | G43: Obligatorio si es España | H43: Obligatorio si es España | I43: Obligatorio si es España | J43: Obligatorio si es España | K43: Obligatorio si es España | L43: Obligatorio si es España | M43: Obligatorio si es España | N43: Obligatorio si es España | O43: Obligatorio si es España | P43: cac:ProcurementProjectLot/cac:ProcurementProject/cac:RealizedLocation/cbc:CountrySubentityCode | Q43: Valor en http://contrataciondelestado.es/codice/cl/2.0/NUTS-2009.gc
C44: Subentidad Territorial | F44: 0..1 | G44: Obligatorio si es España | H44: Obligatorio si es España | I44: Obligatorio si es España | J44: Obligatorio si es España | K44: Obligatorio si es España | L44: Obligatorio si es España | M44: Obligatorio si es España | N44: Obligatorio si es España | O44: Obligatorio si es España | P44: cac:ProcurementProjectLot/cac:ProcurementProject/cac:RealizedLocation/cbc:CountrySubentity | Q44: xsd:String. Máximo 50 caracteres
C45: País | F45: 0..1 | G45: Obligatorio si no es España y recomendado si no lo es. | H45: Obligatorio si no es España y recomendado si no lo es. | I45: Obligatorio si no es España y recomendado si no lo es. | J45: Obligatorio si no es España y recomendado si no lo es. | K45: Obligatorio si no es España y recomendado si no lo es. | L45: Obligatorio si no es España y recomendado si no lo es. | M45: Obligatorio si no es España y recomendado si no lo es. | N45: Obligatorio si no es España y recomendado si no lo es. | O45: Obligatorio si no es España y recomendado si no lo es. | P45: cac:ProcurementProjectLot/cac:ProcurementProject/cac:RealizedLocation/cac:Address/cac:Country/cbc:IdentificationCode | Q45: Valor en codelist http://docs.oasis-open.org/ubl/os-UBL-2.0/cl/gc/default/CountryIdentificationCode-2.0.gc
C46: Calle | F46: 0..1 | G46: Opcional | H46: Opcional | I46: Opcional | J46: Opcional | K46: Opcional | L46: Opcional | M46: Opcional | N46: Opcional | O46: Opcional | P46: cac:ProcurementProjectLot/cac:ProcurementProject/cac:RealizedLocation/cac:Address/cbc:AddressLine | Q46: xsd:string. Máximo 220 caracteres
C47: Código Postal | F47: 0..1 | G47: Opcional | H47: Opcional | I47: Opcional | J47: Opcional | K47: Opcional | L47: Opcional | M47: Opcional | N47: Opcional | O47: Opcional | P47: cac:ProcurementProjectLot/cac:ProcurementProject/cac:RealizedLocation/cac:Address/cbc:PostalZone | Q47: xsd:string. Máximo 5 caracteres numéricos si el país es España, en otro caso 32 máximo caracteres.
C48: Población | F48: 0..1 | G48: Opcional | H48: Opcional | I48: Opcional | J48: Opcional | K48: Opcional | L48: Opcional | M48: Opcional | N48: Opcional | O48: Opcional | P48: cac:ProcurementProjectLot/cac:ProcurementProject/cac:RealizedLocation/cac:Address/cbc:CityName | Q48: xsd:string. Máximo 90 caracteres
A49: Entidad Adjudicadora | F49: 1 | G49: Obligatorio | H49: Obligatorio | I49: Obligatorio | J49: Obligatorio | K49: Obligatorio | L49: Obligatorio | M49: Obligatorio | N49: Obligatorio | O49: Obligatorio | P49: cac:ContractingParty | Q49: =VLOOKUP(P49,'Anuncio Previo'!H:I,2,FALSE) -> xsd:complexType
B50: Nombre | F50: 1 | G50: Obligatorio | H50: Obligatorio | I50: Obligatorio | J50: Obligatorio | K50: Obligatorio | L50: Obligatorio | M50: Obligatorio | N50: Obligatorio | O50: Obligatorio | P50: cac:ContractingParty/cac:Party/cac:PartyName/cbc:Name | Q50: =VLOOKUP(P50,'Anuncio Previo'!H:I,2,FALSE) -> xsd:string. Máximo 300 caracteres
B51: ID (schemeName=NIF) | F51: 1 | G51: Obligatorio | H51: Obligatorio | I51: Obligatorio | J51: Obligatorio | K51: Obligatorio | L51: Obligatorio | M51: Obligatorio | N51: Obligatorio | O51: Obligatorio | P51: cac:ContractingParty/cac:Party/cac:PartyIdentification/cbc:ID | Q51: =VLOOKUP(P51,'Anuncio Previo'!H:I,2,FALSE) -> xsd:string. Máximo 200 caracteres
B52: ID (schemeName=ID_PLATAFORMA) | F52: 1 | G52: Obligatorio | H52: Obligatorio | I52: Obligatorio | J52: Obligatorio | K52: Obligatorio | L52: Obligatorio | M52: Obligatorio | N52: Obligatorio | O52: Obligatorio | P52: cac:ContractingParty/cac:Party/cac:PartyIdentification/cbc:ID | Q52: =VLOOKUP(P52,'Anuncio Previo'!H:I,2,FALSE) -> xsd:string. Máximo 200 caracteres
B53: Tipo de Administración | F53: 1 | G53: Obligatorio | H53: Obligatorio | I53: Obligatorio | J53: Obligatorio | K53: Obligatorio | L53: Obligatorio | M53: Obligatorio | N53: Obligatorio | O53: Obligatorio | P53: cac:ContractingParty/cbc:ContractingPartyTypeCode | Q53: =VLOOKUP(P53,'Anuncio Previo'!H:I,2,FALSE) -> Valor en codelist ContractingAuthorityCode
B54: Tipo de Entidad Adjudicadora | F54: 0..1 | G54: Opcional | H54: Opcional | I54: Opcional | J54: Opcional | K54: Opcional | L54: Opcional | M54: Opcional | N54: Opcional | O54: Opcional | P54: cac:ContractingParty/cac:Party/cac:PartyIdentification/cbc:ID | Q54: =VLOOKUP(P54,'Anuncio Previo'!H:I,2,FALSE) -> xsd:string. Máximo 200 caracteres
B55: Sitio web | F55: 0..1 | G55: Opcional | H55: Opcional | I55: Opcional | J55: Opcional | K55: Opcional | L55: Opcional | M55: Opcional | N55: Opcional | O55: Opcional | P55: cac:ContractingParty/cac:Party/cbc:WebsiteURI | Q55: =VLOOKUP(P55,'Anuncio Previo'!H:I,2,FALSE) -> xsd:string. Máximo 256 caracteres y debe cumplir patrón URL
B56: Dirección postal | F56: 0..1 | G56: Opcional | H56: Opcional | I56: Opcional | J56: Opcional | K56: Opcional | L56: Opcional | M56: Opcional | N56: Opcional | O56: Opcional | P56: cac:ContractingParty/cac:Party/cac:PostalAddress | Q56: =VLOOKUP(P56,'Anuncio Previo'!H:I,2,FALSE) -> xsd:complexType
C57: Calle | F57: 0..1 | G57: Opcional | H57: Opcional | I57: Opcional | J57: Opcional | K57: Opcional | L57: Opcional | M57: Opcional | N57: Opcional | O57: Opcional | P57: cac:ContractingParty/cac:Party/cac:PostalAddress/cbc:AddressLine | Q57: =VLOOKUP(P57,'Anuncio Previo'!H:I,2,FALSE) -> xsd:string. Máximo 220 caracteres
C58: Código Postal | F58: 0..1 | G58: Opcional | H58: Opcional | I58: Opcional | J58: Opcional | K58: Opcional | L58: Opcional | M58: Opcional | N58: Opcional | O58: Opcional | P58: cac:ContractingParty/cac:Party/cac:PostalAddress/cbc:PostalZone | Q58: =VLOOKUP(P58,'Anuncio Previo'!H:I,2,FALSE) -> xsd:string. Máximo 5 caracteres numéricos si el país es España, en otro caso 32 máximo caracteres.
C59: Población | F59: 0..1 | G59: Opcional | H59: Opcional | I59: Opcional | J59: Opcional | K59: Opcional | L59: Opcional | M59: Opcional | N59: Opcional | O59: Opcional | P59: cac:ContractingParty/cac:Party/cac:PostalAddress/cbc:CityName | Q59: =VLOOKUP(P59,'Anuncio Previo'!H:I,2,FALSE) -> xsd:string. Máximo 90 caracteres
C60: País | F60: 0..1 | G60: Opcional | H60: Opcional | I60: Opcional | J60: Opcional | K60: Opcional | L60: Opcional | M60: Opcional | N60: Opcional | O60: Opcional | P60: cac:ContractingParty/cac:Party/cac:PostalAddress/cac:Country/cbc:IdentificationCode | Q60: =VLOOKUP(P60,'Anuncio Previo'!H:I,2,FALSE) -> Valor en codelist CountryIdentificationCode
B61: Contacto | F61: 0..1 | G61: Opcional | H61: Opcional | I61: Opcional | J61: Opcional | K61: Opcional | L61: Opcional | M61: Opcional | N61: Opcional | O61: Opcional | P61: cac:ContractingParty/cac:Party/cac:Contact | Q61: =VLOOKUP(P61,'Anuncio Previo'!H:I,2,FALSE) -> xsd:complexType
C62: Nombre para contacto | F62: 0..1 | G62: Opcional | H62: Opcional | I62: Opcional | J62: Opcional | K62: Opcional | L62: Opcional | M62: Opcional | N62: Opcional | O62: Opcional | P62: cac:ContractingParty/cac:Party/cac:Contact/cbc:Name | Q62: =VLOOKUP(P62,'Anuncio Previo'!H:I,2,FALSE) -> xsd:string. Máximo 300 caracteres
C63: Teléfono | F63: 0..1 | G63: Opcional | H63: Opcional | I63: Opcional | J63: Opcional | K63: Opcional | L63: Opcional | M63: Opcional | N63: Opcional | O63: Opcional | P63: cac:ContractingParty/cac:Party/cac:Contact/cbc:Telephone | Q63: =VLOOKUP(P63,'Anuncio Previo'!H:I,2,FALSE) -> xsd:string con formato: Prefijo internacional (Opcional si número nacional): signo "+" y máximo 3 dígitos seguido de espacio en blanco. Número: de 9 a 13 dígitos si número nacional y hasta 50 dígitos si es internacional.
C64: Fax | F64: 0..1 | G64: Opcional | H64: Opcional | I64: Opcional | J64: Opcional | K64: Opcional | L64: Opcional | M64: Opcional | N64: Opcional | O64: Opcional | P64: cac:ContractingParty/cac:party/cac:Contact/cbc:Telefax | Q64: =VLOOKUP(P64,'Anuncio Previo'!H:I,2,FALSE) -> xsd:string con formato: Prefijo internacional (Opcional si número nacional): signo "+" y máximo 3 dígitos seguido de espacio en blanco. Número: de 9 a 13 dígitos si número nacional y hasta 50 dígitos si es internacional.
C65: Correo Electrónico | F65: 0..1 | G65: Opcional | H65: Opcional | I65: Opcional | J65: Opcional | K65: Opcional | L65: Opcional | M65: Opcional | N65: Opcional | O65: Opcional | P65: cac:ContractingParty/cac:Party/cac:Contact/cbc:ElectronicMail | Q65: =VLOOKUP(P65,'Anuncio Previo'!H:I,2,FALSE) -> xsd:string. Se valida que sea una dirección de correo electrónico correcta
B66: Responsable | F66: 0..1 | G66: Opcional | H66: Opcional | I66: Opcional | J66: Opcional | K66: Opcional | L66: Opcional | M66: Opcional | N66: Opcional | O66: Opcional | P66: cac:ContractingParty/cac:Party/cac:Person | Q66: =VLOOKUP(P66,'Anuncio Previo'!H:I,2,FALSE) -> xsd:complexType
C67: Cargo | F67: 0..1 | G67: Opcional | H67: Opcional | I67: Opcional | J67: Opcional | K67: Opcional | L67: Opcional | M67: Opcional | N67: Opcional | O67: Opcional | P67: cac:ContractingParty/cac:Party/cac:Person/cbc:JobTitle | Q67: =VLOOKUP(P67,'Anuncio Previo'!H:I,2,FALSE) -> xsd:string. Máximo 250 caracteres
A68: Proceso de licitación | F68: 1 | G68: Obligatorio | H68: Obligatorio | I68: Obligatorio | J68: Obligatorio | K68: Obligatorio | L68: Obligatorio | M68: Obligatorio | N68: Obligatorio | O68: Obligatorio | P68: cac:TenderingProcess | Q68: =VLOOKUP(P68,'Anuncio Previo'!H:I,2,FALSE) -> xsd:complexType
B69: Tipo de procedimiento | F69: 1 | G69: Obligatorio | H69: Obligatorio | I69: Obligatorio | J69: Obligatorio | K69: Obligatorio | L69: Obligatorio | M69: Obligatorio | N69: Obligatorio | O69: Obligatorio | P69: cac:TenderingProcess/cbc:ProcedureCode | Q69: =VLOOKUP(P69,'Anuncio Previo'!H:I,2,FALSE) -> Valor en codelist TenderingProcessCode
B70: Sistema de contratación | F70: 0..1 | G70: Obligatorio | H70: Obligatorio | I70: Obligatorio | J70: Obligatorio | K70: Obligatorio | L70: Obligatorio | M70: Obligatorio | N70: Obligatorio | O70: Obligatorio (basado en acuerdo marco) | P70: cac:TenderingProcess/cbc:ContractingSystemCode | Q70: =VLOOKUP(P70,'Anuncio Previo'!H:I,2,FALSE) -> Valor en codelist ContractingSystemTypeCode
B71: Tipo Tramitación | F71: 1 | G71: Obligatorio | H71: Obligatorio | I71: Obligatorio | J71: Obligatorio | K71: Obligatorio | L71: Opcional | M71: Obligatorio | N71: Obligatorio | O71: Obligatorio | P71: cac:TenderingProcess/cbc:UrgencyCode | Q71: =VLOOKUP(P71,'Anuncio Previo'!H:I,2,FALSE) -> Valor en codelist DiligenceTypeCode
B72: Justificación del procedimiento acelerado | F72: 0..1 | G72: Recomendado si tipo de tramitación es Emergencia o Urgencia | H72: Recomendado si tipo de tramitación es Emergencia o Urgencia | I72: Recomendado si tipo de tramitación es Emergencia o Urgencia | J72: Recomendado si tipo de tramitación es Emergencia o Urgencia | K72: Recomendado si tipo de tramitación es Emergencia o Urgencia | L72: Recomendado si tipo de tramitación es Emergencia o Urgencia | M72: Recomendado si tipo de tramitación es Emergencia o Urgencia | N72: Recomendado si tipo de tramitación es Emergencia o Urgencia | O72: Recomendado si tipo de tramitación es Emergencia o Urgencia | P72: cac:TenderingProcess/cbc:AcceleratedProcedureJustification | Q72: xsd:string. Máximo 4.000 caracteres
B73: Tramitación Gasto | F73: 0..1 | G73: Recomendado | H73: Recomendado | I73: Recomendado | J73: Recomendado | K73: Recomendado | L73: Opcional | M73: Recomendado | N73: Recomendado | O73: Recomendado | P73: cac:TenderingProcess/cbc:ExpenseCode | Q73: =VLOOKUP(P73,'Anuncio Previo'!H:I,2,FALSE) -> Valor en codelist ExpenseTypeCode
B74: Presentación de la oferta | F74: 1 | G74: Obligatorio | H74: Obligatorio | I74: Obligatorio | J74: Obligatorio | K74: Obligatorio | L74: Opcional | M74: Obligatorio | N74: Obligatorio | O74: Obligatorio | P74: cac:TenderingProcess/cbc:SubmissionMethodCode | Q74: =VLOOKUP(P74,'Anuncio Previo'!H:I,2,FALSE) -> Valor en codelist TenderDeliveryCode
B75: Regulación armonizada/supera el umbral comunitario | F75: 0..1 | G75: Obligatorio | H75: Obligatorio | I75: Obligatorio | J75: Obligatorio | K75: Obligatorio | L75: Opcional | M75: Obligatorio | N75: Obligatorio | O75: Obligatorio | P75: cac:TenderingProcess/cbc:OverThresholdIndicator | Q75: =VLOOKUP(P75,'Anuncio Previo'!H:I,2,FALSE) -> xsd:boolean
B76: Información Acuerdo Marco | F76: 0.1 | G76: Obligatorio si establecimiento de acuerdo marco | H76: Obligatorio si establecimiento de acuerdo marco | I76: Obligatorio si establecimiento de acuerdo marco | J76: Obligatorio si establecimiento de acuerdo marco | K76: Obligatorio si establecimiento de acuerdo marco | L76: Obligatorio si establecimiento de acuerdo marco | M76: Obligatorio si establecimiento de acuerdo marco | N76: Obligatorio si establecimiento de acuerdo marco | O76: Obligatorio si establecimiento de acuerdo marco | P76: cac:TenderingProcess/cac:FrameworkAgreement | Q76: =VLOOKUP(P76,'Anuncio Previo'!H:I,2,FALSE) -> 0
C77: Número Previsto de Operadores | F77: 0.1 | G77: Obligatorio si establecimiento de acuerdo marco | H77: Obligatorio si establecimiento de acuerdo marco | I77: Obligatorio si establecimiento de acuerdo marco | J77: Obligatorio si establecimiento de acuerdo marco | K77: Obligatorio si establecimiento de acuerdo marco | L77: Obligatorio si establecimiento de acuerdo marco | M77: Obligatorio si establecimiento de acuerdo marco | N77: Obligatorio si establecimiento de acuerdo marco | O77: Obligatorio si establecimiento de acuerdo marco | P77: cac:TenderingProcess/cac:FrameworkAgreement/cbc:ExpectedOperatorQuantity | Q77: =VLOOKUP(P77,'Anuncio Previo'!H:I,2,FALSE) -> Valor entero Númerico.
C78: Duración | F78: 0.1 | G78: Opcional | H78: Opcional | I78: Opcional | J78: Opcional | K78: Opcional | L78: Opcional | M78: Opcional | N78: Opcional | O78: Opcional | P78: cac:TenderingProcess/cac:FrameworkAgreement | Q78: =VLOOKUP(P78,'Anuncio Previo'!H:I,2,FALSE) -> 0
C79: Justificación | F79: 0.1 | G79: Opcional | H79: Opcional | I79: Opcional | J79: Opcional | K79: Opcional | L79: Opcional | M79: Opcional | N79: Opcional | O79: Opcional | P79: cac:TenderingProcess/cac:FrameworkAgreement | Q79: =VLOOKUP(P79,'Anuncio Previo'!H:I,2,FALSE) -> 0
C80: Frecuencia | F80: 0.1 | G80: Opcional | H80: Opcional | I80: Opcional | J80: Opcional | K80: Opcional | L80: Opcional | M80: Opcional | N80: Opcional | O80: Opcional | P80: cac:TenderingProcess/cac:FrameworkAgreement | Q80: =VLOOKUP(P80,'Anuncio Previo'!H:I,2,FALSE) -> 0
C81: Importe Medio de Contratos Subsiguientes | F81: 0.1 | G81: Opcional | H81: Opcional | I81: Opcional | J81: Opcional | K81: Opcional | L81: Opcional | M81: Opcional | N81: Opcional | O81: Opcional | P81: cac:ProcurementProject/cac:BudgetAmount/cbc:AverageSubsequentContractAmount | Q81: =VLOOKUP(P81,'Anuncio Previo'!H:I,2,FALSE) -> xsd:decimal. Máximo 10 enteros y 2 decimales
B82: Se debe ofertar a | F82: 0..1 | G82: Obligatorio si lotes | H82: Obligatorio si lotes | I82: Obligatorio si lotes | J82: Obligatorio si lotes | K82: Obligatorio si lotes | L82: N/A | M82: Obligatorio si lotes | N82: Obligatorio si lotes | O82: N/A | P82: cac:TenderingProcess/cbc:PartPresentationCode | Q82: =VLOOKUP(P82,'Anuncio Previo'!H:I,2,FALSE) -> Lista gc TenderPresentationCode
B83: Número de lotes a los que puede ofertar | F83: 0..1 | G83: Recomendado si hay lotes | H83: Recomendado si hay lotes | I83: Recomendado si hay lotes | J83: Recomendado si hay lotes | K83: Recomendado si hay lotes | L83: N/A | M83: Recomendado si hay lotes | N83: Recomendado si hay lotes | O83: N/A | P83: cac:TenderingProcess/cbc:MaximumLotPresentationQuantity | Q83: =VLOOKUP(P83,'Anuncio Previo'!H:I,2,FALSE) -> xsd:integer. Máximo 999
B84: Número máximo de lotes que pueden adjudicarse a un licitador | F84: 0..1 | G84: Recomendado si hay lotes | H84: Recomendado si hay lotes | I84: Recomendado si hay lotes | J84: Recomendado si hay lotes | K84: Recomendado si hay lotes | L84: N/A | M84: Recomendado si hay lotes | N84: Recomendado si hay lotes | O84: N/A | P84: cac:TenderingProcess/cbc:MaximumTendererAwardedLotsQuantity | Q84: =VLOOKUP(P84,'Anuncio Previo'!H:I,2,FALSE) -> xsd:integer. Máximo 999
B85: El poder adjudicador se reserva el derecho de adjudicar contratos que combinen los lotes o grupos siguientes | F85: 0..1 | G85: Recomendado si hay lotes | H85: Recomendado si hay lotes | I85: Recomendado si hay lotes | J85: Recomendado si hay lotes | K85: Recomendado si hay lotes | L85: N/A | M85: Recomendado si hay lotes | N85: Recomendado si hay lotes | O85: N/A | P85: cac:TenderingProcess/cbc:LotsCombinationContractingauthorityRights | Q85: =VLOOKUP(P85,'Anuncio Previo'!H:I,2,FALSE) -> xsd:string. Máximo 400 caracteres
B86: Plazo de Obtención de Pliegos | F86: 0..1 | G86: Opcional | H86: Opcional | I86: Opcional | J86: Opcional | K86: Opcional | L86: Opcional | M86: Opcional | N86: Opcional | O86: Opcional | P86: cac:TenderingProcess/cac:DocumentAvailabilityPeriod | Q86: =VLOOKUP(P86,'Anuncio Previo'!H:I,2,FALSE) -> xsd:complexType
C87: Fecha | F87: 0..1 | G87: Obligatorio si se indica plazo de obtención de pliegos | H87: Obligatorio si se indica plazo de obtención de pliegos | I87: Obligatorio si se indica plazo de obtención de pliegos | J87: Obligatorio si se indica plazo de obtención de pliegos | K87: Obligatorio si se indica plazo de obtención de pliegos | L87: Obligatorio si se indica plazo de obtención de pliegos | M87: Obligatorio si se indica plazo de obtención de pliegos | N87: Obligatorio si se indica plazo de obtención de pliegos | O87: Obligatorio si se indica plazo de obtención de pliegos | P87: cac:TenderingProcess/cac:DocumentAvailabilityPeriod/cbc:EndDate | Q87: =VLOOKUP(P87,'Anuncio Previo'!H:I,2,FALSE) -> xsd:date
C88: Hora | F88: 0..1 | G88: Obligatorio si se indica plazo de obtención de pliegos | H88: Obligatorio si se indica plazo de obtención de pliegos | I88: Obligatorio si se indica plazo de obtención de pliegos | J88: Obligatorio si se indica plazo de obtención de pliegos | K88: Obligatorio si se indica plazo de obtención de pliegos | L88: Obligatorio si se indica plazo de obtención de pliegos | M88: Obligatorio si se indica plazo de obtención de pliegos | N88: Obligatorio si se indica plazo de obtención de pliegos | O88: Obligatorio si se indica plazo de obtención de pliegos | P88: cac:TenderingProcess/cac:DocumentAvailabilityPeriod/cbc:EndTime | Q88: =VLOOKUP(P88,'Anuncio Previo'!H:I,2,FALSE) -> xsd:time
B89: Plazo de Presentación de Oferta | F89: 0..1 | G89: Obligatorio | H89: Obligatorio | I89: Opcional | J89: Opcional | K89: Obligatorio | L89: Obligatorio | M89: Opcional | N89: Opcional | O89: Opcional | P89: cac:TenderingProcess/cac:TenderSubmissionDeadlinePeriod | Q89: =VLOOKUP(P89,'Anuncio Previo'!H:I,2,FALSE) -> xsd:complexType
C90: Fecha | F90: 0..1 | G90: Obligatorio si no se indica Observaciones | H90: Obligatorio si no se indica Observaciones | I90: Obligatorio si no se indica Observaciones | J90: Obligatorio si no se indica Observaciones | K90: Obligatorio si no se indica Observaciones | L90: Obligatorio si no se indica Observaciones | M90: Obligatorio si no se indica Observaciones | N90: Obligatorio si no se indica Observaciones | O90: Obligatorio si no se indica Observaciones | P90: cac:TenderingProcess/cac:TenderSubmissionDeadlinePeriod/cbc:EndDate | Q90: =VLOOKUP(P90,'Anuncio Previo'!H:I,2,FALSE) -> xsd:date
C91: Hora | F91: 0..1 | G91: Obligatorio si no se indica Observaciones | H91: Obligatorio si no se indica Observaciones | I91: Obligatorio si no se indica Observaciones | J91: Obligatorio si no se indica Observaciones | K91: Obligatorio si no se indica Observaciones | L91: Obligatorio si no se indica Observaciones | M91: Obligatorio si no se indica Observaciones | N91: Obligatorio si no se indica Observaciones | O91: Obligatorio si no se indica Observaciones | P91: cac:TenderingProcess/cac:TenderSubmissionDeadlinePeriod/cbc:EndTime | Q91: =VLOOKUP(P91,'Anuncio Previo'!H:I,2,FALSE) -> xsd:time
C92: Observaciones | F92: 0..1 | G92: Obligatorio si no se indica Fecha y Hora | H92: Obligatorio si no se indica Fecha y Hora | I92: Obligatorio si no se indica Fecha y Hora | J92: Obligatorio si no se indica Fecha y Hora | K92: Obligatorio si no se indica Fecha y Hora | L92: Obligatorio si no se indica Fecha y Hora | M92: Obligatorio si no se indica Fecha y Hora | N92: Obligatorio si no se indica Fecha y Hora | O92: Obligatorio si no se indica Fecha y Hora | P92: cac:TenderingProcess/cac:TenderSubmissionDeadlinePeriod/cbc:Description | Q92: =VLOOKUP(P92,'Anuncio Previo'!H:I,2,FALSE) -> xsd:string. Máximo 550 caracteres
B93: Plazo de Presentación de Solicitudes de Participación | F93: 0..1 | G93: N.A. | H93: N.A. | I93: Obligatorio | J93: Obligatorio | K93: N/A | L93: N/A | M93: Obligatorio | N93: Opcional | O93: Recomendado | P93: cac:TenderingProcess/cac:ParticipationRequestReceptionPeriod | Q93: =VLOOKUP(P93,'Anuncio Previo'!H:I,2,FALSE) -> xsd:complexType
C94: Fecha | F94: ??? | G94: N.A. | H94: N.A. | I94: Obligatorio | J94: Obligatorio | K94: N/A | L94: N/A | M94: Obligatorio | N94: Obligatorio si se indica plazo de presentación de solicitudes | O94: Obligatorio si se indica plazo de presentación de solicitudes | P94: cac:TenderingProcess/cac:ParticipationRequestReceptionPeriod/cbc:EndDate | Q94: =VLOOKUP(P94,'Anuncio Previo'!H:I,2,FALSE) -> xsd:date
C95: Hora | F95: ??? | G95: N.A. | H95: N.A. | I95: Obligatorio | J95: Obligatorio | K95: N/A | L95: N/A | M95: Obligatorio | N95: Obligatorio si se indica plazo de presentación de solicitudes | O95: Obligatorio si se indica plazo de presentación de solicitudes | P95: cac:TenderingProcess/cac:ParticipationRequestReceptionPeriod/cbc:EndTime | Q95: =VLOOKUP(P95,'Anuncio Previo'!H:I,2,FALSE) -> xsd:time
B96: Fecha prevista de envío de invitaciones | F96: 0..1 | G96: N.A. | H96: N.A. | I96: Opcional | J96: Opcional | K96: Opcional | L96: Opcional | M96: Opcional | N96: Opcional | O96: Opcional | P96: cac:TenderingProcess/cac:InvitationSubmissionPeriod | Q96: xsd:complexType
C97: Fecha | F97: ??? | G97: N.A. | H97: N.A. | I97: Opcional | J97: Opcional | K97: Opcional | L97: Opcional | M97: Opcional | N97: Opcional | O97: Opcional | P97: cac:TenderingProcess/cac:InvitationSubmissionPeriod/cbc:EndDate | Q97: xsd:date
C98: Hora | F98: ??? | G98: N.A. | H98: N.A. | I98: Opcional | J98: Opcional | K98: Opcional | L98: Opcional | M98: Opcional | N98: Opcional | O98: Opcional | P98: cac:TenderingProcess/cac:InvitationSubmissionPeriod/cbc:EndTime | Q98: xsd:time
B99: Eventos | F99: 0..n | G99: Recomendado | H99: Recomendado | I99: Opcional | J99: Opcional | K99: Opcional | L99: Opcional | M99: Opcional | N99: Opcional | O99: Opcional | P99: cac:TenderingProcess/cac:OpenTenderEvent | Q99: =VLOOKUP(P99,'Anuncio Previo'!H:I,2,FALSE) -> xsd:complexType
C100: Tipo de evento | F100: 1 | G100: Obligatorio si se indica evento | H100: Obligatorio si se indica evento | I100: Obligatorio si se indica evento | J100: Obligatorio si se indica evento | K100: Obligatorio si se indica evento | L100: Obligatorio si se indica evento | M100: Obligatorio si se indica evento | N100: Obligatorio si se indica evento | O100: Obligatorio si se indica evento | P100: cac:TenderingProcess/cac:OpenTenderEvent/cbc:TypeCode | Q100: =VLOOKUP(P100,'Anuncio Previo'!H:I,2,FALSE) -> Valor en codelist EventTypeCode
...

Sheet Anuncio Adjudicación
A1: DATO | F1: Cardinalidad | G1: Abierto | H1: Abierto Simplificado | I1: Restringido | J1: Negociado con publicidad Licitación con negociación | K1: Negociado Sin Publicidad | L1: Contrato Menor | M1: Diálogo Competitivo | N1: Normas Internas | O1: Basado en Acuerdo Marco | P1: Mapeo CODICE | Q1: Tipo de dato
A2: Identificador de Versión UBL | F2: 1 | G2: Obligatorio | H2: Obligatorio | I2: Obligatorio | J2: Obligatorio | K2: Obligatorio | L2: Obligatorio | M2: Obligatorio | N2: Obligatorio | O2: Obligatorio | P2: cbc:UBLVersionID | Q2: =VLOOKUP(P2,'Anuncio Previo'!H:I,2,FALSE) -> xsd:string. Valor "CODICE 2.05"
A3: Identificador de Personalización | F3: 1 | G3: Obligatorio | H3: Obligatorio | I3: Obligatorio | J3: Obligatorio | K3: Obligatorio | L3: Obligatorio | M3: Obligatorio | N3: Obligatorio | O3: Obligatorio | P3: cbc:CustomizationID | Q3: =VLOOKUP(P3,'Anuncio Previo'!H:I,2,FALSE) -> xsd:string. Valor "2.1"
A4: Identificador de Perfil | F4: 1 | G4: Obligatorio | H4: Obligatorio | I4: Obligatorio | J4: Obligatorio | K4: Obligatorio | L4: Obligatorio | M4: Obligatorio | N4: Obligatorio | O4: Obligatorio | P4: cbc:ProfileID | Q4: =VLOOKUP(P4,'Anuncio Previo'!H:I,2,FALSE) -> xsd:string. Valor "CiP 1.12"
A5: Identificador de copia | F5: 0..1 | G5: Opcional | H5: Opcional | I5: Opcional | J5: Opcional | K5: Opcional | L5: Opcional | M5: Opcional | N5: Opcional | O5: Opcional | P5: cbc:CopyIndicator | Q5: =VLOOKUP(P5,'Anuncio Previo'!H:I,2,FALSE) -> xsd:boolean
A6: Indicador de anuncio | F6: 1 | G6: Obligatorio | H6: Obligatorio | I6: Obligatorio | J6: Obligatorio | K6: Obligatorio | L6: Obligatorio | M6: Obligatorio | N6: Obligatorio | O6: Obligatorio | P6: cbc:ID | Q6: =VLOOKUP(P6,'Anuncio Previo'!H:I,2,FALSE) -> xsd:String(200)
A7: Identificador Universal Único | F7: 0..1 | G7: Opcional | H7: Opcional | I7: Opcional | J7: Opcional | K7: Opcional | L7: Opcional | M7: Opcional | N7: Opcional | O7: Opcional | P7: cbc:UUID | Q7: =VLOOKUP(P7,'Anuncio Previo'!H:I,2,FALSE) -> xsd:String(100)
A8: Número de Expediente | F8: 1 | G8: Obligatorio | H8: Obligatorio | I8: Obligatorio | J8: Obligatorio | K8: Obligatorio | L8: Obligatorio | M8: Obligatorio | N8: Obligatorio | O8: Obligatorio | P8: cbc:ContractFolderID | Q8: =VLOOKUP(P8,'Anuncio Previo'!H:I,2,FALSE) -> xsd:string(50)
A9: Fecha de Emisión | F9: 1 | G9: Obligatorio | H9: Obligatorio | I9: Obligatorio | J9: Obligatorio | K9: Obligatorio | L9: Obligatorio | M9: Obligatorio | N9: Obligatorio | O9: Obligatorio | P9: cbc:IssueDate | Q9: =VLOOKUP(P9,'Anuncio Previo'!H:I,2,FALSE) -> xsd:date
A10: Hora de Emisión | F10: 1 | G10: Obligatorio | H10: Obligatorio | I10: Obligatorio | J10: Obligatorio | K10: Obligatorio | L10: Obligatorio | M10: Obligatorio | N10: Obligatorio | O10: Obligatorio | P10: cbc:IssueTime | Q10: =VLOOKUP(P10,'Anuncio Previo'!H:I,2,FALSE) -> xsd:time
A11: Texto del acuerdo | F11: 0..1 | G11: Opcional | H11: Opcional | I11: Opcional | J11: Opcional | K11: Opcional | L11: Opcional | M11: Opcional | N11: Opcional | O11: Opcional | P11: cbc:Note. | Q11: xsd:string. Máximo 4500 caracteres
A12: Acta del acuerdo | F12: 0..1 | G12: Opcional | H12: Opcional | I12: Opcional | J12: Opcional | K12: Opcional | L12: Opcional | M12: Opcional | N12: Opcional | O12: Opcional | P12: cac:MinutesDocumentReference | Q12: xsd:complexType
A13: Proyecto de compra | F13: 1 | G13: Obligatorio | H13: Obligatorio | I13: Obligatorio | J13: Obligatorio | K13: Obligatorio | L13: Obligatorio | M13: Obligatorio | N13: Obligatorio | O13: Obligatorio | P13: cac:ProcurementProject | Q13: =VLOOKUP(P13,'Anuncio Previo'!H:I,2,FALSE) -> xsd:complexType
B14: Objeto del Contrato | F14: 1 | G14: Obligatorio | H14: Obligatorio | I14: Obligatorio | J14: Obligatorio | K14: Obligatorio | L14: Obligatorio | M14: Obligatorio | N14: Obligatorio | O14: Obligatorio | P14: cac:ProcurementProject/cbc:Name | Q14: =VLOOKUP(P14,'Anuncio Previo'!H:I,2,FALSE) -> xsd:string(1700), 400 si se envia a DOUE
B15: valor estimado del contrato | F15: 0..1 | G15: Obligatorio | H15: Obligatorio | I15: Obligatorio | J15: Obligatorio | K15: Obligatorio | L15: Opcional | M15: Obligatorio | N15: Obligatorio | O15: Obligatorio | P15: cac:ProcurementProject/cac:BudgetAmount/cbc:EstimatedOverallContractAmount | Q15: =VLOOKUP(P15,'Anuncio Previo'!H:I,2,FALSE) -> xsd:decimal. Máximo 10 enteros y 2 decimales
B16: Presupuesto base con impuestos | F16: 0..1 | G16: Obligatorio | H16: Obligatorio | I16: Obligatorio | J16: Obligatorio | K16: Obligatorio | L16: Obligatorio | M16: Obligatorio | N16: Obligatorio | O16: Obligatorio | P16: cac:ProcurementProject/cac:BudgetAmount/cbc:TotalAmount | Q16: =VLOOKUP(P16,'Anuncio Previo'!H:I,2,FALSE) -> xsd:decimal. Máximo 10 enteros y 2 decimales
B17: Presupuesto base sin impuestos | F17: 0..1 | G17: Obligatorio | H17: Obligatorio | I17: Obligatorio | J17: Obligatorio | K17: Obligatorio | L17: Obligatorio | M17: Obligatorio | N17: Obligatorio | O17: Obligatorio | P17: cac:ProcurementProject/cac:BudgetAmount/cbc:TaxExclusiveAmount | Q17: =VLOOKUP(P17,'Anuncio Previo'!H:I,2,FALSE) -> xsd:decimal. Máximo 10 enteros y 2 decimales
B18: Clasificación CPV | F18: 0..n | G18: Obligatorio | H18: Obligatorio | I18: Obligatorio | J18: Obligatorio | K18: Obligatorio | L18: Opcional | M18: Obligatorio | N18: Obligatorio | O18: Obligatorio | P18: cac:ProcurementProject/cac:RequiredCommodityClassification/cbc:ItemClassificationCode | Q18: =VLOOKUP(P18,'Anuncio Previo'!H:I,2,FALSE) -> Valor en codelist CPV CPV principal en funcion del tipo de contrato: - tipo de contrato “Suministros” códigos CPV que comienzan con 0 hasta los que empiezan por 44 más los que comienzan con 48. - tipo de contrato “Obras” se corresponde con los CPV que empiezan por 45. - tipo de contrato “Servicios” se corresponde con los CPV que empiezan por 49 hasta los que comienzan con 98.
B19: Tipo de Contrato | F19: 1 | G19: Obligatorio | H19: Obligatorio | I19: Obligatorio | J19: Obligatorio | K19: Obligatorio | L19: Obligatorio | M19: Obligatorio | N19: Obligatorio | O19: Obligatorio | P19: cac:ProcurementProject/cbc:TypeCode | Q19: =VLOOKUP(P19,'Anuncio Previo'!H:I,2,FALSE) -> Valor en codelist ContractCode
B20: Subtipo de contrato | F20: 0..1 | G20: Obligatorio dependiendo del tipo de contrato | H20: Obligatorio dependiendo del tipo de contrato | I20: Obligatorio dependiendo del tipo de contrato | J20: Obligatorio dependiendo del tipo de contrato | K20: Obligatorio dependiendo del tipo de contrato | L20: Obligatorio dependiendo del tipo de contrato | M20: Obligatorio dependiendo del tipo de contrato | N20: Obligatorio dependiendo del tipo de contrato | O20: Obligatorio dependiendo del tipo de contrato | P20: cac:ProcurementProject/cbc:SubTypeCode | Q20: =VLOOKUP(P20,'Anuncio Previo'!H:I,2,FALSE) -> Valor en codelist GoodsContractCode; ServiceContractCode; WorksContractCode; PublicPrivateCollaborationContractTypeCode PatrimonialContractCode según el tipo de contrato
B21: Plazo de ejecución | F21: 0..1 | G21: Obligatorio | H21: Obligatorio | I21: Obligatorio | J21: Obligatorio | K21: Obligatorio | L21: Obligatorio | M21: Obligatorio | N21: Obligatorio | O21: Obligatorio | P21: cac:ProcurementProject/cac:PlannedPeriod | Q21: =VLOOKUP(P21,'Anuncio Previo'!H:I,2,FALSE) -> xsd:complexType
C22: Fecha de Inicio | F22: 0..1 | G22: Fecha de Inicio y (Fecha final o Duración) | H22: Fecha de Inicio y (Fecha final o Duración) | I22: Fecha de Inicio y (Fecha final o Duración) | J22: Fecha de Inicio y (Fecha final o Duración) | K22: Fecha de Inicio y (Fecha final o Duración) | L22: Fecha de Inicio y (Fecha final o Duración) | M22: Fecha de Inicio y (Fecha final o Duración) | N22: Fecha de Inicio y (Fecha final o Duración) | O22: Fecha de Inicio y (Fecha final o Duración) | P22: cac:ProcurementProject/cac:PlannedPeriod/cbc:StartDate | Q22: =VLOOKUP(P22,'Anuncio Previo'!H:I,2,FALSE) -> xsd:date
C23: Fecha Final | F23: 0..1 | G23: Fecha de Inicio y Fecha final | H23: Fecha de Inicio y Fecha final | I23: Fecha de Inicio y Fecha final | J23: Fecha de Inicio y Fecha final | K23: Fecha de Inicio y Fecha final | L23: Fecha de Inicio y Fecha final | M23: Fecha de Inicio y Fecha final | N23: Fecha de Inicio y Fecha final | O23: Fecha de Inicio y Fecha final | P23: cac:ProcurementProject/cac:PlannedPeriod/cbc:EndDate | Q23: =VLOOKUP(P23,'Anuncio Previo'!H:I,2,FALSE) -> xsd:date
C24: Duración | F24: 0..1 | G24: Fecha de Inicio y Duración | H24: Fecha de Inicio y Duración | I24: Fecha de Inicio y Duración | J24: Fecha de Inicio y Duración | K24: Fecha de Inicio y Duración | L24: Fecha de Inicio y Duración | M24: Fecha de Inicio y Duración | N24: Fecha de Inicio y Duración | O24: Fecha de Inicio y Duración | P24: cac:ProcurementProject/cac:PlannedPeriod/cbc:DurationMeasure | Q24: =VLOOKUP(P24,'Anuncio Previo'!H:I,2,FALSE) -> xsd:decimal. Máximo 17 dígitos enteros. No se aceptan decimales
B25: Lugar de ejecución | F25: 0..1 | G25: Obligatorio | H25: Obligatorio | I25: Obligatorio | J25: Obligatorio | K25: Obligatorio | L25: Obligatorio | M25: Obligatorio | N25: Obligatorio | O25: Obligatorio | P25: cac:ProcurementProject/cac:RealizedLocation | Q25: =VLOOKUP(P25,'Anuncio Previo'!H:I,2,FALSE) -> xsd:complexType
C26: Código de Subentidad Nacional | F26: 0..1 | G26: Obligatorio si es España | H26: Obligatorio si es España | I26: Obligatorio si es España | J26: Obligatorio si es España | K26: Obligatorio si es España | L26: Obligatorio si es España | M26: Obligatorio si es España | N26: Obligatorio si es España | O26: Obligatorio si es España | P26: cac:ProcurementProject/cac:RealizedLocation/cbc:CountrySubentityCode | Q26: =VLOOKUP(P26,'Anuncio Previo'!H:I,2,FALSE) -> Valor en codelist NUTS
C27: Subentidad Territorial | F27: 0..1 | G27: Obligatorio si es España | H27: Obligatorio si es España | I27: Obligatorio si es España | J27: Obligatorio si es España | K27: Obligatorio si es España | L27: Obligatorio si es España | M27: Obligatorio si es España | N27: Obligatorio si es España | O27: Obligatorio si es España | P27: cac:ProcurementProject/cac:RealizedLocation/cbc:CountrySubentity | Q27: =VLOOKUP(P27,'Anuncio Previo'!H:I,2,FALSE) -> xsd:String. Máximo 50 caracteres - Texto de Código de Subentidad Nacional en gc NUTs
C28: País | F28: 0..1 | G28: Obligatorio si no es España y recomendado si lo es. | H28: Obligatorio si no es España y recomendado si lo es. | I28: Obligatorio si no es España y recomendado si lo es. | J28: Obligatorio si no es España y recomendado si lo es. | K28: Obligatorio si no es España y recomendado si lo es. | L28: Obligatorio si no es España y recomendado si lo es. | M28: Obligatorio si no es España y recomendado si lo es. | N28: Obligatorio si no es España y recomendado si lo es. | O28: Obligatorio si no es España y recomendado si lo es. | P28: cac:ProcurementProject/cac:RealizedLocation/cac:Address/cac:Country/cbc:IdentificationCode | Q28: =VLOOKUP(P28,'Anuncio Previo'!H:I,2,FALSE) -> Valor en codelist CountryIdentificationCode
C29: Calle | F29: 0..1 | G29: Opcional | H29: Opcional | I29: Opcional | J29: Opcional | K29: Opcional | L29: Opcional | M29: Opcional | N29: Opcional | O29: Opcional | P29: cac:ProcurementProject/cac:RealizedLocation/cac:Address/cbc:AddressLine | Q29: =VLOOKUP(P29,'Anuncio Previo'!H:I,2,FALSE) -> xsd:string. Máximo 220 caracteres
C30: Código Postal | F30: 0..1 | G30: Opcional | H30: Opcional | I30: Opcional | J30: Opcional | K30: Opcional | L30: Opcional | M30: Opcional | N30: Opcional | O30: Opcional | P30: cac:ProcurementProject/cac:RealizedLocation/cac:Address/cbc:PostalZone | Q30: =VLOOKUP(P30,'Anuncio Previo'!H:I,2,FALSE) -> xsd:string. Máximo 5 caracteres numéricos si el país es España, en otro caso 32 máximo caracteres.
C31: Población | F31: 0..1 | G31: Opcional | H31: Opcional | I31: Opcional | J31: Opcional | K31: Opcional | L31: Opcional | M31: Opcional | N31: Opcional | P31: cac:ProcurementProject/cac:RealizedLocation/cac:Address/cbc:CityName | Q31: =VLOOKUP(P31,'Anuncio Previo'!H:I,2,FALSE) -> xsd:string. Máximo 90 caracteres
B32: Extensión de Contrato | F32: 0..1 | G32: Opcional | H32: Opcional | I32: Opcional | J32: Opcional | K32: Opcional | L32: Opcional | M32: Opcional | N32: Opcional | O32: Opcional | P32: cac:ProcurementProject/cac:ContractExtension | Q32: =VLOOKUP(P32,'Anuncio Previo'!H:I,2,FALSE) -> xsd:complexType
C33: Opciones | F33: 0..1 | G33: Opcional | H33: Opcional | I33: Opcional | J33: Opcional | K33: Opcional | L33: Opcional | M33: Opcional | N33: Opcional | P33: cac:ProcurementProject/cac:ContractExtension/cbc:OptionsDescription | Q33: =VLOOKUP(P33,'Anuncio Previo'!H:I,2,FALSE) -> xsd:string. Máximo 256 caracteres
C34: Periodo de validez de las opciones | F34: 0..1 | G34: Opcional | H34: Opcional | I34: Opcional | J34: Opcional | K34: Opcional | L34: Opcional | M34: Opcional | N34: Opcional | P34: cac:ProcurementProject/cac:ContractExtension/cac:OptionValidityPeriod/cbc:Description | Q34: =VLOOKUP(P34,'Anuncio Previo'!H:I,2,FALSE) -> xsd:string. Máximo 256 caracteres
A35: Lotes | F35: 0..n | G35: Obligatorio si hay lotes | H35: Obligatorio si hay lotes | I35: Obligatorio si hay lotes | J35: Obligatorio si hay lotes | K35: Obligatorio si hay lotes | L35: Obligatorio si hay lotes | M35: Obligatorio si hay lotes | N35: Obligatorio si hay lotes | O35: Obligatorio si hay lotes | P35: cac:ProcurementProjectLot | Q35: =VLOOKUP(P35,'Anuncio Previo'!H:I,2,FALSE) -> xsd:complexType
B36: Número de lote | F36: 1 | G36: Obligatorio | H36: Obligatorio | I36: Obligatorio | J36: Obligatorio | K36: Obligatorio | L36: Obligatorio | M36: Obligatorio | N36: Obligatorio | O36: Obligatorio | P36: cac:ProcurementProjectLot/cbc:ID | Q36: =VLOOKUP(P36,'Anuncio Previo'!H:I,2,FALSE) -> Máximo 3 caracteres numéricos
B37: Objeto | F37: 1 | G37: Obligatorio | H37: Obligatorio | I37: Obligatorio | J37: Obligatorio | K37: Obligatorio | L37: Obligatorio | M37: Obligatorio | N37: Obligatorio | O37: Obligatorio | P37: cac:ProcurementProjectLot/cac:ProcurementProject/cbc:Name | Q37: =VLOOKUP(P37,'Anuncio Previo'!H:I,2,FALSE) -> xsd:string. Máximo 1700 caracteres
B38: Importe sin impuestos | F38: 1 | G38: Obligatorio | H38: Obligatorio | I38: Obligatorio | J38: Obligatorio | K38: Obligatorio | L38: Obligatorio | M38: Obligatorio | N38: Obligatorio | O38: Obligatorio | P38: cac:ProcurementProjectLot/cac:ProcurementProject/cac:BudgetAmount/cbc:TotalAmount | Q38: =VLOOKUP(P38,'Anuncio Previo'!H:I,2,FALSE) -> xsd:decimal. Máximo 10 enteros y 2 decimales
B39: Importe con impuestos | F39: 1 | G39: Obligatorio | H39: Obligatorio | I39: Obligatorio | J39: Obligatorio | K39: Obligatorio | L39: Obligatorio | M39: Obligatorio | N39: Obligatorio | O39: Obligatorio | P39: cac:ProcurementProjectLot/cac:ProcurementProject/cac:BudgetAmount/cbc:TaxExclusiveAmount | Q39: =VLOOKUP(P39,'Anuncio Previo'!H:I,2,FALSE) -> xsd:decimal. Máximo 10 enteros y 2 decimales
B40: Clasificación CPV | F40: 0..n | G40: Obligatorio | H40: Obligatorio | I40: Obligatorio | J40: Obligatorio | K40: Obligatorio | L40: Opcional | M40: Obligatorio | N40: Obligatorio | O40: Obligatorio | P40: cac:ProcurementProjectLot/cac:ProcurementProject/cac:RequiredCommodityClassification/cbc:ItemClassificationCode | Q40: =VLOOKUP(P40,'Anuncio Previo'!H:I,2,FALSE) -> Valor en codelist CPV
B41: Lugar de ejecución | F41: 0..1 | G41: Obligatorio | H41: Obligatorio | I41: Obligatorio | J41: Obligatorio | K41: Obligatorio | L41: Obligatorio | M41: Obligatorio | N41: Obligatorio | O41: Obligatorio | P41: cac:ProcurementProjectLot/cac:ProcurementProject/cac:RealizedLocation | Q41: xsd:complexType
C42: Código de Subentidad Nacional | F42: 0..1 | G42: Obligatorio si es España | H42: Obligatorio si es España | I42: Obligatorio si es España | J42: Obligatorio si es España | K42: Obligatorio si es España | L42: Obligatorio si es España | M42: Obligatorio si es España | N42: Obligatorio si es España | O42: Obligatorio si es España | P42: cac:ProcurementProjectLot/cac:ProcurementProject/cac:RealizedLocation/cbc:CountrySubentityCode | Q42: Valor en gc NUTS
C43: Subentidad Territorial | F43: 0..1 | G43: Obligatorio si es España | H43: Obligatorio si es España | I43: Obligatorio si es España | J43: Obligatorio si es España | K43: Obligatorio si es España | L43: Obligatorio si es España | M43: Obligatorio si es España | N43: Obligatorio si es España | O43: Obligatorio si es España | P43: cac:ProcurementProjectLot/cac:ProcurementProject/cac:RealizedLocation/cbc:CountrySubentity | Q43: xsd:String. Máximo 50 caracteres
C44: País | F44: 0..1 | G44: Obligatorio si no es España y recomendado si no lo es. | H44: Obligatorio si no es España y recomendado si no lo es. | I44: Obligatorio si no es España y recomendado si no lo es. | J44: Obligatorio si no es España y recomendado si no lo es. | K44: Obligatorio si no es España y recomendado si no lo es. | L44: Obligatorio si no es España y recomendado si no lo es. | M44: Obligatorio si no es España y recomendado si no lo es. | N44: Obligatorio si no es España y recomendado si no lo es. | O44: Obligatorio si no es España y recomendado si no lo es. | P44: cac:ProcurementProjectLot/cac:ProcurementProject/cac:RealizedLocation/cac:Address/cac:Country/cbc:IdentificationCode | Q44: Valor en codelist http://docs.oasis-open.org/ubl/os-UBL-2.0/cl/gc/default/CountryIdentificationCode-2.0.gc
C45: Calle | F45: 0..1 | G45: Opcional | H45: Opcional | I45: Opcional | J45: Opcional | K45: Opcional | L45: Opcional | M45: Opcional | N45: Opcional | O45: Opcional | P45: cac:ProcurementProjectLot/cac:ProcurementProject/cac:RealizedLocation/cac:Address/cbc:AddressLine | Q45: xsd:string. Máximo 220 caracteres
C46: Código Postal | F46: 0..1 | G46: Opcional | H46: Opcional | I46: Opcional | J46: Opcional | K46: Opcional | L46: Opcional | M46: Opcional | N46: Opcional | O46: Opcional | P46: cac:ProcurementProjectLot/cac:ProcurementProject/cac:RealizedLocation/cac:Address/cbc:PostalZone | Q46: xsd:string. Máximo 5 caracteres numéricos si el país es España, en otro caso 32 máximo caracteres.
C47: Población | F47: 0..1 | G47: Opcional | H47: Opcional | I47: Opcional | J47: Opcional | K47: Opcional | L47: Opcional | M47: Opcional | N47: Opcional | O47: Opcional | P47: cac:ProcurementProjectLot/cac:ProcurementProject/cac:RealizedLocation/cac:Address/cbc:CityName | Q47: xsd:string. Máximo 90 caracteres
A48: Entidad Adjudicadora | F48: 1 | G48: Obligatorio | H48: Obligatorio | I48: Obligatorio | J48: Obligatorio | K48: Obligatorio | L48: Obligatorio | M48: Obligatorio | N48: Obligatorio | P48: cac:ContractingParty | Q48: =VLOOKUP(P48,'Anuncio Previo'!H:I,2,FALSE) -> xsd:complexType
B49: Nombre | F49: 1 | G49: Obligatorio | H49: Obligatorio | I49: Obligatorio | J49: Obligatorio | K49: Obligatorio | L49: Obligatorio | M49: Obligatorio | N49: Obligatorio | P49: cac:ContractingParty/cac:Party/cac:PartyName/cbc:Name | Q49: =VLOOKUP(P49,'Anuncio Previo'!H:I,2,FALSE) -> xsd:string. Máximo 300 caracteres
B50: ID (schemeName=NIF) | F50: 1 | G50: Obligatorio | H50: Obligatorio | I50: Obligatorio | J50: Obligatorio | K50: Obligatorio | L50: Obligatorio | M50: Obligatorio | N50: Obligatorio | O50: Obligatorio | P50: cac:ContractingParty/cac:Party/cac:PartyIdentification/cbc:ID | Q50: =VLOOKUP(P50,'Anuncio Previo'!H:I,2,FALSE) -> xsd:string. Máximo 200 caracteres
B51: ID (schemeName=ID_PLATAFORMA) | F51: 1 | G51: Obligatorio | H51: Obligatorio | I51: Obligatorio | J51: Obligatorio | K51: Obligatorio | L51: Obligatorio | M51: Obligatorio | N51: Obligatorio | O51: Obligatorio | P51: cac:ContractingParty/cac:Party/cac:PartyIdentification/cbc:ID | Q51: =VLOOKUP(P51,'Anuncio Previo'!H:I,2,FALSE) -> xsd:string. Máximo 200 caracteres
B52: Tipo de Administración | F52: 1 | G52: Obligatorio | H52: Obligatorio | I52: Obligatorio | J52: Obligatorio | K52: Obligatorio | L52: Obligatorio | M52: Obligatorio | N52: Obligatorio | O52: Obligatorio | P52: cac:ContractingParty/cbc:ContractingPartyTypeCode | Q52: =VLOOKUP(P52,'Anuncio Previo'!H:I,2,FALSE) -> Valor en codelist ContractingAuthorityCode
B53: Tipo de Entidad Adjudicadora | F53: 0..1 | G53: Opcional | H53: Opcional | I53: Opcional | J53: Opcional | K53: Opcional | L53: Opcional | M53: Opcional | N53: Opcional | O53: Opcional | P53: cac:ContractingParty/cac:Party/cac:PartyIdentification/cbc:ID | Q53: =VLOOKUP(P53,'Anuncio Previo'!H:I,2,FALSE) -> xsd:string. Máximo 200 caracteres
B54: Sitio web | F54: 0..1 | G54: Opcional | H54: Opcional | I54: Opcional | J54: Opcional | K54: Opcional | L54: Opcional | M54: Opcional | N54: Opcional | O54: Opcional | P54: cac:ContractingParty/cac:Party/cbc:WebsiteURI | Q54: =VLOOKUP(P54,'Anuncio Previo'!H:I,2,FALSE) -> xsd:string. Máximo 256 caracteres y debe cumplir patrón URL
B55: Dirección postal | F55: 0..1 | G55: Opcional | H55: Opcional | I55: Opcional | J55: Opcional | K55: Opcional | L55: Opcional | M55: Opcional | N55: Opcional | O55: Opcional | P55: cac:ContractingParty/cac:Party/cac:PostalAddress | Q55: =VLOOKUP(P55,'Anuncio Previo'!H:I,2,FALSE) -> xsd:complexType
C56: Calle | F56: 0..1 | G56: Opcional | H56: Opcional | I56: Opcional | J56: Opcional | K56: Opcional | L56: Opcional | M56: Opcional | N56: Opcional | O56: Opcional | P56: cac:ContractingParty/cac:Party/cac:PostalAddress/cbc:AddressLine | Q56: =VLOOKUP(P56,'Anuncio Previo'!H:I,2,FALSE) -> xsd:string. Máximo 220 caracteres
C57: Código Postal | F57: 0..1 | G57: Opcional | H57: Opcional | I57: Opcional | J57: Opcional | K57: Opcional | L57: Opcional | M57: Opcional | N57: Opcional | O57: Opcional | P57: cac:ContractingParty/cac:Party/cac:PostalAddress/cbc:PostalZone | Q57: =VLOOKUP(P57,'Anuncio Previo'!H:I,2,FALSE) -> xsd:string. Máximo 5 caracteres numéricos si el país es España, en otro caso 32 máximo caracteres.
C58: Población | F58: 0..1 | G58: Opcional | H58: Opcional | I58: Opcional | J58: Opcional | K58: Opcional | L58: Opcional | M58: Opcional | N58: Opcional | O58: Opcional | P58: cac:ContractingParty/cac:Party/cac:PostalAddress/cbc:CityName | Q58: =VLOOKUP(P58,'Anuncio Previo'!H:I,2,FALSE) -> xsd:string. Máximo 90 caracteres
C59: País | F59: 0..1 | G59: Opcional | H59: Opcional | I59: Opcional | J59: Opcional | K59: Opcional | L59: Opcional | M59: Opcional | N59: Opcional | O59: Opcional | P59: cac:ContractingParty/cac:Party/cac:PostalAddress/cac:Country/cbc:IdentificationCode | Q59: =VLOOKUP(P59,'Anuncio Previo'!H:I,2,FALSE) -> Valor en codelist CountryIdentificationCode
B60: Contacto | F60: 0..1 | G60: Opcional | H60: Opcional | I60: Opcional | J60: Opcional | K60: Opcional | L60: Opcional | M60: Opcional | N60: Opcional | O60: Opcional | P60: cac:ContractingParty/cac:Party/cac:Contact | Q60: =VLOOKUP(P60,'Anuncio Previo'!H:I,2,FALSE) -> xsd:complexType
C61: Nombre para contacto | F61: 0..1 | G61: Opcional | H61: Opcional | I61: Opcional | J61: Opcional | K61: Opcional | L61: Opcional | M61: Opcional | N61: Opcional | O61: Opcional | P61: cac:ContractingParty/cac:Party/cac:Contact/cbc:Name | Q61: =VLOOKUP(P61,'Anuncio Previo'!H:I,2,FALSE) -> xsd:string. Máximo 300 caracteres
C62: Teléfono | F62: 0..1 | G62: Opcional | H62: Opcional | I62: Opcional | J62: Opcional | K62: Opcional | L62: Opcional | M62: Opcional | N62: Opcional | O62: Opcional | P62: cac:ContractingParty/cac:Party/cac:Contact/cbc:Telephone | Q62: =VLOOKUP(P62,'Anuncio Previo'!H:I,2,FALSE) -> xsd:string con formato: Prefijo internacional (Opcional si número nacional): signo "+" y máximo 3 dígitos seguido de espacio en blanco. Número: de 9 a 13 dígitos si número nacional y hasta 50 dígitos si es internacional.
C63: Fax | F63: 0..1 | G63: Opcional | H63: Opcional | I63: Opcional | J63: Opcional | K63: Opcional | L63: Opcional | M63: Opcional | N63: Opcional | O63: Opcional | P63: cac:ContractingParty/cac:party/cac:Contact/cbc:Telefax | Q63: =VLOOKUP(P63,'Anuncio Previo'!H:I,2,FALSE) -> xsd:string con formato: Prefijo internacional (Opcional si número nacional): signo "+" y máximo 3 dígitos seguido de espacio en blanco. Número: de 9 a 13 dígitos si número nacional y hasta 50 dígitos si es internacional.
C64: Correo Electrónico | F64: 0..1 | G64: Opcional | H64: Opcional | I64: Opcional | J64: Opcional | K64: Opcional | L64: Opcional | M64: Opcional | N64: Opcional | O64: Opcional | P64: cac:ContractingParty/cac:Party/cac:Contact/cbc:ElectronicMail | Q64: =VLOOKUP(P64,'Anuncio Previo'!H:I,2,FALSE) -> xsd:string. Se valida que sea una dirección de correo electrónico correcta
B65: Responsable | F65: 0..1 | G65: Opcional | H65: Opcional | I65: Opcional | J65: Opcional | K65: Opcional | L65: Opcional | M65: Opcional | N65: Opcional | O65: Opcional | P65: cac:ContractingParty/cac:Party/cac:Person | Q65: =VLOOKUP(P65,'Anuncio Previo'!H:I,2,FALSE) -> xsd:complexType
C66: Cargo | F66: 0..1 | G66: Opcional | H66: Opcional | I66: Opcional | J66: Opcional | K66: Opcional | L66: Opcional | M66: Opcional | N66: Opcional | O66: Opcional | P66: cac:ContractingParty/cac:Party/cac:Person/cbc:JobTitle | Q66: =VLOOKUP(P66,'Anuncio Previo'!H:I,2,FALSE) -> xsd:string. Máximo 250 caracteres
A67: Proceso de licitación | F67: 1 | G67: Obligatorio | H67: Obligatorio | I67: Obligatorio | J67: Obligatorio | K67: Obligatorio | L67: Obligatorio | M67: Obligatorio | N67: Obligatorio | O67: Obligatorio | P67: cac:TenderingProcess | Q67: =VLOOKUP(P67,'Anuncio Previo'!H:I,2,FALSE) -> xsd:complexType
B68: Tipo de procedimiento | F68: 1 | G68: Obligatorio | H68: Obligatorio | I68: Obligatorio | J68: Obligatorio | K68: Obligatorio | L68: Obligatorio | M68: Obligatorio | N68: Obligatorio | O68: Obligatorio | P68: cac:TenderingProcess/cbc:ProcedureCode | Q68: =VLOOKUP(P68,'Anuncio Previo'!H:I,2,FALSE) -> Valor en codelist TenderingProcessCode
B69: Sistema de contratación | F69: 0..1 | G69: Obligatorio | H69: Obligatorio | I69: Obligatorio | J69: Obligatorio | K69: Obligatorio | L69: Obligatorio | M69: Obligatorio | N69: Obligatorio | O69: Obligatorio (Basado en acuerdo Marco) | P69: cac:TenderingProcess/cbc:ContractingSystemCode | Q69: =VLOOKUP(P69,'Anuncio Previo'!H:I,2,FALSE) -> Valor en codelist ContractingSystemTypeCode
B70: Tipo Tramitación | F70: 1 | G70: Obligatorio | H70: Obligatorio | I70: Obligatorio | J70: Obligatorio | K70: Obligatorio | L70: Opcional | M70: Obligatorio | N70: Obligatorio | O70: Obligatorio | P70: cac:TenderingProcess/cbc:UrgencyCode | Q70: =VLOOKUP(P70,'Anuncio Previo'!H:I,2,FALSE) -> Valor en codelist DiligenceTypeCode
B71: Justificación del procedimiento acelerado | F71: 0..1 | G71: Recomendado si tipo de tramitación es Emergencia o Urgencia | H71: Recomendado si tipo de tramitación es Emergencia o Urgencia | I71: Recomendado si tipo de tramitación es Emergencia o Urgencia | J71: Recomendado si tipo de tramitación es Emergencia o Urgencia | K71: Recomendado si tipo de tramitación es Emergencia o Urgencia | L71: Recomendado si tipo de tramitación es Emergencia o Urgencia | M71: Recomendado si tipo de tramitación es Emergencia o Urgencia | N71: Recomendado si tipo de tramitación es Emergencia o Urgencia | O71: Recomendado si tipo de tramitación es Emergencia o Urgencia | P71: cac:TenderingProcess/cbc:AcceleratedProcedureJustification | Q71: xsd:string. Máximo 4.000 caracteres
B72: Tramitación Gasto | F72: 0..1 | G72: Recomendado | H72: Recomendado | I72: Recomendado | J72: Recomendado | K72: Recomendado | L72: Opcional | M72: Recomendado | N72: Recomendado | O72: Recomendado | P72: cac:TenderingProcess/cbc:ExpenseCode | Q72: =VLOOKUP(P72,'Anuncio Previo'!H:I,2,FALSE) -> Valor en codelist ExpenseTypeCode
B73: Presentación de la oferta | F73: 1 | G73: Obligatorio | H73: Obligatorio | I73: Obligatorio | J73: Obligatorio | K73: Obligatorio | L73: Opcional | M73: Obligatorio | N73: Obligatorio | O73: Obligatorio | P73: cac:TenderingProcess/cbc:SubmissionMethodCode | Q73: =VLOOKUP(P73,'Anuncio Previo'!H:I,2,FALSE) -> Valor en codelist TenderDeliveryCode
B74: Regulación armonizada/supera el umbral comunitario | F74: 0..1 | G74: Obligatorio | H74: Obligatorio | I74: Obligatorio | J74: Obligatorio | K74: Obligatorio | L74: Opcional | M74: Obligatorio | N74: Obligatorio | O74: Obligatorio | P74: cac:TenderingProcess/cbc:OverThresholdIndicator | Q74: =VLOOKUP(P74,'Anuncio Previo'!H:I,2,FALSE) -> xsd:boolean
B75: Información Acuerdo Marco | F75: 0.1 | G75: Obligatorio si establecimiento de acuerdo marco | H75: Obligatorio si establecimiento de acuerdo marco | I75: Obligatorio si establecimiento de acuerdo marco | J75: Obligatorio si establecimiento de acuerdo marco | K75: Obligatorio si establecimiento de acuerdo marco | L75: Obligatorio si establecimiento de acuerdo marco | M75: Obligatorio si establecimiento de acuerdo marco | N75: Obligatorio si establecimiento de acuerdo marco | O75: Obligatorio si establecimiento de acuerdo marco | P75: cac:TenderingProcess/cac:FrameworkAgreement
C76: Número Previsto de Operadores | F76: 0.1 | G76: Obligatorio si establecimiento de acuerdo marco | H76: Obligatorio si establecimiento de acuerdo marco | I76: Obligatorio si establecimiento de acuerdo marco | J76: Obligatorio si establecimiento de acuerdo marco | K76: Obligatorio si establecimiento de acuerdo marco | L76: Obligatorio si establecimiento de acuerdo marco | M76: Obligatorio si establecimiento de acuerdo marco | N76: Obligatorio si establecimiento de acuerdo marco | O76: Obligatorio si establecimiento de acuerdo marco | P76: cac:TenderingProcess/cac:FrameworkAgreement/cbc:ExpectedOperatorQuantity | Q76: Valor entero Númerico.
C77: Duración | F77: 0.1 | G77: Opcional | H77: Opcional | I77: Opcional | J77: Opcional | K77: Opcional | L77: Opcional | M77: Opcional | N77: Opcional | O77: Opcional | P77: cac:TenderingProcess/cac:FrameworkAgreement | Q77: xsd:decimal. Máximo 17 dígitos enteros. No se aceptan decimales
C78: Justificación | F78: 0.1 | G78: Opcional | H78: Opcional | I78: Opcional | J78: Opcional | K78: Opcional | L78: Opcional | M78: Opcional | N78: Opcional | O78: Opcional | P78: cac:TenderingProcess/cac:FrameworkAgreement | Q78: xsd:string. Máximo 256 caracteres
C79: Frecuencia | F79: 0.1 | G79: Opcional | H79: Opcional | I79: Opcional | J79: Opcional | K79: Opcional | L79: Opcional | M79: Opcional | N79: Opcional | O79: Opcional | P79: cac:TenderingProcess/cac:FrameworkAgreement | Q79: xsd:string. Máximo 256 caracteres
C80: Importe Medio de Contratos Subsiguientes | F80: 0.1 | G80: Opcional | H80: Opcional | I80: Opcional | J80: Opcional | K80: Opcional | L80: Opcional | M80: Opcional | N80: Opcional | O80: Opcional | P80: cac:ProcurementProject/cac:BudgetAmount/cbc:AverageSubsequentContractAmount | Q80: xsd:decimal. Máximo 10 enteros y 2 decimales
B81: Se debe ofertar a | F81: 0..1 | G81: Obligatorio si lotes | H81: Obligatorio si lotes | I81: Obligatorio si lotes | J81: Obligatorio si lotes | K81: Obligatorio si lotes | L81: N/A | M81: Obligatorio si lotes | N81: Obligatorio si lotes | O81: N/A | P81: cac:TenderingProcess/cbc:PartPresentationCode | Q81: Lista gc TenderPresentationCode
B82: Número de lotes a los que puede ofertar | F82: 0..1 | G82: Recomendado si hay lotes | H82: Recomendado si hay lotes | I82: Recomendado si hay lotes | J82: Recomendado si hay lotes | K82: Recomendado si hay lotes | L82: N/A | M82: Recomendado si hay lotes | N82: Recomendado si hay lotes | O82: N/A | P82: cac:TenderingProcess/cbc:MaximumLotPresentationQuantity | Q82: xsd:integer. Máximo 999
B83: Número máximo de lotes que pueden adjudicarse a un licitador | F83: 0..1 | G83: Recomendado si hay lotes | H83: Recomendado si hay lotes | I83: Recomendado si hay lotes | J83: Recomendado si hay lotes | K83: Recomendado si hay lotes | L83: N/A | M83: Recomendado si hay lotes | N83: Recomendado si hay lotes | O83: N/A | P83: cac:TenderingProcess/cbc:MaximumTendererAwardedLotsQuantity | Q83: xsd:integer. Máximo 999
B84: El poder adjudicador se reserva el derecho de adjudicar contratos que combinen los lotes o grupos siguientes | F84: 0..1 | G84: Recomendado si hay lotes | H84: Recomendado si hay lotes | I84: Recomendado si hay lotes | J84: Recomendado si hay lotes | K84: Recomendado si hay lotes | L84: N/A | M84: Recomendado si hay lotes | N84: Recomendado si hay lotes | O84: N/A | P84: cac:TenderingProcess/cbc:LotsCombinationContractingauthorityRights | Q84: xsd:string. Máximo 400 caracteres
B85: No se dará acceso libre, directo, completo y gratuito a los pliegos por medios electrónicos. Justificación | F85: 0..1 | G85: Opcional | H85: Opcional | I85: Opcional | J85: Opcional | K85: Opcional | L85: Opcional | M85: Opcional | N85: Opcional | O85: Opcional
B86: Plazo de Obtención de Pliegos | F86: 0..1 | G86: Opcional | H86: Opcional | I86: Opcional | J86: Opcional | K86: Opcional | L86: Opcional | M86: Opcional | N86: Opcional | O86: Opcional | P86: cac:TenderingProcess/cac:DocumentAvailabilityPeriod | Q86: =VLOOKUP(P86,'Anuncio Previo'!H:I,2,FALSE) -> xsd:complexType
C87: Fecha | F87: 0..1 | G87: Obligatorio si se indica plazo de obtención de pliegos | H87: Obligatorio si se indica plazo de obtención de pliegos | I87: Obligatorio si se indica plazo de obtención de pliegos | J87: Obligatorio si se indica plazo de obtención de pliegos | K87: Obligatorio si se indica plazo de obtención de pliegos | L87: Obligatorio si se indica plazo de obtención de pliegos | M87: Obligatorio si se indica plazo de obtención de pliegos | N87: Obligatorio si se indica plazo de obtención de pliegos | O87: Obligatorio si se indica plazo de obtención de pliegos | P87: cac:TenderingProcess/cac:DocumentAvailabilityPeriod/cbc:EndDate | Q87: =VLOOKUP(P87,'Anuncio Previo'!H:I,2,FALSE) -> xsd:date
C88: Hora | F88: 0..1 | G88: Obligatorio si se indica plazo de obtención de pliegos | H88: Obligatorio si se indica plazo de obtención de pliegos | I88: Obligatorio si se indica plazo de obtención de pliegos | J88: Obligatorio si se indica plazo de obtención de pliegos | K88: Obligatorio si se indica plazo de obtención de pliegos | L88: Obligatorio si se indica plazo de obtención de pliegos | M88: Obligatorio si se indica plazo de obtención de pliegos | N88: Obligatorio si se indica plazo de obtención de pliegos | O88: Obligatorio si se indica plazo de obtención de pliegos | P88: cac:TenderingProcess/cac:DocumentAvailabilityPeriod/cbc:EndTime | Q88: =VLOOKUP(P88,'Anuncio Previo'!H:I,2,FALSE) -> xsd:time
B89: Plazo de Presentación de Oferta | F89: 0..1 | G89: Obligatorio | H89: Obligatorio | I89: Opcional | J89: Opcional | K89: Obligatorio | L89: Obligatorio | M89: Opcional | N89: Opcional | O89: Opcional | P89: cac:TenderingProcess/cac:TenderSubmissionDeadlinePeriod | Q89: =VLOOKUP(P89,'Anuncio Previo'!H:I,2,FALSE) -> xsd:complexType
C90: Fecha | F90: 0..1 | G90: Obligatorio si no se indica Observaciones | H90: Obligatorio si no se indica Observaciones | I90: Obligatorio si no se indica Observaciones | J90: Obligatorio si no se indica Observaciones | K90: Obligatorio si no se indica Observaciones | L90: Obligatorio si no se indica Observaciones | M90: Obligatorio si no se indica Observaciones | N90: Obligatorio si no se indica Observaciones | O90: Obligatorio si no se indica Observaciones | P90: cac:TenderingProcess/cac:TenderSubmissionDeadlinePeriod/cbc:EndDate | Q90: =VLOOKUP(P90,'Anuncio Previo'!H:I,2,FALSE) -> xsd:date
C91: Hora | F91: 0..1 | G91: Obligatorio si no se indica Observaciones | H91: Obligatorio si no se indica Observaciones | I91: Obligatorio si no se indica Observaciones | J91: Obligatorio si no se indica Observaciones | K91: Obligatorio si no se indica Observaciones | L91: Obligatorio si no se indica Observaciones | M91: Obligatorio si no se indica Observaciones | N91: Obligatorio si no se indica Observaciones | O91: Obligatorio si no se indica Observaciones | P91: cac:TenderingProcess/cac:TenderSubmissionDeadlinePeriod/cbc:EndTime | Q91: =VLOOKUP(P91,'Anuncio Previo'!H:I,2,FALSE) -> xsd:time
C92: Observaciones | F92: 0..1 | G92: Obligatorio si no se indica Fecha y Hora | H92: Obligatorio si no se indica Fecha y Hora | I92: Obligatorio si no se indica Fecha y Hora | J92: Obligatorio si no se indica Fecha y Hora | K92: Obligatorio si no se indica Fecha y Hora | L92: Obligatorio si no se indica Fecha y Hora | M92: Obligatorio si no se indica Fecha y Hora | N92: Obligatorio si no se indica Fecha y Hora | O92: Obligatorio si no se indica Fecha y Hora | P92: cac:TenderingProcess/cac:TenderSubmissionDeadlinePeriod/cbc:Description | Q92: =VLOOKUP(P92,'Anuncio Previo'!H:I,2,FALSE) -> xsd:string. Máximo 550 caracteres
B93: Plazo de Presentación de Solicitudes de Participación | F93: 0..1 | G93: N.A. | H93: N.A. | I93: Obligatorio | J93: Obligatorio | K93: N/A | L93: N/A | M93: Obligatorio | N93: Opcional | O93: Opcional | P93: cac:TenderingProcess/cac:ParticipationRequestReceptionPeriod | Q93: =VLOOKUP(P93,'Anuncio Previo'!H:I,2,FALSE) -> xsd:complexType
C94: Fecha | F94: ??? | G94: N.A. | H94: N.A. | I94: Obligatorio | J94: Obligatorio | K94: N/A | L94: N/A | M94: Obligatorio | N94: Obligatorio si se indica plazo de presentación de solicitudes | O94: Obligatorio si se indica plazo de presentación de solicitudes | P94: cac:TenderingProcess/cac:ParticipationRequestReceptionPeriod/cbc:EndDate | Q94: =VLOOKUP(P94,'Anuncio Previo'!H:I,2,FALSE) -> xsd:date
C95: Hora | F95: ??? | G95: N.A. | H95: N.A. | I95: Obligatorio | J95: Obligatorio | K95: N/A | L95: N/A | M95: Obligatorio | N95: Obligatorio si se indica plazo de presentación de solicitudes | O95: Obligatorio si se indica plazo de presentación de solicitudes | P95: cac:TenderingProcess/cac:ParticipationRequestReceptionPeriod/cbc:EndTime | Q95: =VLOOKUP(P95,'Anuncio Previo'!H:I,2,FALSE) -> xsd:time
B96: Fecha prevista de envío de invitaciones | F96: 0..1 | G96: N.A. | H96: N.A. | I96: Opcional | J96: Opcional | K96: Opcional | L96: Opcional | M96: Opcional | N96: Opcional | O96: Opcional | P96: cac:TenderingProcess/cac:InvitationSubmissionPeriod | Q96: xsd:complexType
C97: Fecha | F97: ??? | G97: N.A. | H97: N.A. | I97: Opcional | J97: Opcional | K97: Opcional | L97: Opcional | M97: Opcional | N97: Opcional | O97: Opcional | P97: cac:TenderingProcess/cac:InvitationSubmissionPeriod/cbc:EndDate | Q97: xsd:date
C98: Hora | F98: ??? | G98: N.A. | H98: N.A. | I98: Opcional | J98: Opcional | K98: Opcional | L98: Opcional | M98: Opcional | N98: Opcional | O98: Opcional | P98: cac:TenderingProcess/cac:InvitationSubmissionPeriod/cbc:EndTime | Q98: xsd:time
B99: Eventos | F99: 0..n | G99: Recomendado | H99: Recomendado | I99: Opcional | J99: Opcional | K99: Opcional | L99: Opcional | M99: Opcional | N99: Opcional | O99: Opcional | P99: cac:TenderingProcess/cac:OpenTenderEvent | Q99: =VLOOKUP(P99,'Anuncio Previo'!H:I,2,FALSE) -> xsd:complexType
C100: Tipo de evento | F100: 1 | G100: Obligatorio si se indica evento | H100: Obligatorio si se indica evento | I100: Obligatorio si se indica evento | J100: Obligatorio si se indica evento | K100: Obligatorio si se indica evento | L100: Obligatorio si se indica evento | M100: Obligatorio si se indica evento | N100: Obligatorio si se indica evento | O100: Obligatorio si se indica evento | P100: cac:TenderingProcess/cac:OpenTenderEvent/cbc:TypeCode | Q100: =VLOOKUP(P100,'Anuncio Previo'!H:I,2,FALSE) -> Valor en codelist EventTypeCode
...

Sheet Anuncio Formalización
A1: DATO | F1: Cardinalidad | G1: Abierto | H1: Abierto Simplificado | I1: Restringido | J1: Negociado con publicidad Licitación con negociación | K1: Negociado Sin Publicidad | L1: Contrato Menor | M1: Diálogo Competitivo | N1: Normas Internas | O1: Basado en Acuerdo Marco | P1: Mapeo CODICE | Q1: Tipo de dato
A2: Identificador de Versión UBL | F2: 1 | G2: Obligatorio | H2: Obligatorio | I2: Obligatorio | J2: Obligatorio | K2: Obligatorio | L2: Obligatorio | M2: Obligatorio | N2: Obligatorio | O2: Obligatorio | P2: cbc:UBLVersionID | Q2: =VLOOKUP(P2,'Anuncio Previo'!H:I,2,FALSE) -> xsd:string. Valor "CODICE 2.05"
A3: Identificador de Personalización | F3: 1 | G3: Obligatorio | H3: Obligatorio | I3: Obligatorio | J3: Obligatorio | K3: Obligatorio | L3: Obligatorio | M3: Obligatorio | N3: Obligatorio | O3: Obligatorio | P3: cbc:CustomizationID | Q3: =VLOOKUP(P3,'Anuncio Previo'!H:I,2,FALSE) -> xsd:string. Valor "2.1"
A4: Identificador de Perfil | F4: 1 | G4: Obligatorio | H4: Obligatorio | I4: Obligatorio | J4: Obligatorio | K4: Obligatorio | L4: Obligatorio | M4: Obligatorio | N4: Obligatorio | O4: Obligatorio | P4: cbc:ProfileID | Q4: =VLOOKUP(P4,'Anuncio Previo'!H:I,2,FALSE) -> xsd:string. Valor "CiP 1.12"
A5: Identificador de copia | F5: 0..1 | G5: Opcional | H5: Opcional | I5: Opcional | J5: Opcional | K5: Opcional | L5: Opcional | M5: Opcional | N5: Opcional | O5: Opcional | P5: cbc:CopyIndicator | Q5: =VLOOKUP(P5,'Anuncio Previo'!H:I,2,FALSE) -> xsd:boolean
A6: Indicador de anuncio | F6: 1 | G6: Obligatorio | H6: Obligatorio | I6: Obligatorio | J6: Obligatorio | K6: Obligatorio | L6: Obligatorio | M6: Obligatorio | N6: Obligatorio | O6: Obligatorio | P6: cbc:ID | Q6: =VLOOKUP(P6,'Anuncio Previo'!H:I,2,FALSE) -> xsd:String(200)
A7: Identificador Universal Único | F7: 0..1 | G7: Opcional | H7: Opcional | I7: Opcional | J7: Opcional | K7: Opcional | L7: Opcional | M7: Opcional | N7: Opcional | O7: Opcional | P7: cbc:UUID | Q7: =VLOOKUP(P7,'Anuncio Previo'!H:I,2,FALSE) -> xsd:String(100)
A8: Número de Expediente | F8: 1 | G8: Obligatorio | H8: Obligatorio | I8: Obligatorio | J8: Obligatorio | K8: Obligatorio | L8: Obligatorio | M8: Obligatorio | N8: Obligatorio | O8: Obligatorio | P8: cbc:ContractFolderID | Q8: =VLOOKUP(P8,'Anuncio Previo'!H:I,2,FALSE) -> xsd:string(50)
A9: Fecha de Emisión | F9: 1 | G9: Obligatorio | H9: Obligatorio | I9: Obligatorio | J9: Obligatorio | K9: Obligatorio | L9: Obligatorio | M9: Obligatorio | N9: Obligatorio | O9: Obligatorio | P9: cbc:IssueDate | Q9: =VLOOKUP(P9,'Anuncio Previo'!H:I,2,FALSE) -> xsd:date
A10: Hora de Emisión | F10: 1 | G10: Obligatorio | H10: Obligatorio | I10: Obligatorio | J10: Obligatorio | K10: Obligatorio | L10: Obligatorio | M10: Obligatorio | N10: Obligatorio | O10: Obligatorio | P10: cbc:IssueTime | Q10: =VLOOKUP(P10,'Anuncio Previo'!H:I,2,FALSE) -> xsd:time
A11: Texto del acuerdo | F11: 0..1 | G11: Opcional | H11: Opcional | I11: Opcional | J11: Opcional | K11: Opcional | L11: Opcional | M11: Opcional | N11: Opcional | O11: Opcional | P11: cbc:Note. | Q11: xsd:string. Máximo 4500 caracteres
A12: Acta del acuerdo | F12: 0..1 | G12: Opcional | H12: Opcional | I12: Opcional | J12: Opcional | K12: Opcional | L12: Opcional | M12: Opcional | N12: Opcional | O12: Opcional | P12: cac:MinutesDocumentReference | Q12: xsd:complexType
A13: Proyecto de compra | F13: 1 | G13: Obligatorio | H13: Obligatorio | I13: Obligatorio | J13: Obligatorio | K13: Obligatorio | L13: Obligatorio | M13: Obligatorio | N13: Obligatorio | O13: Obligatorio | P13: cac:ProcurementProject | Q13: =VLOOKUP(P13,'Anuncio Previo'!H:I,2,FALSE) -> xsd:complexType
B14: Objeto del Contrato | F14: 1 | G14: Obligatorio | H14: Obligatorio | I14: Obligatorio | J14: Obligatorio | K14: Obligatorio | L14: Obligatorio | M14: Obligatorio | N14: Obligatorio | O14: Obligatorio | P14: cac:ProcurementProject/cbc:Name | Q14: =VLOOKUP(P14,'Anuncio Previo'!H:I,2,FALSE) -> xsd:string(1700), 400 si se envia a DOUE
B15: valor estimado del contrato | F15: 0..1 | G15: Obligatorio | H15: Obligatorio | I15: Obligatorio | J15: Obligatorio | K15: Obligatorio | L15: Opcional | M15: Obligatorio | N15: Obligatorio | O15: Obligatorio | P15: cac:ProcurementProject/cac:BudgetAmount/cbc:EstimatedOverallContractAmount | Q15: =VLOOKUP(P15,'Anuncio Previo'!H:I,2,FALSE) -> xsd:decimal. Máximo 10 enteros y 2 decimales
B16: Presupuesto base con impuestos | F16: 0..1 | G16: Obligatorio | H16: Obligatorio | I16: Obligatorio | J16: Obligatorio | K16: Obligatorio | L16: Obligatorio | M16: Obligatorio | N16: Obligatorio | O16: Obligatorio | P16: cac:ProcurementProject/cac:BudgetAmount/cbc:TotalAmount | Q16: =VLOOKUP(P16,'Anuncio Previo'!H:I,2,FALSE) -> xsd:decimal. Máximo 10 enteros y 2 decimales
B17: Presupuesto base sin impuestos | F17: 0..1 | G17: Obligatorio | H17: Obligatorio | I17: Obligatorio | J17: Obligatorio | K17: Obligatorio | L17: Obligatorio | M17: Obligatorio | N17: Obligatorio | O17: Obligatorio | P17: cac:ProcurementProject/cac:BudgetAmount/cbc:TaxExclusiveAmount | Q17: =VLOOKUP(P17,'Anuncio Previo'!H:I,2,FALSE) -> xsd:decimal. Máximo 10 enteros y 2 decimales
B18: Clasificación CPV | F18: 0..n | G18: Obligatorio | H18: Obligatorio | I18: Obligatorio | J18: Obligatorio | K18: Obligatorio | L18: Opcional | M18: Obligatorio | N18: Obligatorio | O18: Obligatorio | P18: cac:ProcurementProject/cac:RequiredCommodityClassification/cbc:ItemClassificationCode | Q18: =VLOOKUP(P18,'Anuncio Previo'!H:I,2,FALSE) -> Valor en codelist CPV CPV principal en funcion del tipo de contrato: - tipo de contrato “Suministros” códigos CPV que comienzan con 0 hasta los que empiezan por 44 más los que comienzan con 48. - tipo de contrato “Obras” se corresponde con los CPV que empiezan por 45. - tipo de contrato “Servicios” se corresponde con los CPV que empiezan por 49 hasta los que comienzan con 98.
B19: Tipo de Contrato | F19: 1 | G19: Obligatorio | H19: Obligatorio | I19: Obligatorio | J19: Obligatorio | K19: Obligatorio | L19: Obligatorio | M19: Obligatorio | N19: Obligatorio | O19: Obligatorio | P19: cac:ProcurementProject/cbc:TypeCode | Q19: =VLOOKUP(P19,'Anuncio Previo'!H:I,2,FALSE) -> Valor en codelist ContractCode
B20: Subtipo de contrato | F20: 0..1 | G20: Obligatorio dependiendo del tipo de contrato | H20: Obligatorio dependiendo del tipo de contrato | I20: Obligatorio dependiendo del tipo de contrato | J20: Obligatorio dependiendo del tipo de contrato | K20: Obligatorio dependiendo del tipo de contrato | L20: Obligatorio dependiendo del tipo de contrato | M20: Obligatorio dependiendo del tipo de contrato | N20: Obligatorio dependiendo del tipo de contrato | O20: Obligatorio dependiendo del tipo de contrato | P20: cac:ProcurementProject/cbc:SubTypeCode | Q20: =VLOOKUP(P20,'Anuncio Previo'!H:I,2,FALSE) -> Valor en codelist GoodsContractCode; ServiceContractCode; WorksContractCode; PublicPrivateCollaborationContractTypeCode PatrimonialContractCode según el tipo de contrato
B21: Plazo de ejecución | F21: 0..1 | G21: Obligatorio | H21: Obligatorio | I21: Obligatorio | J21: Obligatorio | K21: Obligatorio | L21: Obligatorio | M21: Obligatorio | N21: Obligatorio | O21: Obligatorio | P21: cac:ProcurementProject/cac:PlannedPeriod | Q21: =VLOOKUP(P21,'Anuncio Previo'!H:I,2,FALSE) -> xsd:complexType
C22: Fecha de Inicio | F22: 0..1 | G22: Fecha de Inicio y (Fecha final o Duración) | H22: Fecha de Inicio y (Fecha final o Duración) | I22: Fecha de Inicio y (Fecha final o Duración) | J22: Fecha de Inicio y (Fecha final o Duración) | K22: Fecha de Inicio y (Fecha final o Duración) | L22: Fecha de Inicio y (Fecha final o Duración) | M22: Fecha de Inicio y (Fecha final o Duración) | N22: Fecha de Inicio y (Fecha final o Duración) | O22: Fecha de Inicio y (Fecha final o Duración) | P22: cac:ProcurementProject/cac:PlannedPeriod/cbc:StartDate | Q22: =VLOOKUP(P22,'Anuncio Previo'!H:I,2,FALSE) -> xsd:date
C23: Fecha Final | F23: 0..1 | G23: Fecha de Inicio y Fecha final | H23: Fecha de Inicio y Fecha final | I23: Fecha de Inicio y Fecha final | J23: Fecha de Inicio y Fecha final | K23: Fecha de Inicio y Fecha final | L23: Fecha de Inicio y Fecha final | M23: Fecha de Inicio y Fecha final | N23: Fecha de Inicio y Fecha final | O23: Fecha de Inicio y Fecha final | P23: cac:ProcurementProject/cac:PlannedPeriod/cbc:EndDate | Q23: =VLOOKUP(P23,'Anuncio Previo'!H:I,2,FALSE) -> xsd:date
C24: Duración | F24: 0..1 | G24: Fecha de Inicio y Duración | H24: Fecha de Inicio y Duración | I24: Fecha de Inicio y Duración | J24: Fecha de Inicio y Duración | K24: Fecha de Inicio y Duración | L24: Fecha de Inicio y Duración | M24: Fecha de Inicio y Duración | N24: Fecha de Inicio y Duración | O24: Fecha de Inicio y Duración | P24: cac:ProcurementProject/cac:PlannedPeriod/cbc:DurationMeasure | Q24: =VLOOKUP(P24,'Anuncio Previo'!H:I,2,FALSE) -> xsd:decimal. Máximo 17 dígitos enteros. No se aceptan decimales
B25: Lugar de ejecución | F25: 0..1 | G25: Obligatorio | H25: Obligatorio | I25: Obligatorio | J25: Obligatorio | K25: Obligatorio | L25: Obligatorio | M25: Obligatorio | N25: Obligatorio | O25: Obligatorio | P25: cac:ProcurementProject/cac:RealizedLocation | Q25: =VLOOKUP(P25,'Anuncio Previo'!H:I,2,FALSE) -> xsd:complexType
C26: Código de Subentidad Nacional | F26: 0..1 | G26: Obligatorio si es España | H26: Obligatorio si es España | I26: Obligatorio si es España | J26: Obligatorio si es España | K26: Obligatorio si es España | L26: Obligatorio si es España | M26: Obligatorio si es España | N26: Obligatorio si es España | O26: Obligatorio si es España | P26: cac:ProcurementProject/cac:RealizedLocation/cbc:CountrySubentityCode | Q26: =VLOOKUP(P26,'Anuncio Previo'!H:I,2,FALSE) -> Valor en codelist NUTS
C27: Subentidad Territorial | F27: 0..1 | G27: Obligatorio si es España | H27: Obligatorio si es España | I27: Obligatorio si es España | J27: Obligatorio si es España | K27: Obligatorio si es España | L27: Obligatorio si es España | M27: Obligatorio si es España | N27: Obligatorio si es España | O27: Obligatorio si es España | P27: cac:ProcurementProject/cac:RealizedLocation/cbc:CountrySubentity | Q27: =VLOOKUP(P27,'Anuncio Previo'!H:I,2,FALSE) -> xsd:String. Máximo 50 caracteres - Texto de Código de Subentidad Nacional en gc NUTs
C28: País | F28: 0..1 | G28: Obligatorio si no es España y recomendado si lo es. | H28: Obligatorio si no es España y recomendado si lo es. | I28: Obligatorio si no es España y recomendado si lo es. | J28: Obligatorio si no es España y recomendado si lo es. | K28: Obligatorio si no es España y recomendado si lo es. | L28: Obligatorio si no es España y recomendado si lo es. | M28: Obligatorio si no es España y recomendado si lo es. | N28: Obligatorio si no es España y recomendado si lo es. | O28: Obligatorio si no es España y recomendado si lo es. | P28: cac:ProcurementProject/cac:RealizedLocation/cac:Address/cac:Country/cbc:IdentificationCode | Q28: =VLOOKUP(P28,'Anuncio Previo'!H:I,2,FALSE) -> Valor en codelist CountryIdentificationCode
C29: Calle | F29: 0..1 | G29: Opcional | H29: Opcional | I29: Opcional | J29: Opcional | K29: Opcional | L29: Opcional | M29: Opcional | N29: Opcional | O29: Opcional | P29: cac:ProcurementProject/cac:RealizedLocation/cac:Address/cbc:AddressLine | Q29: =VLOOKUP(P29,'Anuncio Previo'!H:I,2,FALSE) -> xsd:string. Máximo 220 caracteres
C30: Código Postal | F30: 0..1 | G30: Opcional | H30: Opcional | I30: Opcional | J30: Opcional | K30: Opcional | L30: Opcional | M30: Opcional | N30: Opcional | O30: Opcional | P30: cac:ProcurementProject/cac:RealizedLocation/cac:Address/cbc:PostalZone | Q30: =VLOOKUP(P30,'Anuncio Previo'!H:I,2,FALSE) -> xsd:string. Máximo 5 caracteres numéricos si el país es España, en otro caso 32 máximo caracteres.
C31: Población | F31: 0..1 | G31: Opcional | H31: Opcional | I31: Opcional | J31: Opcional | K31: Opcional | L31: Opcional | M31: Opcional | N31: Opcional | P31: cac:ProcurementProject/cac:RealizedLocation/cac:Address/cbc:CityName | Q31: =VLOOKUP(P31,'Anuncio Previo'!H:I,2,FALSE) -> xsd:string. Máximo 90 caracteres
B32: Extensión de Contrato | F32: 0..1 | G32: Opcional | H32: Opcional | I32: Opcional | J32: Opcional | K32: Opcional | L32: Opcional | M32: Opcional | N32: Opcional | O32: Opcional | P32: cac:ProcurementProject/cac:ContractExtension | Q32: =VLOOKUP(P32,'Anuncio Previo'!H:I,2,FALSE) -> xsd:complexType
C33: Opciones | F33: 0..1 | G33: Opcional | H33: Opcional | I33: Opcional | J33: Opcional | K33: Opcional | L33: Opcional | M33: Opcional | N33: Opcional | P33: cac:ProcurementProject/cac:ContractExtension/cbc:OptionsDescription | Q33: =VLOOKUP(P33,'Anuncio Previo'!H:I,2,FALSE) -> xsd:string. Máximo 256 caracteres
C34: Periodo de validez de las opciones | F34: 0..1 | G34: Opcional | H34: Opcional | I34: Opcional | J34: Opcional | K34: Opcional | L34: Opcional | M34: Opcional | N34: Opcional | P34: cac:ProcurementProject/cac:ContractExtension/cac:OptionValidityPeriod/cbc:Description | Q34: =VLOOKUP(P34,'Anuncio Previo'!H:I,2,FALSE) -> xsd:string. Máximo 256 caracteres
A35: Lotes | F35: 0..n | G35: Obligatorio si hay lotes | H35: Obligatorio si hay lotes | I35: Obligatorio si hay lotes | J35: Obligatorio si hay lotes | K35: Obligatorio si hay lotes | L35: Obligatorio si hay lotes | M35: Obligatorio si hay lotes | N35: Obligatorio si hay lotes | O35: Obligatorio si hay lotes | P35: cac:ProcurementProjectLot | Q35: =VLOOKUP(P35,'Anuncio Previo'!H:I,2,FALSE) -> xsd:complexType
B36: Número de lote | F36: 1 | G36: Obligatorio | H36: Obligatorio | I36: Obligatorio | J36: Obligatorio | K36: Obligatorio | L36: Obligatorio | M36: Obligatorio | N36: Obligatorio | O36: Obligatorio | P36: cac:ProcurementProjectLot/cbc:ID | Q36: =VLOOKUP(P36,'Anuncio Previo'!H:I,2,FALSE) -> Máximo 3 caracteres numéricos
B37: Objeto | F37: 1 | G37: Obligatorio | H37: Obligatorio | I37: Obligatorio | J37: Obligatorio | K37: Obligatorio | L37: Obligatorio | M37: Obligatorio | N37: Obligatorio | O37: Obligatorio | P37: cac:ProcurementProjectLot/cac:ProcurementProject/cbc:Name | Q37: =VLOOKUP(P37,'Anuncio Previo'!H:I,2,FALSE) -> xsd:string. Máximo 1700 caracteres
B38: Importe sin impuestos | F38: 1 | G38: Obligatorio | H38: Obligatorio | I38: Obligatorio | J38: Obligatorio | K38: Obligatorio | L38: Obligatorio | M38: Obligatorio | N38: Obligatorio | O38: Obligatorio | P38: cac:ProcurementProjectLot/cac:ProcurementProject/cac:BudgetAmount/cbc:TotalAmount | Q38: =VLOOKUP(P38,'Anuncio Previo'!H:I,2,FALSE) -> xsd:decimal. Máximo 10 enteros y 2 decimales
B39: Importe con impuestos | F39: 1 | G39: Obligatorio | H39: Obligatorio | I39: Obligatorio | J39: Obligatorio | K39: Obligatorio | L39: Obligatorio | M39: Obligatorio | N39: Obligatorio | O39: Obligatorio | P39: cac:ProcurementProjectLot/cac:ProcurementProject/cac:BudgetAmount/cbc:TaxExclusiveAmount | Q39: =VLOOKUP(P39,'Anuncio Previo'!H:I,2,FALSE) -> xsd:decimal. Máximo 10 enteros y 2 decimales
B40: Clasificación CPV | F40: 0..n | G40: Obligatorio | H40: Obligatorio | I40: Obligatorio | J40: Obligatorio | K40: Obligatorio | L40: Opcional | M40: Obligatorio | N40: Obligatorio | O40: Obligatorio | P40: cac:ProcurementProjectLot/cac:ProcurementProject/cac:RequiredCommodityClassification/cbc:ItemClassificationCode | Q40: =VLOOKUP(P40,'Anuncio Previo'!H:I,2,FALSE) -> Valor en codelist CPV
B41: Lugar de ejecución | F41: 0..1 | G41: Obligatorio | H41: Obligatorio | I41: Obligatorio | J41: Obligatorio | K41: Obligatorio | L41: Obligatorio | M41: Obligatorio | N41: Obligatorio | O41: Obligatorio | P41: cac:ProcurementProjectLot/cac:ProcurementProject/cac:RealizedLocation | Q41: xsd:complexType
C42: Código de Subentidad Nacional | F42: 0..1 | G42: Obligatorio si es España | H42: Obligatorio si es España | I42: Obligatorio si es España | J42: Obligatorio si es España | K42: Obligatorio si es España | L42: Obligatorio si es España | M42: Obligatorio si es España | N42: Obligatorio si es España | O42: Obligatorio si es España | P42: cac:ProcurementProjectLot/cac:ProcurementProject/cac:RealizedLocation/cbc:CountrySubentityCode | Q42: Valor en http://contrataciondelestado.es/codice/cl/2.0/NUTS-2009.gc
C43: Subentidad Territorial | F43: 0..1 | G43: Obligatorio si es España | H43: Obligatorio si es España | I43: Obligatorio si es España | J43: Obligatorio si es España | K43: Obligatorio si es España | L43: Obligatorio si es España | M43: Obligatorio si es España | N43: Obligatorio si es España | O43: Obligatorio si es España | P43: cac:ProcurementProjectLot/cac:ProcurementProject/cac:RealizedLocation/cbc:CountrySubentity | Q43: xsd:String. Máximo 50 caracteres
C44: País | F44: 0..1 | G44: Obligatorio si no es España y recomendado si no lo es. | H44: Obligatorio si no es España y recomendado si no lo es. | I44: Obligatorio si no es España y recomendado si no lo es. | J44: Obligatorio si no es España y recomendado si no lo es. | K44: Obligatorio si no es España y recomendado si no lo es. | L44: Obligatorio si no es España y recomendado si no lo es. | M44: Obligatorio si no es España y recomendado si no lo es. | N44: Obligatorio si no es España y recomendado si no lo es. | O44: Obligatorio si no es España y recomendado si no lo es. | P44: cac:ProcurementProjectLot/cac:ProcurementProject/cac:RealizedLocation/cac:Address/cac:Country/cbc:IdentificationCode | Q44: Valor en codelist http://docs.oasis-open.org/ubl/os-UBL-2.0/cl/gc/default/CountryIdentificationCode-2.0.gc
C45: Calle | F45: 0..1 | G45: Opcional | H45: Opcional | I45: Opcional | J45: Opcional | K45: Opcional | L45: Opcional | M45: Opcional | N45: Opcional | O45: Opcional | P45: cac:ProcurementProjectLot/cac:ProcurementProject/cac:RealizedLocation/cac:Address/cbc:AddressLine | Q45: xsd:string. Máximo 220 caracteres
C46: Código Postal | F46: 0..1 | G46: Opcional | H46: Opcional | I46: Opcional | J46: Opcional | K46: Opcional | L46: Opcional | M46: Opcional | N46: Opcional | O46: Opcional | P46: cac:ProcurementProjectLot/cac:ProcurementProject/cac:RealizedLocation/cac:Address/cbc:PostalZone | Q46: xsd:string. Máximo 5 caracteres numéricos si el país es España, en otro caso 32 máximo caracteres.
C47: Población | F47: 0..1 | G47: Opcional | H47: Opcional | I47: Opcional | J47: Opcional | K47: Opcional | L47: Opcional | M47: Opcional | N47: Opcional | O47: Opcional | P47: cac:ProcurementProjectLot/cac:ProcurementProject/cac:RealizedLocation/cac:Address/cbc:CityName | Q47: xsd:string. Máximo 90 caracteres
A48: Entidad Adjudicadora | F48: 1 | G48: Obligatorio | H48: Obligatorio | I48: Obligatorio | J48: Obligatorio | K48: Obligatorio | L48: Obligatorio | M48: Obligatorio | N48: Obligatorio | P48: cac:ContractingParty | Q48: =VLOOKUP(P48,'Anuncio Previo'!H:I,2,FALSE) -> xsd:complexType
B49: Nombre | F49: 1 | G49: Obligatorio | H49: Obligatorio | I49: Obligatorio | J49: Obligatorio | K49: Obligatorio | L49: Obligatorio | M49: Obligatorio | N49: Obligatorio | P49: cac:ContractingParty/cac:Party/cac:PartyName/cbc:Name | Q49: =VLOOKUP(P49,'Anuncio Previo'!H:I,2,FALSE) -> xsd:string. Máximo 300 caracteres
B50: ID (schemeName=NIF) | F50: 1 | G50: Obligatorio | H50: Obligatorio | I50: Obligatorio | J50: Obligatorio | K50: Obligatorio | L50: Obligatorio | M50: Obligatorio | N50: Obligatorio | O50: Obligatorio | P50: cac:ContractingParty/cac:Party/cac:PartyIdentification/cbc:ID | Q50: =VLOOKUP(P50,'Anuncio Previo'!H:I,2,FALSE) -> xsd:string. Máximo 200 caracteres
B51: ID (schemeName=ID_PLATAFORMA) | F51: 1 | G51: Obligatorio | H51: Obligatorio | I51: Obligatorio | J51: Obligatorio | K51: Obligatorio | L51: Obligatorio | M51: Obligatorio | N51: Obligatorio | O51: Obligatorio | P51: cac:ContractingParty/cac:Party/cac:PartyIdentification/cbc:ID | Q51: =VLOOKUP(P51,'Anuncio Previo'!H:I,2,FALSE) -> xsd:string. Máximo 200 caracteres
B52: Tipo de Administración | F52: 1 | G52: Obligatorio | H52: Obligatorio | I52: Obligatorio | J52: Obligatorio | K52: Obligatorio | L52: Obligatorio | M52: Obligatorio | N52: Obligatorio | O52: Obligatorio | P52: cac:ContractingParty/cbc:ContractingPartyTypeCode | Q52: =VLOOKUP(P52,'Anuncio Previo'!H:I,2,FALSE) -> Valor en codelist ContractingAuthorityCode
B53: Tipo de Entidad Adjudicadora | F53: 0..1 | G53: Opcional | H53: Opcional | I53: Opcional | J53: Opcional | K53: Opcional | L53: Opcional | M53: Opcional | N53: Opcional | O53: Opcional | P53: cac:ContractingParty/cac:Party/cac:PartyIdentification/cbc:ID | Q53: =VLOOKUP(P53,'Anuncio Previo'!H:I,2,FALSE) -> xsd:string. Máximo 200 caracteres
B54: Sitio web | F54: 0..1 | G54: Opcional | H54: Opcional | I54: Opcional | J54: Opcional | K54: Opcional | L54: Opcional | M54: Opcional | N54: Opcional | O54: Opcional | P54: cac:ContractingParty/cac:Party/cbc:WebsiteURI | Q54: =VLOOKUP(P54,'Anuncio Previo'!H:I,2,FALSE) -> xsd:string. Máximo 256 caracteres y debe cumplir patrón URL
B55: Dirección postal | F55: 0..1 | G55: Opcional | H55: Opcional | I55: Opcional | J55: Opcional | K55: Opcional | L55: Opcional | M55: Opcional | N55: Opcional | O55: Opcional | P55: cac:ContractingParty/cac:Party/cac:PostalAddress | Q55: =VLOOKUP(P55,'Anuncio Previo'!H:I,2,FALSE) -> xsd:complexType
C56: Calle | F56: 0..1 | G56: Opcional | H56: Opcional | I56: Opcional | J56: Opcional | K56: Opcional | L56: Opcional | M56: Opcional | N56: Opcional | O56: Opcional | P56: cac:ContractingParty/cac:Party/cac:PostalAddress/cbc:AddressLine | Q56: =VLOOKUP(P56,'Anuncio Previo'!H:I,2,FALSE) -> xsd:string. Máximo 220 caracteres
C57: Código Postal | F57: 0..1 | G57: Opcional | H57: Opcional | I57: Opcional | J57: Opcional | K57: Opcional | L57: Opcional | M57: Opcional | N57: Opcional | O57: Opcional | P57: cac:ContractingParty/cac:Party/cac:PostalAddress/cbc:PostalZone | Q57: =VLOOKUP(P57,'Anuncio Previo'!H:I,2,FALSE) -> xsd:string. Máximo 5 caracteres numéricos si el país es España, en otro caso 32 máximo caracteres.
C58: Población | F58: 0..1 | G58: Opcional | H58: Opcional | I58: Opcional | J58: Opcional | K58: Opcional | L58: Opcional | M58: Opcional | N58: Opcional | O58: Opcional | P58: cac:ContractingParty/cac:Party/cac:PostalAddress/cbc:CityName | Q58: =VLOOKUP(P58,'Anuncio Previo'!H:I,2,FALSE) -> xsd:string. Máximo 90 caracteres
C59: País | F59: 0..1 | G59: Opcional | H59: Opcional | I59: Opcional | J59: Opcional | K59: Opcional | L59: Opcional | M59: Opcional | N59: Opcional | O59: Opcional | P59: cac:ContractingParty/cac:Party/cac:PostalAddress/cac:Country/cbc:IdentificationCode | Q59: =VLOOKUP(P59,'Anuncio Previo'!H:I,2,FALSE) -> Valor en codelist CountryIdentificationCode
B60: Contacto | F60: 0..1 | G60: Opcional | H60: Opcional | I60: Opcional | J60: Opcional | K60: Opcional | L60: Opcional | M60: Opcional | N60: Opcional | O60: Opcional | P60: cac:ContractingParty/cac:Party/cac:Contact | Q60: =VLOOKUP(P60,'Anuncio Previo'!H:I,2,FALSE) -> xsd:complexType
C61: Nombre para contacto | F61: 0..1 | G61: Opcional | H61: Opcional | I61: Opcional | J61: Opcional | K61: Opcional | L61: Opcional | M61: Opcional | N61: Opcional | O61: Opcional | P61: cac:ContractingParty/cac:Party/cac:Contact/cbc:Name | Q61: =VLOOKUP(P61,'Anuncio Previo'!H:I,2,FALSE) -> xsd:string. Máximo 300 caracteres
C62: Teléfono | F62: 0..1 | G62: Opcional | H62: Opcional | I62: Opcional | J62: Opcional | K62: Opcional | L62: Opcional | M62: Opcional | N62: Opcional | O62: Opcional | P62: cac:ContractingParty/cac:Party/cac:Contact/cbc:Telephone | Q62: =VLOOKUP(P62,'Anuncio Previo'!H:I,2,FALSE) -> xsd:string con formato: Prefijo internacional (Opcional si número nacional): signo "+" y máximo 3 dígitos seguido de espacio en blanco. Número: de 9 a 13 dígitos si número nacional y hasta 50 dígitos si es internacional.
C63: Fax | F63: 0..1 | G63: Opcional | H63: Opcional | I63: Opcional | J63: Opcional | K63: Opcional | L63: Opcional | M63: Opcional | N63: Opcional | O63: Opcional | P63: cac:ContractingParty/cac:party/cac:Contact/cbc:Telefax | Q63: =VLOOKUP(P63,'Anuncio Previo'!H:I,2,FALSE) -> xsd:string con formato: Prefijo internacional (Opcional si número nacional): signo "+" y máximo 3 dígitos seguido de espacio en blanco. Número: de 9 a 13 dígitos si número nacional y hasta 50 dígitos si es internacional.
C64: Correo Electrónico | F64: 0..1 | G64: Opcional | H64: Opcional | I64: Opcional | J64: Opcional | K64: Opcional | L64: Opcional | M64: Opcional | N64: Opcional | O64: Opcional | P64: cac:ContractingParty/cac:Party/cac:Contact/cbc:ElectronicMail | Q64: =VLOOKUP(P64,'Anuncio Previo'!H:I,2,FALSE) -> xsd:string. Se valida que sea una dirección de correo electrónico correcta
B65: Responsable | F65: 0..1 | G65: Opcional | H65: Opcional | I65: Opcional | J65: Opcional | K65: Opcional | L65: Opcional | M65: Opcional | N65: Opcional | O65: Opcional | P65: cac:ContractingParty/cac:Party/cac:Person | Q65: =VLOOKUP(P65,'Anuncio Previo'!H:I,2,FALSE) -> xsd:complexType
C66: Cargo | F66: 0..1 | G66: Opcional | H66: Opcional | I66: Opcional | J66: Opcional | K66: Opcional | L66: Opcional | M66: Opcional | N66: Opcional | O66: Opcional | P66: cac:ContractingParty/cac:Party/cac:Person/cbc:JobTitle | Q66: =VLOOKUP(P66,'Anuncio Previo'!H:I,2,FALSE) -> xsd:string. Máximo 250 caracteres
A67: Proceso de licitación | F67: 1 | G67: Obligatorio | H67: Obligatorio | I67: Obligatorio | J67: Obligatorio | K67: Obligatorio | L67: Obligatorio | M67: Obligatorio | N67: Obligatorio | O67: Obligatorio | P67: cac:TenderingProcess | Q67: =VLOOKUP(P67,'Anuncio Previo'!H:I,2,FALSE) -> xsd:complexType
B68: Tipo de procedimiento | F68: 1 | G68: Obligatorio | H68: Obligatorio | I68: Obligatorio | J68: Obligatorio | K68: Obligatorio | L68: Obligatorio | M68: Obligatorio | N68: Obligatorio | O68: Obligatorio | P68: cac:TenderingProcess/cbc:ProcedureCode | Q68: =VLOOKUP(P68,'Anuncio Previo'!H:I,2,FALSE) -> Valor en codelist TenderingProcessCode
B69: Sistema de contratación | F69: 0..1 | G69: Obligatorio | H69: Obligatorio | I69: Obligatorio | J69: Obligatorio | K69: Obligatorio | L69: Obligatorio | M69: Obligatorio | N69: Obligatorio | O69: Obligatorio (Basado en acuerdo Marco) | P69: cac:TenderingProcess/cbc:ContractingSystemCode | Q69: =VLOOKUP(P69,'Anuncio Previo'!H:I,2,FALSE) -> Valor en codelist ContractingSystemTypeCode
B70: Tipo Tramitación | F70: 1 | G70: Obligatorio | H70: Obligatorio | I70: Obligatorio | J70: Obligatorio | K70: Obligatorio | L70: Opcional | M70: Obligatorio | N70: Obligatorio | O70: Obligatorio | P70: cac:TenderingProcess/cbc:UrgencyCode | Q70: =VLOOKUP(P70,'Anuncio Previo'!H:I,2,FALSE) -> Valor en codelist DiligenceTypeCode
B71: Justificación del procedimiento acelerado | F71: 0..1 | G71: Recomendado si tipo de tramitación es Emergencia o Urgencia | H71: Recomendado si tipo de tramitación es Emergencia o Urgencia | I71: Recomendado si tipo de tramitación es Emergencia o Urgencia | J71: Recomendado si tipo de tramitación es Emergencia o Urgencia | K71: Recomendado si tipo de tramitación es Emergencia o Urgencia | L71: Recomendado si tipo de tramitación es Emergencia o Urgencia | M71: Recomendado si tipo de tramitación es Emergencia o Urgencia | N71: Recomendado si tipo de tramitación es Emergencia o Urgencia | O71: Recomendado si tipo de tramitación es Emergencia o Urgencia | P71: cac:TenderingProcess/cbc:AcceleratedProcedureJustification | Q71: xsd:string. Máximo 4.000 caracteres
B72: Tramitación Gasto | F72: 0..1 | G72: Recomendado | H72: Recomendado | I72: Recomendado | J72: Recomendado | K72: Recomendado | L72: Opcional | M72: Recomendado | N72: Recomendado | O72: Recomendado | P72: cac:TenderingProcess/cbc:ExpenseCode | Q72: =VLOOKUP(P72,'Anuncio Previo'!H:I,2,FALSE) -> Valor en codelist ExpenseTypeCode
B73: Presentación de la oferta | F73: 1 | G73: Obligatorio | H73: Obligatorio | I73: Obligatorio | J73: Obligatorio | K73: Obligatorio | L73: Opcional | M73: Obligatorio | N73: Obligatorio | O73: Obligatorio | P73: cac:TenderingProcess/cbc:SubmissionMethodCode | Q73: =VLOOKUP(P73,'Anuncio Previo'!H:I,2,FALSE) -> Valor en codelist TenderDeliveryCode
B74: Regulación armonizada/supera el umbral comunitario | F74: 0..1 | G74: Obligatorio | H74: Obligatorio | I74: Obligatorio | J74: Obligatorio | K74: Obligatorio | L74: Opcional | M74: Obligatorio | N74: Obligatorio | O74: Obligatorio | P74: cac:TenderingProcess/cbc:OverThresholdIndicator | Q74: =VLOOKUP(P74,'Anuncio Previo'!H:I,2,FALSE) -> xsd:boolean
B75: Información Acuerdo Marco | F75: 0.1 | G75: Obligatorio si establecimiento de acuerdo marco | H75: Obligatorio si establecimiento de acuerdo marco | I75: Obligatorio si establecimiento de acuerdo marco | J75: Obligatorio si establecimiento de acuerdo marco | K75: Obligatorio si establecimiento de acuerdo marco | L75: Obligatorio si establecimiento de acuerdo marco | M75: Obligatorio si establecimiento de acuerdo marco | N75: Obligatorio si establecimiento de acuerdo marco | O75: Obligatorio si establecimiento de acuerdo marco | P75: cac:TenderingProcess/cac:FrameworkAgreement
C76: Número Previsto de Operadores | F76: 0.1 | G76: Obligatorio si establecimiento de acuerdo marco | H76: Obligatorio si establecimiento de acuerdo marco | I76: Obligatorio si establecimiento de acuerdo marco | J76: Obligatorio si establecimiento de acuerdo marco | K76: Obligatorio si establecimiento de acuerdo marco | L76: Obligatorio si establecimiento de acuerdo marco | M76: Obligatorio si establecimiento de acuerdo marco | N76: Obligatorio si establecimiento de acuerdo marco | O76: Obligatorio si establecimiento de acuerdo marco | P76: cac:TenderingProcess/cac:FrameworkAgreement/cbc:ExpectedOperatorQuantity | Q76: Valor entero Númerico.
C77: Duración | F77: 0.1 | G77: Opcional | H77: Opcional | I77: Opcional | J77: Opcional | K77: Opcional | L77: Opcional | M77: Opcional | N77: Opcional | O77: Opcional | P77: cac:TenderingProcess/cac:FrameworkAgreement | Q77: xsd:decimal. Máximo 17 dígitos enteros. No se aceptan decimales
C78: Justificación | F78: 0.1 | G78: Opcional | H78: Opcional | I78: Opcional | J78: Opcional | K78: Opcional | L78: Opcional | M78: Opcional | N78: Opcional | O78: Opcional | P78: cac:TenderingProcess/cac:FrameworkAgreement | Q78: xsd:string. Máximo 256 caracteres
C79: Frecuencia | F79: 0.1 | G79: Opcional | H79: Opcional | I79: Opcional | J79: Opcional | K79: Opcional | L79: Opcional | M79: Opcional | N79: Opcional | O79: Opcional | P79: cac:TenderingProcess/cac:FrameworkAgreement | Q79: xsd:string. Máximo 256 caracteres
C80: Importe Medio de Contratos Subsiguientes | F80: 0.1 | G80: Opcional | H80: Opcional | I80: Opcional | J80: Opcional | K80: Opcional | L80: Opcional | M80: Opcional | N80: Opcional | O80: Opcional | P80: cac:ProcurementProject/cac:BudgetAmount/cbc:AverageSubsequentContractAmount | Q80: xsd:decimal. Máximo 10 enteros y 2 decimales
B81: Se debe ofertar a | F81: 0..1 | G81: Obligatorio si lotes | H81: Obligatorio si lotes | I81: Obligatorio si lotes | J81: Obligatorio si lotes | K81: Obligatorio si lotes | L81: N/A | M81: Obligatorio si lotes | N81: Obligatorio si lotes | O81: N/A | P81: cac:TenderingProcess/cbc:PartPresentationCode | Q81: Lista gc TenderPresentationCode
B82: Número de lotes a los que puede ofertar | F82: 0..1 | G82: Recomendado si hay lotes | H82: Recomendado si hay lotes | I82: Recomendado si hay lotes | J82: Recomendado si hay lotes | K82: Recomendado si hay lotes | L82: N/A | M82: Recomendado si hay lotes | N82: Recomendado si hay lotes | O82: N/A | P82: cac:TenderingProcess/cbc:MaximumLotPresentationQuantity | Q82: xsd:integer. Máximo 999
B83: Número máximo de lotes que pueden adjudicarse a un licitador | F83: 0..1 | G83: Recomendado si hay lotes | H83: Recomendado si hay lotes | I83: Recomendado si hay lotes | J83: Recomendado si hay lotes | K83: Recomendado si hay lotes | L83: N/A | M83: Recomendado si hay lotes | N83: Recomendado si hay lotes | O83: N/A | P83: cac:TenderingProcess/cbc:MaximumTendererAwardedLotsQuantity | Q83: xsd:integer. Máximo 999
B84: El poder adjudicador se reserva el derecho de adjudicar contratos que combinen los lotes o grupos siguientes | F84: 0..1 | G84: Recomendado si hay lotes | H84: Recomendado si hay lotes | I84: Recomendado si hay lotes | J84: Recomendado si hay lotes | K84: Recomendado si hay lotes | L84: N/A | M84: Recomendado si hay lotes | N84: Recomendado si hay lotes | O84: N/A | P84: cac:TenderingProcess/cbc:LotsCombinationContractingauthorityRights | Q84: xsd:string. Máximo 400 caracteres
B85: No se dará acceso libre, directo, completo y gratuito a los pliegos por medios electrónicos. Justificación | F85: 0..1 | G85: Opcional | H85: Opcional | I85: Opcional | J85: Opcional | K85: Opcional | L85: Opcional | M85: Opcional | N85: Opcional | O85: Opcional
B86: Plazo de Obtención de Pliegos | F86: 0..1 | G86: Opcional | H86: Opcional | I86: Opcional | J86: Opcional | K86: Opcional | L86: Opcional | M86: Opcional | N86: Opcional | O86: Opcional | P86: cac:TenderingProcess/cac:DocumentAvailabilityPeriod | Q86: =VLOOKUP(P86,'Anuncio Previo'!H:I,2,FALSE) -> xsd:complexType
C87: Fecha | F87: 0..1 | G87: Obligatorio si se indica plazo de obtención de pliegos | H87: Obligatorio si se indica plazo de obtención de pliegos | I87: Obligatorio si se indica plazo de obtención de pliegos | J87: Obligatorio si se indica plazo de obtención de pliegos | K87: Obligatorio si se indica plazo de obtención de pliegos | L87: Obligatorio si se indica plazo de obtención de pliegos | M87: Obligatorio si se indica plazo de obtención de pliegos | N87: Obligatorio si se indica plazo de obtención de pliegos | O87: Obligatorio si se indica plazo de obtención de pliegos | P87: cac:TenderingProcess/cac:DocumentAvailabilityPeriod/cbc:EndDate | Q87: =VLOOKUP(P87,'Anuncio Previo'!H:I,2,FALSE) -> xsd:date
C88: Hora | F88: 0..1 | G88: Obligatorio si se indica plazo de obtención de pliegos | H88: Obligatorio si se indica plazo de obtención de pliegos | I88: Obligatorio si se indica plazo de obtención de pliegos | J88: Obligatorio si se indica plazo de obtención de pliegos | K88: Obligatorio si se indica plazo de obtención de pliegos | L88: Obligatorio si se indica plazo de obtención de pliegos | M88: Obligatorio si se indica plazo de obtención de pliegos | N88: Obligatorio si se indica plazo de obtención de pliegos | O88: Obligatorio si se indica plazo de obtención de pliegos | P88: cac:TenderingProcess/cac:DocumentAvailabilityPeriod/cbc:EndTime | Q88: =VLOOKUP(P88,'Anuncio Previo'!H:I,2,FALSE) -> xsd:time
B89: Plazo de Presentación de Oferta | F89: 0..1 | G89: Obligatorio | H89: Obligatorio | I89: Opcional | J89: Opcional | K89: Obligatorio | L89: Obligatorio | M89: Opcional | N89: Opcional | O89: Opcional | P89: cac:TenderingProcess/cac:TenderSubmissionDeadlinePeriod | Q89: =VLOOKUP(P89,'Anuncio Previo'!H:I,2,FALSE) -> xsd:complexType
C90: Fecha | F90: 0..1 | G90: Obligatorio si no se indica Observaciones | H90: Obligatorio si no se indica Observaciones | I90: Obligatorio si no se indica Observaciones | J90: Obligatorio si no se indica Observaciones | K90: Obligatorio si no se indica Observaciones | L90: Obligatorio si no se indica Observaciones | M90: Obligatorio si no se indica Observaciones | N90: Obligatorio si no se indica Observaciones | O90: Obligatorio si no se indica Observaciones | P90: cac:TenderingProcess/cac:TenderSubmissionDeadlinePeriod/cbc:EndDate | Q90: =VLOOKUP(P90,'Anuncio Previo'!H:I,2,FALSE) -> xsd:date
C91: Hora | F91: 0..1 | G91: Obligatorio si no se indica Observaciones | H91: Obligatorio si no se indica Observaciones | I91: Obligatorio si no se indica Observaciones | J91: Obligatorio si no se indica Observaciones | K91: Obligatorio si no se indica Observaciones | L91: Obligatorio si no se indica Observaciones | M91: Obligatorio si no se indica Observaciones | N91: Obligatorio si no se indica Observaciones | O91: Obligatorio si no se indica Observaciones | P91: cac:TenderingProcess/cac:TenderSubmissionDeadlinePeriod/cbc:EndTime | Q91: =VLOOKUP(P91,'Anuncio Previo'!H:I,2,FALSE) -> xsd:time
C92: Observaciones | F92: 0..1 | G92: Obligatorio si no se indica Fecha y Hora | H92: Obligatorio si no se indica Fecha y Hora | I92: Obligatorio si no se indica Fecha y Hora | J92: Obligatorio si no se indica Fecha y Hora | K92: Obligatorio si no se indica Fecha y Hora | L92: Obligatorio si no se indica Fecha y Hora | M92: Obligatorio si no se indica Fecha y Hora | N92: Obligatorio si no se indica Fecha y Hora | O92: Obligatorio si no se indica Fecha y Hora | P92: cac:TenderingProcess/cac:TenderSubmissionDeadlinePeriod/cbc:Description | Q92: =VLOOKUP(P92,'Anuncio Previo'!H:I,2,FALSE) -> xsd:string. Máximo 550 caracteres
B93: Plazo de Presentación de Solicitudes de Participación | F93: 0..1 | G93: N.A. | H93: N.A. | I93: Obligatorio | J93: Obligatorio | K93: N/A | L93: N/A | M93: Obligatorio | N93: Opcional | O93: Opcional | P93: cac:TenderingProcess/cac:ParticipationRequestReceptionPeriod | Q93: =VLOOKUP(P93,'Anuncio Previo'!H:I,2,FALSE) -> xsd:complexType
C94: Fecha | F94: ??? | G94: N.A. | H94: N.A. | I94: Obligatorio | J94: Obligatorio | K94: N/A | L94: N/A | M94: Obligatorio | N94: Obligatorio si se indica plazo de presentación de solicitudes | O94: Obligatorio si se indica plazo de presentación de solicitudes | P94: cac:TenderingProcess/cac:ParticipationRequestReceptionPeriod/cbc:EndDate | Q94: =VLOOKUP(P94,'Anuncio Previo'!H:I,2,FALSE) -> xsd:date
C95: Hora | F95: ??? | G95: N.A. | H95: N.A. | I95: Obligatorio | J95: Obligatorio | K95: N/A | L95: N/A | M95: Obligatorio | N95: Obligatorio si se indica plazo de presentación de solicitudes | O95: Obligatorio si se indica plazo de presentación de solicitudes | P95: cac:TenderingProcess/cac:ParticipationRequestReceptionPeriod/cbc:EndTime | Q95: =VLOOKUP(P95,'Anuncio Previo'!H:I,2,FALSE) -> xsd:time
B96: Fecha prevista de envío de invitaciones | F96: 0..1 | G96: N.A. | H96: N.A. | I96: Opcional | J96: Opcional | K96: Opcional | L96: Opcional | M96: Opcional | N96: Opcional | O96: Opcional | P96: cac:TenderingProcess/cac:InvitationSubmissionPeriod | Q96: xsd:complexType
C97: Fecha | F97: ??? | G97: N.A. | H97: N.A. | I97: Opcional | J97: Opcional | K97: Opcional | L97: Opcional | M97: Opcional | N97: Opcional | O97: Opcional | P97: cac:TenderingProcess/cac:InvitationSubmissionPeriod/cbc:EndDate | Q97: xsd:date
C98: Hora | F98: ??? | G98: N.A. | H98: N.A. | I98: Opcional | J98: Opcional | K98: Opcional | L98: Opcional | M98: Opcional | N98: Opcional | O98: Opcional | P98: cac:TenderingProcess/cac:InvitationSubmissionPeriod/cbc:EndTime | Q98: xsd:time
B99: Eventos | F99: 0..n | G99: Recomendado | H99: Recomendado | I99: Opcional | J99: Opcional | K99: Opcional | L99: Opcional | M99: Opcional | N99: Opcional | O99: Opcional | P99: cac:TenderingProcess/cac:OpenTenderEvent | Q99: =VLOOKUP(P99,'Anuncio Previo'!H:I,2,FALSE) -> xsd:complexType
C100: Tipo de evento | F100: 1 | G100: Obligatorio si se indica evento | H100: Obligatorio si se indica evento | I100: Obligatorio si se indica evento | J100: Obligatorio si se indica evento | K100: Obligatorio si se indica evento | L100: Obligatorio si se indica evento | M100: Obligatorio si se indica evento | N100: Obligatorio si se indica evento | O100: Obligatorio si se indica evento | P100: cac:TenderingProcess/cac:OpenTenderEvent/cbc:TypeCode | Q100: =VLOOKUP(P100,'Anuncio Previo'!H:I,2,FALSE) -> Valor en codelist EventTypeCode
...

Sheet Anuncio Desierto
A1: DATO | F1: Cardinalidad | G1: Abierto | H1: Abierto Simplificado | I1: Restringido | J1: Negociado con publicidad Licitación con negociación | K1: Negociado Sin Publicidad | L1: Contrato Menor | M1: Diálogo Competitivo | N1: Normas Internas | O1: Basado en Acuerdo Marco | P1: Mapeo CODICE | Q1: Tipo de dato
A2: Identificador de Versión UBL | F2: 1 | G2: Obligatorio | H2: Obligatorio | I2: Obligatorio | J2: Obligatorio | K2: Obligatorio | L2: Obligatorio | M2: Obligatorio | N2: Obligatorio | O2: Obligatorio | P2: cbc:UBLVersionID | Q2: =VLOOKUP(P2,'Anuncio Previo'!H:I,2,FALSE) -> xsd:string. Valor "CODICE 2.05"
A3: Identificador de Personalización | F3: 1 | G3: Obligatorio | H3: Obligatorio | I3: Obligatorio | J3: Obligatorio | K3: Obligatorio | L3: Obligatorio | M3: Obligatorio | N3: Obligatorio | O3: Obligatorio | P3: cbc:CustomizationID | Q3: =VLOOKUP(P3,'Anuncio Previo'!H:I,2,FALSE) -> xsd:string. Valor "2.1"
A4: Identificador de Perfil | F4: 1 | G4: Obligatorio | H4: Obligatorio | I4: Obligatorio | J4: Obligatorio | K4: Obligatorio | L4: Obligatorio | M4: Obligatorio | N4: Obligatorio | O4: Obligatorio | P4: cbc:ProfileID | Q4: =VLOOKUP(P4,'Anuncio Previo'!H:I,2,FALSE) -> xsd:string. Valor "CiP 1.12"
A5: Identificador de copia | F5: 0..1 | G5: Opcional | H5: Opcional | I5: Opcional | J5: Opcional | K5: Opcional | L5: Opcional | M5: Opcional | N5: Opcional | O5: Opcional | P5: cbc:CopyIndicator | Q5: =VLOOKUP(P5,'Anuncio Previo'!H:I,2,FALSE) -> xsd:boolean
A6: Indicador de anuncio | F6: 1 | G6: Obligatorio | H6: Obligatorio | I6: Obligatorio | J6: Obligatorio | K6: Obligatorio | L6: Obligatorio | M6: Obligatorio | N6: Obligatorio | O6: Obligatorio | P6: cbc:ID | Q6: =VLOOKUP(P6,'Anuncio Previo'!H:I,2,FALSE) -> xsd:String(200)
A7: Identificador Universal Único | F7: 0..1 | G7: Opcional | H7: Opcional | I7: Opcional | J7: Opcional | K7: Opcional | L7: Opcional | M7: Opcional | N7: Opcional | O7: Opcional | P7: cbc:UUID | Q7: =VLOOKUP(P7,'Anuncio Previo'!H:I,2,FALSE) -> xsd:String(100)
A8: Número de Expediente | F8: 1 | G8: Obligatorio | H8: Obligatorio | I8: Obligatorio | J8: Obligatorio | K8: Obligatorio | L8: Obligatorio | M8: Obligatorio | N8: Obligatorio | O8: Obligatorio | P8: cbc:ContractFolderID | Q8: =VLOOKUP(P8,'Anuncio Previo'!H:I,2,FALSE) -> xsd:string(50)
A9: Fecha de Emisión | F9: 1 | G9: Obligatorio | H9: Obligatorio | I9: Obligatorio | J9: Obligatorio | K9: Obligatorio | L9: Obligatorio | M9: Obligatorio | N9: Obligatorio | O9: Obligatorio | P9: cbc:IssueDate | Q9: =VLOOKUP(P9,'Anuncio Previo'!H:I,2,FALSE) -> xsd:date
A10: Hora de Emisión | F10: 1 | G10: Obligatorio | H10: Obligatorio | I10: Obligatorio | J10: Obligatorio | K10: Obligatorio | L10: Obligatorio | M10: Obligatorio | N10: Obligatorio | O10: Obligatorio | P10: cbc:IssueTime | Q10: =VLOOKUP(P10,'Anuncio Previo'!H:I,2,FALSE) -> xsd:time
A11: Texto del acuerdo | F11: 0..1 | G11: Opcional | H11: Opcional | I11: Opcional | J11: Opcional | K11: Opcional | L11: Opcional | M11: Opcional | N11: Opcional | O11: Opcional | P11: cbc:Note. | Q11: xsd:string. Máximo 4500 caracteres
A12: Acta del acuerdo | F12: 0..1 | G12: Opcional | H12: Opcional | I12: Opcional | J12: Opcional | K12: Opcional | L12: Opcional | M12: Opcional | N12: Opcional | O12: Opcional | P12: cac:MinutesDocumentReference | Q12: xsd:complexType
A13: Proyecto de compra | F13: 1 | G13: Obligatorio | H13: Obligatorio | I13: Obligatorio | J13: Obligatorio | K13: Obligatorio | L13: Obligatorio | M13: Obligatorio | N13: Obligatorio | O13: Obligatorio | P13: cac:ProcurementProject | Q13: =VLOOKUP(P13,'Anuncio Previo'!H:I,2,FALSE) -> xsd:complexType
B14: Objeto del Contrato | F14: 1 | G14: Obligatorio | H14: Obligatorio | I14: Obligatorio | J14: Obligatorio | K14: Obligatorio | L14: Obligatorio | M14: Obligatorio | N14: Obligatorio | O14: Obligatorio | P14: cac:ProcurementProject/cbc:Name | Q14: =VLOOKUP(P14,'Anuncio Previo'!H:I,2,FALSE) -> xsd:string(1700), 400 si se envia a DOUE
B15: valor estimado del contrato | F15: 0..1 | G15: Obligatorio | H15: Obligatorio | I15: Obligatorio | J15: Obligatorio | K15: Obligatorio | L15: Opcional | M15: Obligatorio | N15: Obligatorio | O15: Obligatorio | P15: cac:ProcurementProject/cac:BudgetAmount/cbc:EstimatedOverallContractAmount | Q15: =VLOOKUP(P15,'Anuncio Previo'!H:I,2,FALSE) -> xsd:decimal. Máximo 10 enteros y 2 decimales
B16: Presupuesto base con impuestos | F16: 0..1 | G16: Obligatorio | H16: Obligatorio | I16: Obligatorio | J16: Obligatorio | K16: Obligatorio | L16: Obligatorio | M16: Obligatorio | N16: Obligatorio | O16: Obligatorio | P16: cac:ProcurementProject/cac:BudgetAmount/cbc:TotalAmount | Q16: =VLOOKUP(P16,'Anuncio Previo'!H:I,2,FALSE) -> xsd:decimal. Máximo 10 enteros y 2 decimales
B17: Presupuesto base sin impuestos | F17: 0..1 | G17: Obligatorio | H17: Obligatorio | I17: Obligatorio | J17: Obligatorio | K17: Obligatorio | L17: Obligatorio | M17: Obligatorio | N17: Obligatorio | O17: Obligatorio | P17: cac:ProcurementProject/cac:BudgetAmount/cbc:TaxExclusiveAmount | Q17: =VLOOKUP(P17,'Anuncio Previo'!H:I,2,FALSE) -> xsd:decimal. Máximo 10 enteros y 2 decimales
B18: Clasificación CPV | F18: 0..n | G18: Obligatorio | H18: Obligatorio | I18: Obligatorio | J18: Obligatorio | K18: Obligatorio | L18: Opcional | M18: Obligatorio | N18: Obligatorio | O18: Obligatorio | P18: cac:ProcurementProject/cac:RequiredCommodityClassification/cbc:ItemClassificationCode | Q18: =VLOOKUP(P18,'Anuncio Previo'!H:I,2,FALSE) -> Valor en codelist CPV CPV principal en funcion del tipo de contrato: - tipo de contrato “Suministros” códigos CPV que comienzan con 0 hasta los que empiezan por 44 más los que comienzan con 48. - tipo de contrato “Obras” se corresponde con los CPV que empiezan por 45. - tipo de contrato “Servicios” se corresponde con los CPV que empiezan por 49 hasta los que comienzan con 98.
B19: Tipo de Contrato | F19: 1 | G19: Obligatorio | H19: Obligatorio | I19: Obligatorio | J19: Obligatorio | K19: Obligatorio | L19: Obligatorio | M19: Obligatorio | N19: Obligatorio | O19: Obligatorio | P19: cac:ProcurementProject/cbc:TypeCode | Q19: =VLOOKUP(P19,'Anuncio Previo'!H:I,2,FALSE) -> Valor en codelist ContractCode
B20: Subtipo de contrato | F20: 0..1 | G20: Obligatorio dependiendo del tipo de contrato | H20: Obligatorio dependiendo del tipo de contrato | I20: Obligatorio dependiendo del tipo de contrato | J20: Obligatorio dependiendo del tipo de contrato | K20: Obligatorio dependiendo del tipo de contrato | L20: Obligatorio dependiendo del tipo de contrato | M20: Obligatorio dependiendo del tipo de contrato | N20: Obligatorio dependiendo del tipo de contrato | O20: Obligatorio dependiendo del tipo de contrato | P20: cac:ProcurementProject/cbc:SubTypeCode | Q20: =VLOOKUP(P20,'Anuncio Previo'!H:I,2,FALSE) -> Valor en codelist GoodsContractCode; ServiceContractCode; WorksContractCode; PublicPrivateCollaborationContractTypeCode PatrimonialContractCode según el tipo de contrato
B21: Plazo de ejecución | F21: 0..1 | G21: Obligatorio | H21: Obligatorio | I21: Obligatorio | J21: Obligatorio | K21: Obligatorio | L21: Obligatorio | M21: Obligatorio | N21: Obligatorio | O21: Obligatorio | P21: cac:ProcurementProject/cac:PlannedPeriod | Q21: =VLOOKUP(P21,'Anuncio Previo'!H:I,2,FALSE) -> xsd:complexType
C22: Fecha de Inicio | F22: 0..1 | G22: Fecha de Inicio y (Fecha final o Duración) | H22: Fecha de Inicio y (Fecha final o Duración) | I22: Fecha de Inicio y (Fecha final o Duración) | J22: Fecha de Inicio y (Fecha final o Duración) | K22: Fecha de Inicio y (Fecha final o Duración) | L22: Fecha de Inicio y (Fecha final o Duración) | M22: Fecha de Inicio y (Fecha final o Duración) | N22: Fecha de Inicio y (Fecha final o Duración) | O22: Fecha de Inicio y (Fecha final o Duración) | P22: cac:ProcurementProject/cac:PlannedPeriod/cbc:StartDate | Q22: =VLOOKUP(P22,'Anuncio Previo'!H:I,2,FALSE) -> xsd:date
C23: Fecha Final | F23: 0..1 | G23: Fecha de Inicio y Fecha final | H23: Fecha de Inicio y Fecha final | I23: Fecha de Inicio y Fecha final | J23: Fecha de Inicio y Fecha final | K23: Fecha de Inicio y Fecha final | L23: Fecha de Inicio y Fecha final | M23: Fecha de Inicio y Fecha final | N23: Fecha de Inicio y Fecha final | O23: Fecha de Inicio y Fecha final | P23: cac:ProcurementProject/cac:PlannedPeriod/cbc:EndDate | Q23: =VLOOKUP(P23,'Anuncio Previo'!H:I,2,FALSE) -> xsd:date
C24: Duración | F24: 0..1 | G24: Fecha de Inicio y Duración | H24: Fecha de Inicio y Duración | I24: Fecha de Inicio y Duración | J24: Fecha de Inicio y Duración | K24: Fecha de Inicio y Duración | L24: Fecha de Inicio y Duración | M24: Fecha de Inicio y Duración | N24: Fecha de Inicio y Duración | O24: Fecha de Inicio y Duración | P24: cac:ProcurementProject/cac:PlannedPeriod/cbc:DurationMeasure | Q24: =VLOOKUP(P24,'Anuncio Previo'!H:I,2,FALSE) -> xsd:decimal. Máximo 17 dígitos enteros. No se aceptan decimales
B25: Lugar de ejecución | F25: 0..1 | G25: Obligatorio | H25: Obligatorio | I25: Obligatorio | J25: Obligatorio | K25: Obligatorio | L25: Obligatorio | M25: Obligatorio | N25: Obligatorio | O25: Obligatorio | P25: cac:ProcurementProject/cac:RealizedLocation | Q25: =VLOOKUP(P25,'Anuncio Previo'!H:I,2,FALSE) -> xsd:complexType
C26: Código de Subentidad Nacional | F26: 0..1 | G26: Obligatorio si es España | H26: Obligatorio si es España | I26: Obligatorio si es España | J26: Obligatorio si es España | K26: Obligatorio si es España | L26: Obligatorio si es España | M26: Obligatorio si es España | N26: Obligatorio si es España | O26: Obligatorio si es España | P26: cac:ProcurementProject/cac:RealizedLocation/cbc:CountrySubentityCode | Q26: =VLOOKUP(P26,'Anuncio Previo'!H:I,2,FALSE) -> Valor en codelist NUTS
C27: Subentidad Territorial | F27: 0..1 | G27: Obligatorio si es España | H27: Obligatorio si es España | I27: Obligatorio si es España | J27: Obligatorio si es España | K27: Obligatorio si es España | L27: Obligatorio si es España | M27: Obligatorio si es España | N27: Obligatorio si es España | O27: Obligatorio si es España | P27: cac:ProcurementProject/cac:RealizedLocation/cbc:CountrySubentity | Q27: =VLOOKUP(P27,'Anuncio Previo'!H:I,2,FALSE) -> xsd:String. Máximo 50 caracteres - Texto de Código de Subentidad Nacional en gc NUTs
C28: País | F28: 0..1 | G28: Obligatorio si no es España y recomendado si lo es. | H28: Obligatorio si no es España y recomendado si lo es. | I28: Obligatorio si no es España y recomendado si lo es. | J28: Obligatorio si no es España y recomendado si lo es. | K28: Obligatorio si no es España y recomendado si lo es. | L28: Obligatorio si no es España y recomendado si lo es. | M28: Obligatorio si no es España y recomendado si lo es. | N28: Obligatorio si no es España y recomendado si lo es. | O28: Obligatorio si no es España y recomendado si lo es. | P28: cac:ProcurementProject/cac:RealizedLocation/cac:Address/cac:Country/cbc:IdentificationCode | Q28: =VLOOKUP(P28,'Anuncio Previo'!H:I,2,FALSE) -> Valor en codelist CountryIdentificationCode
C29: Calle | F29: 0..1 | G29: Opcional | H29: Opcional | I29: Opcional | J29: Opcional | K29: Opcional | L29: Opcional | M29: Opcional | N29: Opcional | O29: Opcional | P29: cac:ProcurementProject/cac:RealizedLocation/cac:Address/cbc:AddressLine | Q29: =VLOOKUP(P29,'Anuncio Previo'!H:I,2,FALSE) -> xsd:string. Máximo 220 caracteres
C30: Código Postal | F30: 0..1 | G30: Opcional | H30: Opcional | I30: Opcional | J30: Opcional | K30: Opcional | L30: Opcional | M30: Opcional | N30: Opcional | O30: Opcional | P30: cac:ProcurementProject/cac:RealizedLocation/cac:Address/cbc:PostalZone | Q30: =VLOOKUP(P30,'Anuncio Previo'!H:I,2,FALSE) -> xsd:string. Máximo 5 caracteres numéricos si el país es España, en otro caso 32 máximo caracteres.
C31: Población | F31: 0..1 | G31: Opcional | H31: Opcional | I31: Opcional | J31: Opcional | K31: Opcional | L31: Opcional | M31: Opcional | N31: Opcional | P31: cac:ProcurementProject/cac:RealizedLocation/cac:Address/cbc:CityName | Q31: =VLOOKUP(P31,'Anuncio Previo'!H:I,2,FALSE) -> xsd:string. Máximo 90 caracteres
B32: Extensión de Contrato | F32: 0..1 | G32: Opcional | H32: Opcional | I32: Opcional | J32: Opcional | K32: Opcional | L32: Opcional | M32: Opcional | N32: Opcional | O32: Opcional | P32: cac:ProcurementProject/cac:ContractExtension | Q32: =VLOOKUP(P32,'Anuncio Previo'!H:I,2,FALSE) -> xsd:complexType
C33: Opciones | F33: 0..1 | G33: Opcional | H33: Opcional | I33: Opcional | J33: Opcional | K33: Opcional | L33: Opcional | M33: Opcional | N33: Opcional | P33: cac:ProcurementProject/cac:ContractExtension/cbc:OptionsDescription | Q33: =VLOOKUP(P33,'Anuncio Previo'!H:I,2,FALSE) -> xsd:string. Máximo 256 caracteres
C34: Periodo de validez de las opciones | F34: 0..1 | G34: Opcional | H34: Opcional | I34: Opcional | J34: Opcional | K34: Opcional | L34: Opcional | M34: Opcional | N34: Opcional | P34: cac:ProcurementProject/cac:ContractExtension/cac:OptionValidityPeriod/cbc:Description | Q34: =VLOOKUP(P34,'Anuncio Previo'!H:I,2,FALSE) -> xsd:string. Máximo 256 caracteres
A35: Lotes | F35: 0..n | G35: Obligatorio si hay lotes | H35: Obligatorio si hay lotes | I35: Obligatorio si hay lotes | J35: Obligatorio si hay lotes | K35: Obligatorio si hay lotes | L35: Obligatorio si hay lotes | M35: Obligatorio si hay lotes | N35: Obligatorio si hay lotes | O35: Obligatorio si hay lotes | P35: cac:ProcurementProjectLot | Q35: =VLOOKUP(P35,'Anuncio Previo'!H:I,2,FALSE) -> xsd:complexType
B36: Número de lote | F36: 1 | G36: Obligatorio | H36: Obligatorio | I36: Obligatorio | J36: Obligatorio | K36: Obligatorio | L36: Obligatorio | M36: Obligatorio | N36: Obligatorio | O36: Obligatorio | P36: cac:ProcurementProjectLot/cbc:ID | Q36: =VLOOKUP(P36,'Anuncio Previo'!H:I,2,FALSE) -> Máximo 3 caracteres numéricos
B37: Objeto | F37: 1 | G37: Obligatorio | H37: Obligatorio | I37: Obligatorio | J37: Obligatorio | K37: Obligatorio | L37: Obligatorio | M37: Obligatorio | N37: Obligatorio | O37: Obligatorio | P37: cac:ProcurementProjectLot/cac:ProcurementProject/cbc:Name | Q37: =VLOOKUP(P37,'Anuncio Previo'!H:I,2,FALSE) -> xsd:string. Máximo 1700 caracteres
B38: Importe sin impuestos | F38: 1 | G38: Obligatorio | H38: Obligatorio | I38: Obligatorio | J38: Obligatorio | K38: Obligatorio | L38: Obligatorio | M38: Obligatorio | N38: Obligatorio | O38: Obligatorio | P38: cac:ProcurementProjectLot/cac:ProcurementProject/cac:BudgetAmount/cbc:TotalAmount | Q38: =VLOOKUP(P38,'Anuncio Previo'!H:I,2,FALSE) -> xsd:decimal. Máximo 10 enteros y 2 decimales
B39: Importe con impuestos | F39: 1 | G39: Obligatorio | H39: Obligatorio | I39: Obligatorio | J39: Obligatorio | K39: Obligatorio | L39: Obligatorio | M39: Obligatorio | N39: Obligatorio | O39: Obligatorio | P39: cac:ProcurementProjectLot/cac:ProcurementProject/cac:BudgetAmount/cbc:TaxExclusiveAmount | Q39: =VLOOKUP(P39,'Anuncio Previo'!H:I,2,FALSE) -> xsd:decimal. Máximo 10 enteros y 2 decimales
B40: Clasificación CPV | F40: 0..n | G40: Obligatorio | H40: Obligatorio | I40: Obligatorio | J40: Obligatorio | K40: Obligatorio | L40: Opcional | M40: Obligatorio | N40: Obligatorio | O40: Obligatorio | P40: cac:ProcurementProjectLot/cac:ProcurementProject/cac:RequiredCommodityClassification/cbc:ItemClassificationCode | Q40: =VLOOKUP(P40,'Anuncio Previo'!H:I,2,FALSE) -> Valor en codelist CPV
B41: Lugar de ejecución | F41: 0..1 | G41: Obligatorio | H41: Obligatorio | I41: Obligatorio | J41: Obligatorio | K41: Obligatorio | L41: Obligatorio | M41: Obligatorio | N41: Obligatorio | O41: Obligatorio | P41: cac:ProcurementProjectLot/cac:ProcurementProject/cac:RealizedLocation | Q41: xsd:complexType
C42: Código de Subentidad Nacional | F42: 0..1 | G42: Obligatorio si es España | H42: Obligatorio si es España | I42: Obligatorio si es España | J42: Obligatorio si es España | K42: Obligatorio si es España | L42: Obligatorio si es España | M42: Obligatorio si es España | N42: Obligatorio si es España | O42: Obligatorio si es España | P42: cac:ProcurementProjectLot/cac:ProcurementProject/cac:RealizedLocation/cbc:CountrySubentityCode | Q42: Valor en http://contrataciondelestado.es/codice/cl/2.0/NUTS-2009.gc
C43: Subentidad Territorial | F43: 0..1 | G43: Obligatorio si es España | H43: Obligatorio si es España | I43: Obligatorio si es España | J43: Obligatorio si es España | K43: Obligatorio si es España | L43: Obligatorio si es España | M43: Obligatorio si es España | N43: Obligatorio si es España | O43: Obligatorio si es España | P43: cac:ProcurementProjectLot/cac:ProcurementProject/cac:RealizedLocation/cbc:CountrySubentity | Q43: xsd:String. Máximo 50 caracteres
C44: País | F44: 0..1 | G44: Obligatorio si no es España y recomendado si no lo es. | H44: Obligatorio si no es España y recomendado si no lo es. | I44: Obligatorio si no es España y recomendado si no lo es. | J44: Obligatorio si no es España y recomendado si no lo es. | K44: Obligatorio si no es España y recomendado si no lo es. | L44: Obligatorio si no es España y recomendado si no lo es. | M44: Obligatorio si no es España y recomendado si no lo es. | N44: Obligatorio si no es España y recomendado si no lo es. | O44: Obligatorio si no es España y recomendado si no lo es. | P44: cac:ProcurementProjectLot/cac:ProcurementProject/cac:RealizedLocation/cac:Address/cac:Country/cbc:IdentificationCode | Q44: Valor en codelist http://docs.oasis-open.org/ubl/os-UBL-2.0/cl/gc/default/CountryIdentificationCode-2.0.gc
C45: Calle | F45: 0..1 | G45: Opcional | H45: Opcional | I45: Opcional | J45: Opcional | K45: Opcional | L45: Opcional | M45: Opcional | N45: Opcional | O45: Opcional | P45: cac:ProcurementProjectLot/cac:ProcurementProject/cac:RealizedLocation/cac:Address/cbc:AddressLine | Q45: xsd:string. Máximo 220 caracteres
C46: Código Postal | F46: 0..1 | G46: Opcional | H46: Opcional | I46: Opcional | J46: Opcional | K46: Opcional | L46: Opcional | M46: Opcional | N46: Opcional | O46: Opcional | P46: cac:ProcurementProjectLot/cac:ProcurementProject/cac:RealizedLocation/cac:Address/cbc:PostalZone | Q46: xsd:string. Máximo 5 caracteres numéricos si el país es España, en otro caso 32 máximo caracteres.
C47: Población | F47: 0..1 | G47: Opcional | H47: Opcional | I47: Opcional | J47: Opcional | K47: Opcional | L47: Opcional | M47: Opcional | N47: Opcional | O47: Opcional | P47: cac:ProcurementProjectLot/cac:ProcurementProject/cac:RealizedLocation/cac:Address/cbc:CityName | Q47: xsd:string. Máximo 90 caracteres
